Workbook

Sheet Orçamento Sintético
D1: CONSTRUTORA SOUSA CAMPOS: 19.175.657/0001-18 | E1: Bancos | G1: B.D.I. | I1: Encargos Sociais
D2: OBRA: CONTRATAÇÃO DE EMPRESA PARA CONSTRUÇÃO DE UMA ESCOLA COM 06 (SEIS) SALAS DE AULA NO MUNICÍPIO DE MOGEIRO–PB | E2: SINAPI - 04/2023 SBC - 05/2023 ORSE - 05/2023 SEINFRA - 05/2021 | G2: 22,47% | I2: ORSE 111,93 / 71,07 SBC 113,45 / - SEINFRA 112,76 / 71,07 SINAPI 113,42 / 69,75 PROPRIA
A3: PLANILHA ORÇAMENTÁRIA | O3: FEVEREIRO - MEDIÇÃO 01 | U3: MARÇO/ABRIL - MEDIÇÃO 02 | AA3: MAIO - MEDIÇÃO 03 | AI3: JUNHO - MEDIÇÃO 03
A4: Item | B4: Código | C4: Banco | D4: Descrição | E4: Und | F4: Quant. | G4: Valor Unit | H4: Valor Unit com BDI | I4: Total | J4: Peso (%) | K4: Preço Contratado | L4: Ajuste INCC MAI/25 10,99% | M4: Preço Ajustado | N4: Valor total | O4: MEDIÇÃO | Q4: ACUMULADO | S4: SALDO | U4: MEDIÇÃO | W4: ACUMULADO | Y4: SALDO | AA4: META | AC4: MEDIÇÃO | AE4: ACUMULADO | AG4: SALDO | AI4: META | AK4: MEDIÇÃO | AM4: ACUMULADO | AO4: SALDO
O5: QUANT. | P5: VALOR | Q5: UNIDADE | R5: % | S5: UNIDADE | T5: VALOR | U5: QUANT. | V5: VALOR | W5: UNIDADE | X5: % | Y5: UNIDADE | Z5: VALOR | AA5: QUANT. | AB5: VALOR | AC5: QUANT. | AD5: VALOR | AE5: UNIDADE | AF5: % | AG5: UNIDADE | AH5: VALOR | AI5: QUANT. | AJ5: VALOR | AK5: QUANT. | AL5: VALOR | AM5: UNIDADE | AN5: % | AO5: UNIDADE | AP5: VALOR
A6: 1 | D6: SERVIÇOS PRELIMINARES | I6: 73151.73 | J6: 0.05221394 | P6: =SUM(P7:P16) -> 53166.7 | T6: =SUM(T7:T16) -> 19985.034 | Z6: =SUM(Z7:Z16) -> 2684.739 | AH6: =SUM(AH7:AH16) -> 2684.739 | AP6: =SUM(AP7:AP16) -> -28325.691
A7: 1.1 | B7: 51 | C7: ORSE | D7: Placa de obra em chapa aço galvanizado, instalada - Rev 02_01/2022 | E7: m² | F7: 10 | G7: 254.25 | H7: 311.37 | I7: 3113.7 | J7: 0.0022224839 | O7: 10 | P7: =O7*H7 -> 3113.7 | Q7: =O7 -> 10 | R7: =Q7/F7 -> 1 | S7: =F7-Q7 -> 0 | T7: =S7*H7 -> 0 | V7: =U7*H7 -> 0 | W7: =Q7+U7 -> 10 | X7: =W7/$F$8 -> 0.056818182 | Y7: =F7-W7 -> 0 | Z7: =Y7*H7 -> 0 | AB7: =AA7*H7 -> 0 | AE7: =W7+AC7 -> 10 | AF7: =AE7/$F$8 -> 0.056818182 | AG7: =F7-AE7 -> 0 | AH7: =AG7*H7 -> 0 | AJ7: =AI7*T7 -> 0 | AM7: =AE7+AK7 -> 10 | AN7: =AM7/$F$8 -> 0.056818182 | AO7: =F7-AM7 -> 0 | AP7: =AO7*H7 -> 0
A8: 1.2 | B8: 98458 | C8: SINAPI | D8: TAPUME COM COMPENSADO DE MADEIRA. AF_05/2018 | E8: m² | F8: 176 | G8: 75.78 | H8: 92.8 | I8: 16332.8 | J8: 0.011657959 | O8: 176 | P8: =O8*H8 -> 16332.8 | Q8: =O8 -> 176 | R8: =Q8/F8 -> 1 | S8: =F8-Q8 -> 0 | T8: =S8*H8 -> 0 | V8: =U8*H8 -> 0 | W8: =Q8+U8 -> 176 | X8: =W8/$F$8 -> 1 | Y8: =F8-W8 -> 0 | Z8: =Y8*H8 -> 0 | AB8: =AA8*H8 -> 0 | AE8: =W8+AC8 -> 176 | AF8: =AE8/$F$8 -> 1 | AG8: =F8-AE8 -> 0 | AH8: =AG8*H8 -> 0 | AJ8: =AI8*T8 -> 0 | AM8: =AE8+AK8 -> 176 | AN8: =AM8/$F$8 -> 1 | AO8: =F8-AM8 -> 0 | AP8: =AO8*H8 -> 0
A9: 1.3 | B9: C2850 | C9: SEINFRA | D9: INSTALAÇÕES PROVISÓRIAS DE LUZ , FORÇA,TELEFONE E LÓGICA | E9: UN | F9: 1 | G9: 931.54 | H9: 1140.85 | I9: 1140.85 | J9: 0.00081431121 | P9: =O9*H9 -> 0 | Q9: =O9 -> 0 | R9: =Q9/F9 -> 0 | S9: =F9-Q9 -> 1 | T9: =S9*H9 -> 1140.85 | U9: 1 | V9: =U9*H9 -> 1140.85 | W9: =Q9+U9 -> 1 | X9: =W9/$F$8 -> 0.0056818182 | Y9: =F9-W9 -> 0 | Z9: =Y9*H9 -> 0 | AB9: =AA9*H9 -> 0 | AE9: =W9+AC9 -> 1 | AF9: =AE9/$F$8 -> 0.0056818182 | AG9: =F9-AE9 -> 0 | AH9: =AG9*H9 -> 0 | AJ9: =AI9*T9 -> 0 | AM9: =AE9+AK9 -> 1 | AN9: =AM9/$F$8 -> 0.0056818182 | AO9: =F9-AM9 -> 0 | AP9: =AO9*H9 -> 0
A10: 1.4 | B10: 93214 | C10: SINAPI | D10: EXECUÇÃO DE RESERVATÓRIO ELEVADO DE ÁGUA (1000 LITROS) EM CANTEIRO DE OBRA, APOIADO EM ESTRUTURA DE MADEIRA. AF_02/2016_PA | E10: UN | F10: 1 | G10: 3683.51 | H10: 4511.19 | I10: 4511.19 | J10: 0.0032199786 | P10: =O10*H10 -> 0 | Q10: =O10 -> 0 | R10: =Q10/F10 -> 0 | S10: =F10-Q10 -> 1 | T10: =S10*H10 -> 4511.19 | U10: 1 | V10: =U10*H10 -> 4511.19 | W10: =Q10+U10 -> 1 | X10: =W10/$F$8 -> 0.0056818182 | Y10: =F10-W10 -> 0 | Z10: =Y10*H10 -> 0 | AB10: =AA10*H10 -> 0 | AE10: =W10+AC10 -> 1 | AF10: =AE10/$F$8 -> 0.0056818182 | AG10: =F10-AE10 -> 0 | AH10: =AG10*H10 -> 0 | AJ10: =AI10*T10 -> 0 | AK10: 2 | AM10: =AE10+AK10 -> 3 | AN10: =AM10/$F$8 -> 0.017045455 | AO10: =F10-AM10 -> -2 | AP10: =AO10*H10 -> -9022.38
A11: 1.5 | B11: C2832 | C11: SEINFRA | D11: FOSSA SÉPTICA E SUMIDOURO EM ALVENARIA | E11: UN | F11: 1 | G11: 3590.77 | H11: 4397.61 | I11: 4397.61 | J11: 0.0031389079 | P11: =O11*H11 -> 0 | Q11: =O11 -> 0 | R11: =Q11/F11 -> 0 | S11: =F11-Q11 -> 1 | T11: =S11*H11 -> 4397.61 | U11: 1 | V11: =U11*H11 -> 4397.61 | W11: =Q11+U11 -> 1 | X11: =W11/$F$8 -> 0.0056818182 | Y11: =F11-W11 -> 0 | Z11: =Y11*H11 -> 0 | AB11: =AA11*H11 -> 0 | AE11: =W11+AC11 -> 1 | AF11: =AE11/$F$8 -> 0.0056818182 | AG11: =F11-AE11 -> 0 | AH11: =AG11*H11 -> 0 | AJ11: =AI11*T11 -> 0 | AK11: 5 | AM11: =AE11+AK11 -> 6 | AN11: =AM11/$F$8 -> 0.034090909 | AO11: =F11-AM11 -> -5 | AP11: =AO11*H11 -> -21988.05
A12: 1.6 | B12: 93212 | C12: SINAPI | D12: EXECUÇÃO DE SANITÁRIO E VESTIÁRIO EM CANTEIRO DE OBRA EM CHAPA DE MADEIRA COMPENSADA, NÃO INCLUSO MOBILIÁRIO. AF_02/2016 | E12: m² | F12: 2.52 | G12: 679.04 | H12: 831.62 | I12: 2095.68 | J12: 0.0014958458 | P12: =O12*H12 -> 0 | Q12: =O12 -> 0 | R12: =Q12/F12 -> 0 | S12: =F12-Q12 -> 2.52 | T12: =S12*H12 -> 2095.6824 | U12: 2.52 | V12: =U12*H12 -> 2095.6824 | W12: =Q12+U12 -> 2.52 | X12: =W12/$F$8 -> 0.014318182 | Y12: =F12-W12 -> 0 | Z12: =Y12*H12 -> 0 | AB12: =AA12*H12 -> 0 | AE12: =W12+AC12 -> 2.52 | AF12: =AE12/$F$8 -> 0.014318182 | AG12: =F12-AE12 -> 0 | AH12: =AG12*H12 -> 0 | AJ12: =AI12*T12 -> 0 | AM12: =AE12+AK12 -> 2.52 | AN12: =AM12/$F$8 -> 0.014318182 | AO12: =F12-AM12 -> 0 | AP12: =AO12*H12 -> 0
A13: 1.7 | B13: 93207 | C13: SINAPI | D13: EXECUÇÃO DE ESCRITÓRIO EM CANTEIRO DE OBRA EM CHAPA DE MADEIRA COMPENSADA, NÃO INCLUSO MOBILIÁRIO E EQUIPAMENTOS. AF_02/2016 | E13: m² | F13: 20 | G13: 729.35 | H13: 893.23 | I13: 17864.6 | J13: 0.01275132 | O13: 20 | P13: =O13*H13 -> 17864.6 | Q13: =O13 -> 20 | R13: =Q13/F13 -> 1 | S13: =F13-Q13 -> 0 | T13: =S13*H13 -> 0 | V13: =U13*H13 -> 0 | W13: =Q13+U13 -> 20 | X13: =W13/$F$8 -> 0.11363636 | Y13: =F13-W13 -> 0 | Z13: =Y13*H13 -> 0 | AB13: =AA13*H13 -> 0 | AE13: =W13+AC13 -> 20 | AF13: =AE13/$F$8 -> 0.11363636 | AG13: =F13-AE13 -> 0 | AH13: =AG13*H13 -> 0 | AJ13: =AI13*T13 -> 0 | AM13: =AE13+AK13 -> 20 | AN13: =AM13/$F$8 -> 0.11363636 | AO13: =F13-AM13 -> 0 | AP13: =AO13*H13 -> 0
A14: 1.8 | B14: 93584 | C14: SINAPI | D14: EXECUÇÃO DE DEPÓSITO EM CANTEIRO DE OBRA EM CHAPA DE MADEIRA COMPENSADA, NÃO INCLUSO MOBILIÁRIO. AF_04/2016 | E14: m² | F14: 20 | G14: 598.34 | H14: 732.78 | I14: 14655.6 | J14: 0.010460814 | O14: 20 | P14: =O14*H14 -> 14655.6 | Q14: =O14 -> 20 | R14: =Q14/F14 -> 1 | S14: =F14-Q14 -> 0 | T14: =S14*H14 -> 0 | V14: =U14*H14 -> 0 | W14: =Q14+U14 -> 20 | X14: =W14/$F$8 -> 0.11363636 | Y14: =F14-W14 -> 0 | Z14: =Y14*H14 -> 0 | AB14: =AA14*H14 -> 0 | AE14: =W14+AC14 -> 20 | AF14: =AE14/$F$8 -> 0.11363636 | AG14: =F14-AE14 -> 0 | AH14: =AG14*H14 -> 0 | AJ14: =AI14*T14 -> 0 | AM14: =AE14+AK14 -> 20 | AN14: =AM14/$F$8 -> 0.11363636 | AO14: =F14-AM14 -> 0 | AP14: =AO14*H14 -> 0
A15: 1.9 | B15: C1630 | C15: SEINFRA | D15: LOCAÇÃO DA OBRA - EXECUÇÃO DE GABARITO | E15: m² | F15: 1129.64 | G15: 5.67 | H15: 6.94 | I15: 7839.7 | J15: 0.0055957887 | P15: =O15*H15 -> 0 | Q15: =O15 -> 0 | R15: =Q15/F15 -> 0 | S15: =F15-Q15 -> 1129.64 | T15: =S15*H15 -> 7839.7016 | U15: 742.79 | V15: =U15*H15 -> 5154.9626 | W15: =Q15+U15 -> 742.79 | X15: =W15/$F$8 -> 4.2203977 | Y15: =F15-W15 -> 386.85 | Z15: =Y15*H15 -> 2684.739 | AB15: =AA15*H15 -> 0 | AE15: =W15+AC15 -> 742.79 | AF15: =AE15/$F$8 -> 4.2203977 | AG15: =F15-AE15 -> 386.85 | AH15: =AG15*H15 -> 2684.739 | AJ15: =AI15*T15 -> 0 | AM15: =AE15+AK15 -> 742.79 | AN15: =AM15/$F$8 -> 4.2203977 | AO15: =F15-AM15 -> 386.85 | AP15: =AO15*H15 -> 2684.739
A16: 1.10 | B16: 98525 | C16: SINAPI | D16: LIMPEZA MECANIZADA DE CAMADA VEGETAL, VEGETAÇÃO E PEQUENAS ÁRVORES (DIÂMETRO DE TRONCO MENOR QUE 0,20 M), COM TRATOR DE ESTEIRAS.AF_05/2018 | E16: m² | F16: 4000 | G16: 0.25 | H16: 0.3 | I16: 1200 | J16: 0.00085653105 | O16: 4000 | P16: =O16*H16 -> 1200 | Q16: =O16 -> 4000 | R16: =Q16/F16 -> 1 | S16: =F16-Q16 -> 0 | T16: =S16*H16 -> 0 | V16: =U16*H16 -> 0 | W16: =Q16+U16 -> 4000 | X16: =W16/$F$8 -> 22.727273 | Y16: =F16-W16 -> 0 | Z16: =Y16*H16 -> 0 | AB16: =AA16*H16 -> 0 | AE16: =W16+AC16 -> 4000 | AF16: =AE16/$F$8 -> 22.727273 | AG16: =F16-AE16 -> 0 | AH16: =AG16*H16 -> 0 | AJ16: =AI16*T16 -> 0 | AM16: =AE16+AK16 -> 4000 | AN16: =AM16/$F$8 -> 22.727273 | AO16: =F16-AM16 -> 0 | AP16: =AO16*H16 -> 0
A17: 2 | D17: MOVIMENTO DE TERRAS PARA FUNDAÇÕES | I17: 31327.78 | J17: 0.022361014 | T17: =SUM(T18:T21) -> 31327.807 | Z17: =SUM(Z18:Z21) -> 22755.954 | AH17: =SUM(AH18:AH21) -> 22755.954 | AP17: =SUM(AP18:AP21) -> 22755.954
A18: 2.1 | B18: 94319 | C18: SINAPI | D18: ATERRO MANUAL DE VALAS COM SOLO ARGILO-ARENOSO E COMPACTAÇÃO MECANIZADA. AF_05/2016 | E18: m³ | F18: 168.5 | G18: 54 | H18: 66.13 | I18: 11142.9 | J18: 0.0079535332 | P18: =O18*H18 -> 0 | Q18: =O18 -> 0 | R18: =Q18/F18 -> 0 | S18: =F18-Q18 -> 168.5 | T18: =S18*H18 -> 11142.905 | U18: ='MEMORIA DE CALCULO'!H100 -> 114.1205 | V18: =U18*H18 -> 7546.7887 | W18: =Q18+U18 -> 114.1205 | X18: =W18/$F$8 -> 0.64841193 | Y18: =F18-W18 -> 54.3795 | Z18: =Y18*H18 -> 3596.1163 | AB18: =AA18*H18 -> 0 | AE18: =W18+AC18 -> 114.1205 | AF18: =AE18/$F$8 -> 0.64841193 | AG18: =F18-AE18 -> 54.3795 | AH18: =AG18*H18 -> 3596.1163 | AJ18: =AI18*T18 -> 0 | AM18: =AE18+AK18 -> 114.1205 | AN18: =AM18/$F$8 -> 0.64841193 | AO18: =F18-AM18 -> 54.3795 | AP18: =AO18*H18 -> 3596.1163
A19: 2.2 | B19: 93358 | C19: SINAPI | D19: ESCAVAÇÃO MANUAL DE VALA COM PROFUNDIDADE MENOR OU IGUAL A 1,30 M. AF_02/2021 | E19: m³ | F19: 94.33 | G19: 56.41 | H19: 69.08 | I19: 6516.31 | J19: 0.0046511849 | P19: =O19*H19 -> 0 | Q19: =O19 -> 0 | R19: =Q19/F19 -> 0 | S19: =F19-Q19 -> 94.33 | T19: =S19*H19 -> 6516.3164 | U19: ='MEMORIA DE CALCULO'!H116 -> 14.8388 | V19: =U19*H19 -> 1025.0643 | W19: =Q19+U19 -> 14.8388 | X19: =W19/$F$8 -> 0.084311364 | Y19: =F19-W19 -> 79.4912 | Z19: =Y19*H19 -> 5491.2521 | AB19: =AA19*H19 -> 0 | AE19: =W19+AC19 -> 14.8388 | AF19: =AE19/$F$8 -> 0.084311364 | AG19: =F19-AE19 -> 79.4912 | AH19: =AG19*H19 -> 5491.2521 | AJ19: =AI19*T19 -> 0 | AM19: =AE19+AK19 -> 14.8388 | AN19: =AM19/$F$8 -> 0.084311364 | AO19: =F19-AM19 -> 79.4912 | AP19: =AO19*H19 -> 5491.2521
A20: 2.3 | B20: 94319 | C20: SINAPI | D20: ATERRO MANUAL DE VALAS COM SOLO ARGILO-ARENOSO E COMPACTAÇÃO MECANIZADA. AF_05/2016 | E20: m³ | F20: 184.58 | G20: 54 | H20: 66.13 | I20: 12206.27 | J20: 0.008712541 | P20: =O20*H20 -> 0 | Q20: =O20 -> 0 | R20: =Q20/F20 -> 0 | S20: =F20-Q20 -> 184.58 | T20: =S20*H20 -> 12206.275 | V20: =U20*H20 -> 0 | W20: =Q20+U20 -> 0 | X20: =W20/$F$8 -> 0 | Y20: =F20-W20 -> 184.58 | Z20: =Y20*H20 -> 12206.275 | AB20: =AA20*H20 -> 0 | AE20: =W20+AC20 -> 0 | AF20: =AE20/$F$8 -> 0 | AG20: =F20-AE20 -> 184.58 | AH20: =AG20*H20 -> 12206.275 | AJ20: =AI20*T20 -> 0 | AM20: =AE20+AK20 -> 0 | AN20: =AM20/$F$8 -> 0 | AO20: =F20-AM20 -> 184.58 | AP20: =AO20*H20 -> 12206.275
A21: 2.4 | B21: 93382 | C21: SINAPI | D21: REATERRO MANUAL DE VALAS COM COMPACTAÇÃO MECANIZADA. AF_04/2016 | E21: m³ | F21: 55.58 | G21: 21.49 | H21: 26.31 | I21: 1462.3 | J21: 0.0010437545 | P21: =O21*H21 -> 0 | Q21: =O21 -> 0 | R21: =Q21/F21 -> 0 | S21: =F21-Q21 -> 55.58 | T21: =S21*H21 -> 1462.3098 | V21: =U21*H21 -> 0 | W21: =Q21+U21 -> 0 | X21: =W21/$F$8 -> 0 | Y21: =F21-W21 -> 55.58 | Z21: =Y21*H21 -> 1462.3098 | AB21: =AA21*H21 -> 0 | AE21: =W21+AC21 -> 0 | AF21: =AE21/$F$8 -> 0 | AG21: =F21-AE21 -> 55.58 | AH21: =AG21*H21 -> 1462.3098 | AJ21: =AI21*T21 -> 0 | AM21: =AE21+AK21 -> 0 | AN21: =AM21/$F$8 -> 0 | AO21: =F21-AM21 -> 55.58 | AP21: =AO21*H21 -> 1462.3098
A22: 3 | D22: FUNDAÇÕES | I22: 110557.96 | J22: 0.078913605
A23: 3.1 | D23: CONCRETO ARMADO PARA FUNDAÇÕES | I23: 40612.69 | J23: 0.028988358 | T23: =SUM(T24:T31) -> 40612.733 | Z23: =SUM(Z24:Z31) -> 25069.544 | AH23: =SUM(AH24:AH31) -> 25069.544 | AP23: =SUM(AP24:AP31) -> 25069.544
A24: 3.1.1 | B24: 96619 | C24: SINAPI | D24: LASTRO DE CONCRETO MAGRO, APLICADO EM BLOCOS DE COROAMENTO OU SAPATAS, ESPESSURA DE 5 CM. AF_08/2017 | E24: m² | F24: 61.88 | G24: 22.37 | H24: 27.39 | I24: 1694.89 | J24: 0.0012097716 | P24: =O24*H24 -> 0 | Q24: =O24 -> 0 | R24: =Q24/F24 -> 0 | S24: =F24-Q24 -> 61.88 | T24: =S24*H24 -> 1694.8932 | U24: ='MEMORIA DE CALCULO'!H160 -> 35.45 | V24: =U24*H24 -> 970.9755 | W24: =Q24+U24 -> 35.45 | X24: =W24/$F$8 -> 0.20142045 | Y24: =F24-W24 -> 26.43 | Z24: =Y24*H24 -> 723.9177 | AB24: =AA24*H24 -> 0 | AE24: =W24+AC24 -> 35.45 | AF24: =AE24/$F$8 -> 0.20142045 | AG24: =F24-AE24 -> 26.43 | AH24: =AG24*H24 -> 723.9177 | AJ24: =AI24*T24 -> 0 | AM24: =AE24+AK24 -> 35.45 | AN24: =AM24/$F$8 -> 0.20142045 | AO24: =F24-AM24 -> 26.43 | AP24: =AO24*H24 -> 723.9177
A25: 3.1.2 | B25: 96535 | C25: SINAPI | D25: FABRICAÇÃO, MONTAGEM E DESMONTAGEM DE FÔRMA PARA SAPATA, EM MADEIRA SERRADA, E=25 MM, 4 UTILIZAÇÕES. AF_06/2017 | E25: m² | F25: 165.15 | G25: 104.74 | H25: 128.27 | I25: 21183.79 | J25: 0.015120478 | P25: =O25*H25 -> 0 | Q25: =O25 -> 0 | R25: =Q25/F25 -> 0 | S25: =F25-Q25 -> 165.15 | T25: =S25*H25 -> 21183.791 | U25: ='MEMORIA DE CALCULO'!H190 -> 52.85 | V25: =U25*H25 -> 6779.0695 | W25: =Q25+U25 -> 52.85 | X25: =W25/$F$8 -> 0.30028409 | Y25: =F25-W25 -> 112.3 | Z25: =Y25*H25 -> 14404.721 | AB25: =AA25*H25 -> 0 | AE25: =W25+AC25 -> 52.85 | AF25: =AE25/$F$8 -> 0.30028409 | AG25: =F25-AE25 -> 112.3 | AH25: =AG25*H25 -> 14404.721 | AJ25: =AI25*T25 -> 0 | AM25: =AE25+AK25 -> 52.85 | AN25: =AM25/$F$8 -> 0.30028409 | AO25: =F25-AM25 -> 112.3 | AP25: =AO25*H25 -> 14404.721
A26: 3.1.3 | B26: 92916 | C26: SINAPI | D26: ARMAÇÃO DE ESTRUTURAS DIVERSAS DE CONCRETO ARMADO, EXCETO VIGAS, PILARES, LAJES E FUNDAÇÕES, UTILIZANDO AÇO CA-50 DE 6,3 MM - MONTAGEM. AF_06/2022 | E26: KG | F26: 6.55 | G26: 11.54 | H26: 14.13 | I26: 92.55 | J26: 6.6059957e-05 | P26: =O26*H26 -> 0 | Q26: =O26 -> 0 | R26: =Q26/F26 -> 0 | S26: =F26-Q26 -> 6.55 | T26: =S26*H26 -> 92.5515 | V26: =U26*H26 -> 0 | W26: =Q26+U26 -> 0 | X26: =W26/$F$8 -> 0 | Y26: =F26-W26 -> 6.55 | Z26: =Y26*H26 -> 92.5515 | AB26: =AA26*H26 -> 0 | AE26: =W26+AC26 -> 0 | AF26: =AE26/$F$8 -> 0 | AG26: =F26-AE26 -> 6.55 | AH26: =AG26*H26 -> 92.5515 | AJ26: =AI26*T26 -> 0 | AM26: =AE26+AK26 -> 0 | AN26: =AM26/$F$8 -> 0 | AO26: =F26-AM26 -> 6.55 | AP26: =AO26*H26 -> 92.5515
A27: 3.1.4 | B27: 92917 | C27: SINAPI | D27: ARMAÇÃO DE ESTRUTURAS DIVERSAS DE CONCRETO ARMADO, EXCETO VIGAS, PILARES, LAJES E FUNDAÇÕES, UTILIZANDO AÇO CA-50 DE 8,0 MM - MONTAGEM. AF_06/2022 | E27: KG | F27: 32.45 | G27: 10.65 | H27: 13.04 | I27: 423.14 | J27: 0.00030202712 | P27: =O27*H27 -> 0 | Q27: =O27 -> 0 | R27: =Q27/F27 -> 0 | S27: =F27-Q27 -> 32.45 | T27: =S27*H27 -> 423.148 | V27: =U27*H27 -> 0 | W27: =Q27+U27 -> 0 | X27: =W27/$F$8 -> 0 | Y27: =F27-W27 -> 32.45 | Z27: =Y27*H27 -> 423.148 | AB27: =AA27*H27 -> 0 | AE27: =W27+AC27 -> 0 | AF27: =AE27/$F$8 -> 0 | AG27: =F27-AE27 -> 32.45 | AH27: =AG27*H27 -> 423.148 | AJ27: =AI27*T27 -> 0 | AM27: =AE27+AK27 -> 0 | AN27: =AM27/$F$8 -> 0 | AO27: =F27-AM27 -> 32.45 | AP27: =AO27*H27 -> 423.148
A28: 3.1.5 | B28: 92919 | C28: SINAPI | D28: ARMAÇÃO DE ESTRUTURAS DIVERSAS DE CONCRETO ARMADO, EXCETO VIGAS, PILARES, LAJES E FUNDAÇÕES, UTILIZANDO AÇO CA-50 DE 10,0 MM - MONTAGEM. AF_06/2022 | E28: KG | F28: 312.26 | G28: 9.39 | H28: 11.49 | I28: 3587.86 | J28: 0.0025609279 | P28: =O28*H28 -> 0 | Q28: =O28 -> 0 | R28: =Q28/F28 -> 0 | S28: =F28-Q28 -> 312.26 | T28: =S28*H28 -> 3587.8674 | U28: ='MEMORIA DE CALCULO'!H210 -> 312.26 | V28: =U28*H28 -> 3587.8674 | W28: =Q28+U28 -> 312.26 | X28: =W28/$F$8 -> 1.7742045 | Y28: =F28-W28 -> 0 | Z28: =Y28*H28 -> 0 | AB28: =AA28*H28 -> 0 | AE28: =W28+AC28 -> 312.26 | AF28: =AE28/$F$8 -> 1.7742045 | AG28: =F28-AE28 -> 0 | AH28: =AG28*H28 -> 0 | AJ28: =AI28*T28 -> 0 | AM28: =AE28+AK28 -> 312.26 | AN28: =AM28/$F$8 -> 1.7742045 | AO28: =F28-AM28 -> 0 | AP28: =AO28*H28 -> 0
A29: 3.1.6 | B29: 92921 | C29: SINAPI | D29: ARMAÇÃO DE ESTRUTURAS DIVERSAS DE CONCRETO ARMADO, EXCETO VIGAS, PILARES, LAJES E FUNDAÇÕES, UTILIZANDO AÇO CA-50 DE 12,5 MM - MONTAGEM. AF_06/2022 | E29: KG | F29: 32.64 | G29: 7.82 | H29: 9.57 | I29: 312.36 | J29: 0.00022295503 | P29: =O29*H29 -> 0 | Q29: =O29 -> 0 | R29: =Q29/F29 -> 0 | S29: =F29-Q29 -> 32.64 | T29: =S29*H29 -> 312.3648 | V29: =U29*H29 -> 0 | W29: =Q29+U29 -> 0 | X29: =W29/$F$8 -> 0 | Y29: =F29-W29 -> 32.64 | Z29: =Y29*H29 -> 312.3648 | AB29: =AA29*H29 -> 0 | AE29: =W29+AC29 -> 0 | AF29: =AE29/$F$8 -> 0 | AG29: =F29-AE29 -> 32.64 | AH29: =AG29*H29 -> 312.3648 | AJ29: =AI29*T29 -> 0 | AM29: =AE29+AK29 -> 0 | AN29: =AM29/$F$8 -> 0 | AO29: =F29-AM29 -> 32.64 | AP29: =AO29*H29 -> 312.3648
A30: 3.1.7 | B30: 92915 | C30: SINAPI | D30: ARMAÇÃO DE ESTRUTURAS DIVERSAS DE CONCRETO ARMADO, EXCETO VIGAS, PILARES, LAJES E FUNDAÇÕES, UTILIZANDO AÇO CA-60 DE 5,0 MM - MONTAGEM. AF_06/2022 | E30: KG | F30: 307.55 | G30: 12.4 | H30: 15.18 | I30: 4668.6 | J30: 0.003332334 | P30: =O30*H30 -> 0 | Q30: =O30 -> 0 | R30: =Q30/F30 -> 0 | S30: =F30-Q30 -> 307.55 | T30: =S30*H30 -> 4668.609 | U30: ='MEMORIA DE CALCULO'!H234 -> 188.65951 | V30: =U30*H30 -> 2863.8513 | W30: =Q30+U30 -> 188.65951 | X30: =W30/$F$8 -> 1.071929 | Y30: =F30-W30 -> 118.89049 | Z30: =Y30*H30 -> 1804.7577 | AB30: =AA30*H30 -> 0 | AE30: =W30+AC30 -> 188.65951 | AF30: =AE30/$F$8 -> 1.071929 | AG30: =F30-AE30 -> 118.89049 | AH30: =AG30*H30 -> 1804.7577 | AJ30: =AI30*T30 -> 0 | AM30: =AE30+AK30 -> 188.65951 | AN30: =AM30/$F$8 -> 1.071929 | AO30: =F30-AM30 -> 118.89049 | AP30: =AO30*H30 -> 1804.7577
A31: 3.1.8 | B31: 96558 | C31: SINAPI | D31: CONCRETAGEM DE SAPATAS, FCK 30 MPA, COM USO DE BOMBA  LANÇAMENTO, ADENSAMENTO E ACABAMENTO. AF_11/2016 | E31: m³ | F31: 16.12 | G31: 438.13 | H31: 536.57 | I31: 8649.5 | J31: 0.0061738044 | P31: =O31*H31 -> 0 | Q31: =O31 -> 0 | R31: =Q31/F31 -> 0 | S31: =F31-Q31 -> 16.12 | T31: =S31*H31 -> 8649.5084 | U31: ='MEMORIA DE CALCULO'!H256 -> 2.5 | V31: =U31*H31 -> 1341.425 | W31: =Q31+U31 -> 2.5 | X31: =W31/$F$8 -> 0.014204545 | Y31: =F31-W31 -> 13.62 | Z31: =Y31*H31 -> 7308.0834 | AB31: =AA31*H31 -> 0 | AE31: =W31+AC31 -> 2.5 | AF31: =AE31/$F$8 -> 0.014204545 | AG31: =F31-AE31 -> 13.62 | AH31: =AG31*H31 -> 7308.0834 | AJ31: =AI31*T31 -> 0 | AM31: =AE31+AK31 -> 2.5 | AN31: =AM31/$F$8 -> 0.014204545 | AO31: =F31-AM31 -> 13.62 | AP31: =AO31*H31 -> 7308.0834
A32: 3.2 | D32: CONCRETO ARMADO PARA FUNDAÇÕES - VIGAS BALDRAMES | I32: 62144.6 | J32: 0.044357316 | T32: =SUM(T33:T38) -> 62144.625 | Z32: =SUM(Z33:Z38) -> 19247.102 | AH32: =SUM(AH33:AH38) -> 19247.102 | AP32: =SUM(AP33:AP38) -> 19247.102
A33: 3.2.1 | B33: 96536 | C33: SINAPI | D33: FABRICAÇÃO, MONTAGEM E DESMONTAGEM DE FÔRMA PARA VIGA BALDRAME, EM MADEIRA SERRADA, E=25 MM, 4 UTILIZAÇÕES. AF_06/2017 | E33: m² | F33: 463.48 | G33: 52.7 | H33: 64.54 | I33: 29912.99 | J33: 0.021351171 | P33: =O33*H33 -> 0 | Q33: =O33 -> 0 | R33: =Q33/F33 -> 0 | S33: =F33-Q33 -> 463.48 | T33: =S33*H33 -> 29912.999 | U33: ='MEMORIA DE CALCULO'!H271 -> 405.84 | V33: =U33*H33 -> 26192.914 | W33: =Q33+U33 -> 405.84 | X33: =W33/$F$8 -> 2.3059091 | Y33: =F33-W33 -> 57.64 | Z33: =Y33*H33 -> 3720.0856 | AB33: =AA33*H33 -> 0 | AE33: =W33+AC33 -> 405.84 | AF33: =AE33/$F$8 -> 2.3059091 | AG33: =F33-AE33 -> 57.64 | AH33: =AG33*H33 -> 3720.0856 | AJ33: =AI33*T33 -> 0 | AM33: =AE33+AK33 -> 405.84 | AN33: =AM33/$F$8 -> 2.3059091 | AO33: =F33-AM33 -> 57.64 | AP33: =AO33*H33 -> 3720.0856
A34: 3.2.2 | B34: 92916 | C34: SINAPI | D34: ARMAÇÃO DE ESTRUTURAS DIVERSAS DE CONCRETO ARMADO, EXCETO VIGAS, PILARES, LAJES E FUNDAÇÕES, UTILIZANDO AÇO CA-50 DE 6,3 MM - MONTAGEM. AF_06/2022 | E34: KG | F34: 0.73 | G34: 11.54 | H34: 14.13 | I34: 10.31 | J34: 7.3590293e-06 | P34: =O34*H34 -> 0 | Q34: =O34 -> 0 | R34: =Q34/F34 -> 0 | S34: =F34-Q34 -> 0.73 | T34: =S34*H34 -> 10.3149 | V34: =U34*H34 -> 0 | W34: =Q34+U34 -> 0 | X34: =W34/$F$8 -> 0 | Y34: =F34-W34 -> 0.73 | Z34: =Y34*H34 -> 10.3149 | AB34: =AA34*H34 -> 0 | AE34: =W34+AC34 -> 0 | AF34: =AE34/$F$8 -> 0 | AG34: =F34-AE34 -> 0.73 | AH34: =AG34*H34 -> 10.3149 | AJ34: =AI34*T34 -> 0 | AM34: =AE34+AK34 -> 0 | AN34: =AM34/$F$8 -> 0 | AO34: =F34-AM34 -> 0.73 | AP34: =AO34*H34 -> 10.3149
A35: 3.2.3 | B35: 92917 | C35: SINAPI | D35: ARMAÇÃO DE ESTRUTURAS DIVERSAS DE CONCRETO ARMADO, EXCETO VIGAS, PILARES, LAJES E FUNDAÇÕES, UTILIZANDO AÇO CA-50 DE 8,0 MM - MONTAGEM. AF_06/2022 | E35: KG | F35: 829.82 | G35: 10.65 | H35: 13.04 | I35: 10820.85 | J35: 0.0077236617 | P35: =O35*H35 -> 0 | Q35: =O35 -> 0 | R35: =Q35/F35 -> 0 | S35: =F35-Q35 -> 829.82 | T35: =S35*H35 -> 10820.853 | U35: ='MEMORIA DE CALCULO'!H287 -> 417.5 | V35: =U35*H35 -> 5444.2 | W35: =Q35+U35 -> 417.5 | X35: =W35/$F$8 -> 2.3721591 | Y35: =F35-W35 -> 412.32 | Z35: =Y35*H35 -> 5376.6528 | AB35: =AA35*H35 -> 0 | AE35: =W35+AC35 -> 417.5 | AF35: =AE35/$F$8 -> 2.3721591 | AG35: =F35-AE35 -> 412.32 | AH35: =AG35*H35 -> 5376.6528 | AJ35: =AI35*T35 -> 0 | AM35: =AE35+AK35 -> 417.5 | AN35: =AM35/$F$8 -> 2.3721591 | AO35: =F35-AM35 -> 412.32 | AP35: =AO35*H35 -> 5376.6528
A36: 3.2.4 | B36: 92919 | C36: SINAPI | D36: ARMAÇÃO DE ESTRUTURAS DIVERSAS DE CONCRETO ARMADO, EXCETO VIGAS, PILARES, LAJES E FUNDAÇÕES, UTILIZANDO AÇO CA-50 DE 10,0 MM - MONTAGEM. AF_06/2022 | E36: KG | F36: 100.82 | G36: 9.39 | H36: 11.49 | I36: 1158.42 | J36: 0.00082685225 | P36: =O36*H36 -> 0 | Q36: =O36 -> 0 | R36: =Q36/F36 -> 0 | S36: =F36-Q36 -> 100.82 | T36: =S36*H36 -> 1158.4218 | V36: =U36*H36 -> 0 | W36: =Q36+U36 -> 0 | X36: =W36/$F$8 -> 0 | Y36: =F36-W36 -> 100.82 | Z36: =Y36*H36 -> 1158.4218 | AB36: =AA36*H36 -> 0 | AE36: =W36+AC36 -> 0 | AF36: =AE36/$F$8 -> 0 | AG36: =F36-AE36 -> 100.82 | AH36: =AG36*H36 -> 1158.4218 | AJ36: =AI36*T36 -> 0 | AM36: =AE36+AK36 -> 0 | AN36: =AM36/$F$8 -> 0 | AO36: =F36-AM36 -> 100.82 | AP36: =AO36*H36 -> 1158.4218
A37: 3.2.5 | B37: 92915 | C37: SINAPI | D37: ARMAÇÃO DE ESTRUTURAS DIVERSAS DE CONCRETO ARMADO, EXCETO VIGAS, PILARES, LAJES E FUNDAÇÕES, UTILIZANDO AÇO CA-60 DE 5,0 MM - MONTAGEM. AF_06/2022 | E37: KG | F37: 395 | G37: 12.4 | H37: 15.18 | I37: 5996.1 | J37: 0.0042798715 | P37: =O37*H37 -> 0 | Q37: =O37 -> 0 | R37: =Q37/F37 -> 0 | S37: =F37-Q37 -> 395 | T37: =S37*H37 -> 5996.1 | U37: ='MEMORIA DE CALCULO'!H313 -> 226.98 | V37: =U37*H37 -> 3445.5564 | W37: =Q37+U37 -> 226.98 | X37: =W37/$F$8 -> 1.2896591 | Y37: =F37-W37 -> 168.02 | Z37: =Y37*H37 -> 2550.5436 | AB37: =AA37*H37 -> 0 | AE37: =W37+AC37 -> 226.98 | AF37: =AE37/$F$8 -> 1.2896591 | AG37: =F37-AE37 -> 168.02 | AH37: =AG37*H37 -> 2550.5436 | AJ37: =AI37*T37 -> 0 | AM37: =AE37+AK37 -> 226.98 | AN37: =AM37/$F$8 -> 1.2896591 | AO37: =F37-AM37 -> 168.02 | AP37: =AO37*H37 -> 2550.5436
A38: 3.2.6 | B38: 96557 | C38: SINAPI | D38: CONCRETAGEM DE BLOCOS DE COROAMENTO E VIGAS BALDRAMES, FCK 30 MPA, COM USO DE BOMBA  LANÇAMENTO, ADENSAMENTO E ACABAMENTO. AF_06/2017 | E38: m³ | F38: 26.87 | G38: 432.91 | H38: 530.18 | I38: 14245.93 | J38: 0.010168401 | P38: =O38*H38 -> 0 | Q38: =O38 -> 0 | R38: =Q38/F38 -> 0 | S38: =F38-Q38 -> 26.87 | T38: =S38*H38 -> 14245.937 | U38: ='MEMORIA DE CALCULO'!H329 -> 14.74 | V38: =U38*H38 -> 7814.8532 | W38: =Q38+U38 -> 14.74 | X38: =W38/$F$8 -> 0.08375 | Y38: =F38-W38 -> 12.13 | Z38: =Y38*H38 -> 6431.0834 | AB38: =AA38*H38 -> 0 | AE38: =W38+AC38 -> 14.74 | AF38: =AE38/$F$8 -> 0.08375 | AG38: =F38-AE38 -> 12.13 | AH38: =AG38*H38 -> 6431.0834 | AJ38: =AI38*T38 -> 0 | AM38: =AE38+AK38 -> 14.74 | AN38: =AM38/$F$8 -> 0.08375 | AO38: =F38-AM38 -> 12.13 | AP38: =AO38*H38 -> 6431.0834
A39: 3.3 | D39: CONCRETO ARMADO PARA FUNDAÇÕES - BASE CAIXA D'ÁGUA | I39: 7800.67 | J39: 0.00556793 | T39: =SUM(T40:T43) -> 7800.6764 | Z39: =SUM(Z40:Z43) -> 7800.6764 | AH39: =SUM(AH40:AH43) -> 7800.6764 | AP39: =SUM(AP40:AP43) -> 7800.6764
A40: 3.3.1 | B40: 96535 | C40: SINAPI | D40: FABRICAÇÃO, MONTAGEM E DESMONTAGEM DE FÔRMA PARA SAPATA, EM MADEIRA SERRADA, E=25 MM, 4 UTILIZAÇÕES. AF_06/2017 | E40: m² | F40: 5.6 | G40: 104.74 | H40: 128.27 | I40: 718.31 | J40: 0.00051271235 | P40: =O40*H40 -> 0 | Q40: =O40 -> 0 | R40: =Q40/F40 -> 0 | S40: =F40-Q40 -> 5.6 | T40: =S40*H40 -> 718.312 | V40: =U40*H40 -> 0 | W40: =Q40+U40 -> 0 | X40: =W40/$F$8 -> 0 | Y40: =F40-W40 -> 5.6 | Z40: =Y40*H40 -> 718.312 | AB40: =AA40*H40 -> 0 | AE40: =W40+AC40 -> 0 | AF40: =AE40/$F$8 -> 0 | AG40: =F40-AE40 -> 5.6 | AH40: =AG40*H40 -> 718.312 | AJ40: =AI40*T40 -> 0 | AM40: =AE40+AK40 -> 0 | AN40: =AM40/$F$8 -> 0 | AO40: =F40-AM40 -> 5.6 | AP40: =AO40*H40 -> 718.312
A41: 3.3.2 | B41: 92919 | C41: SINAPI | D41: ARMAÇÃO DE ESTRUTURAS DIVERSAS DE CONCRETO ARMADO, EXCETO VIGAS, PILARES, LAJES E FUNDAÇÕES, UTILIZANDO AÇO CA-50 DE 10,0 MM - MONTAGEM. AF_06/2022 | E41: KG | F41: 325 | G41: 9.39 | H41: 11.49 | I41: 3734.25 | J41: 0.0026654176 | P41: =O41*H41 -> 0 | Q41: =O41 -> 0 | R41: =Q41/F41 -> 0 | S41: =F41-Q41 -> 325 | T41: =S41*H41 -> 3734.25 | V41: =U41*H41 -> 0 | W41: =Q41+U41 -> 0 | X41: =W41/$F$8 -> 0 | Y41: =F41-W41 -> 325 | Z41: =Y41*H41 -> 3734.25 | AB41: =AA41*H41 -> 0 | AE41: =W41+AC41 -> 0 | AF41: =AE41/$F$8 -> 0 | AG41: =F41-AE41 -> 325 | AH41: =AG41*H41 -> 3734.25 | AJ41: =AI41*T41 -> 0 | AM41: =AE41+AK41 -> 0 | AN41: =AM41/$F$8 -> 0 | AO41: =F41-AM41 -> 325 | AP41: =AO41*H41 -> 3734.25
A42: 3.3.3 | B42: 92915 | C42: SINAPI | D42: ARMAÇÃO DE ESTRUTURAS DIVERSAS DE CONCRETO ARMADO, EXCETO VIGAS, PILARES, LAJES E FUNDAÇÕES, UTILIZANDO AÇO CA-60 DE 5,0 MM - MONTAGEM. AF_06/2022 | E42: KG | F42: 82 | G42: 12.4 | H42: 15.18 | I42: 1244.76 | J42: 0.00088847966 | P42: =O42*H42 -> 0 | Q42: =O42 -> 0 | R42: =Q42/F42 -> 0 | S42: =F42-Q42 -> 82 | T42: =S42*H42 -> 1244.76 | V42: =U42*H42 -> 0 | W42: =Q42+U42 -> 0 | X42: =W42/$F$8 -> 0 | Y42: =F42-W42 -> 82 | Z42: =Y42*H42 -> 1244.76 | AB42: =AA42*H42 -> 0 | AE42: =W42+AC42 -> 0 | AF42: =AE42/$F$8 -> 0 | AG42: =F42-AE42 -> 82 | AH42: =AG42*H42 -> 1244.76 | AJ42: =AI42*T42 -> 0 | AM42: =AE42+AK42 -> 0 | AN42: =AM42/$F$8 -> 0 | AO42: =F42-AM42 -> 82 | AP42: =AO42*H42 -> 1244.76
A43: 3.3.4 | B43: 96558 | C43: SINAPI | D43: CONCRETAGEM DE SAPATAS, FCK 30 MPA, COM USO DE BOMBA  LANÇAMENTO, ADENSAMENTO E ACABAMENTO. AF_11/2016 | E43: m³ | F43: 3.92 | G43: 438.13 | H43: 536.57 | I43: 2103.35 | J43: 0.0015013205 | P43: =O43*H43 -> 0 | Q43: =O43 -> 0 | R43: =Q43/F43 -> 0 | S43: =F43-Q43 -> 3.92 | T43: =S43*H43 -> 2103.3544 | V43: =U43*H43 -> 0 | W43: =Q43+U43 -> 0 | X43: =W43/$F$8 -> 0 | Y43: =F43-W43 -> 3.92 | Z43: =Y43*H43 -> 2103.3544 | AB43: =AA43*H43 -> 0 | AE43: =W43+AC43 -> 0 | AF43: =AE43/$F$8 -> 0 | AG43: =F43-AE43 -> 3.92 | AH43: =AG43*H43 -> 2103.3544 | AJ43: =AI43*T43 -> 0 | AM43: =AE43+AK43 -> 0 | AN43: =AM43/$F$8 -> 0 | AO43: =F43-AM43 -> 3.92 | AP43: =AO43*H43 -> 2103.3544
A44: 4 | D44: SUPERESTRUTURA | I44: 173762.92 | J44: 0.12402778
A45: 4.1 | D45: CONCRETO ARMADO - VIGAS | I45: 65370.7 | J45: 0.046660029 | T45: =SUM(T46:T51) -> 65370.733 | Z45: =SUM(Z46:Z51) -> 65370.733 | AH45: =SUM(AH46:AH51) -> 65370.733 | AP45: =SUM(AP46:AP51) -> 65370.733
A46: 4.1.1 | B46: 92471 | C46: SINAPI | D46: MONTAGEM E DESMONTAGEM DE FÔRMA DE VIGA, ESCORAMENTO COM GARFO DE MADEIRA, PÉ-DIREITO SIMPLES, EM CHAPA DE MADEIRA PLASTIFICADA, 12 UTILIZAÇÕES. AF_09/2020 | E46: m² | F46: 453.62 | G46: 63.48 | H46: 77.74 | I46: 35264.41 | J46: 0.025170885 | P46: =O46*H46 -> 0 | Q46: =O46 -> 0 | R46: =Q46/F46 -> 0 | S46: =F46-Q46 -> 453.62 | T46: =S46*H46 -> 35264.419 | V46: =U46*H46 -> 0 | W46: =Q46+U46 -> 0 | X46: =W46/$F$8 -> 0 | Y46: =F46-W46 -> 453.62 | Z46: =Y46*H46 -> 35264.419 | AB46: =AA46*H46 -> 0 | AE46: =W46+AC46 -> 0 | AF46: =AE46/$F$8 -> 0 | AG46: =F46-AE46 -> 453.62 | AH46: =AG46*H46 -> 35264.419 | AJ46: =AI46*T46 -> 0 | AM46: =AE46+AK46 -> 0 | AN46: =AM46/$F$8 -> 0 | AO46: =F46-AM46 -> 453.62 | AP46: =AO46*H46 -> 35264.419
A47: 4.1.2 | B47: 92760 | C47: SINAPI | D47: ARMAÇÃO DE PILAR OU VIGA DE ESTRUTURA CONVENCIONAL DE CONCRETO ARMADO UTILIZANDO AÇO CA-50 DE 6,3 MM - MONTAGEM. AF_06/2022 | E47: KG | F47: 0.73 | G47: 10.23 | H47: 12.52 | I47: 9.13 | J47: 6.5167737e-06 | P47: =O47*H47 -> 0 | Q47: =O47 -> 0 | R47: =Q47/F47 -> 0 | S47: =F47-Q47 -> 0.73 | T47: =S47*H47 -> 9.1396 | V47: =U47*H47 -> 0 | W47: =Q47+U47 -> 0 | X47: =W47/$F$8 -> 0 | Y47: =F47-W47 -> 0.73 | Z47: =Y47*H47 -> 9.1396 | AB47: =AA47*H47 -> 0 | AE47: =W47+AC47 -> 0 | AF47: =AE47/$F$8 -> 0 | AG47: =F47-AE47 -> 0.73 | AH47: =AG47*H47 -> 9.1396 | AJ47: =AI47*T47 -> 0 | AM47: =AE47+AK47 -> 0 | AN47: =AM47/$F$8 -> 0 | AO47: =F47-AM47 -> 0.73 | AP47: =AO47*H47 -> 9.1396
A48: 4.1.3 | B48: 92761 | C48: SINAPI | D48: ARMAÇÃO DE PILAR OU VIGA DE ESTRUTURA CONVENCIONAL DE CONCRETO ARMADO UTILIZANDO AÇO CA-50 DE 8,0 MM - MONTAGEM. AF_06/2022 | E48: KG | F48: 829.82 | G48: 9.72 | H48: 11.9 | I48: 9874.85 | J48: 0.0070484297 | P48: =O48*H48 -> 0 | Q48: =O48 -> 0 | R48: =Q48/F48 -> 0 | S48: =F48-Q48 -> 829.82 | T48: =S48*H48 -> 9874.858 | V48: =U48*H48 -> 0 | W48: =Q48+U48 -> 0 | X48: =W48/$F$8 -> 0 | Y48: =F48-W48 -> 829.82 | Z48: =Y48*H48 -> 9874.858 | AB48: =AA48*H48 -> 0 | AE48: =W48+AC48 -> 0 | AF48: =AE48/$F$8 -> 0 | AG48: =F48-AE48 -> 829.82 | AH48: =AG48*H48 -> 9874.858 | AJ48: =AI48*T48 -> 0 | AM48: =AE48+AK48 -> 0 | AN48: =AM48/$F$8 -> 0 | AO48: =F48-AM48 -> 829.82 | AP48: =AO48*H48 -> 9874.858
A49: 4.1.4 | B49: 92762 | C49: SINAPI | D49: ARMAÇÃO DE PILAR OU VIGA DE ESTRUTURA CONVENCIONAL DE CONCRETO ARMADO UTILIZANDO AÇO CA-50 DE 10,0 MM - MONTAGEM. AF_06/2022 | E49: KG | F49: 100.82 | G49: 8.75 | H49: 10.71 | I49: 1079.78 | J49: 0.00077072091 | P49: =O49*H49 -> 0 | Q49: =O49 -> 0 | R49: =Q49/F49 -> 0 | S49: =F49-Q49 -> 100.82 | T49: =S49*H49 -> 1079.7822 | V49: =U49*H49 -> 0 | W49: =Q49+U49 -> 0 | X49: =W49/$F$8 -> 0 | Y49: =F49-W49 -> 100.82 | Z49: =Y49*H49 -> 1079.7822 | AB49: =AA49*H49 -> 0 | AE49: =W49+AC49 -> 0 | AF49: =AE49/$F$8 -> 0 | AG49: =F49-AE49 -> 100.82 | AH49: =AG49*H49 -> 1079.7822 | AJ49: =AI49*T49 -> 0 | AM49: =AE49+AK49 -> 0 | AN49: =AM49/$F$8 -> 0 | AO49: =F49-AM49 -> 100.82 | AP49: =AO49*H49 -> 1079.7822
A50: 4.1.5 | B50: 92759 | C50: SINAPI | D50: ARMAÇÃO DE PILAR OU VIGA DE ESTRUTURA CONVENCIONAL DE CONCRETO ARMADO UTILIZANDO AÇO CA-60 DE 5,0 MM - MONTAGEM. AF_06/2022 | E50: KG | F50: 379 | G50: 10.63 | H50: 13.01 | I50: 4930.79 | J50: 0.0035194789 | P50: =O50*H50 -> 0 | Q50: =O50 -> 0 | R50: =Q50/F50 -> 0 | S50: =F50-Q50 -> 379 | T50: =S50*H50 -> 4930.79 | V50: =U50*H50 -> 0 | W50: =Q50+U50 -> 0 | X50: =W50/$F$8 -> 0 | Y50: =F50-W50 -> 379 | Z50: =Y50*H50 -> 4930.79 | AB50: =AA50*H50 -> 0 | AE50: =W50+AC50 -> 0 | AF50: =AE50/$F$8 -> 0 | AG50: =F50-AE50 -> 379 | AH50: =AG50*H50 -> 4930.79 | AJ50: =AI50*T50 -> 0 | AM50: =AE50+AK50 -> 0 | AN50: =AM50/$F$8 -> 0 | AO50: =F50-AM50 -> 379 | AP50: =AO50*H50 -> 4930.79
A51: 4.1.6 | B51: 103675 | C51: SINAPI | D51: CONCRETAGEM DE VIGAS E LAJES, FCK=25 MPA, PARA LAJES MACIÇAS OU NERVURADAS COM USO DE BOMBA - LANÇAMENTO, ADENSAMENTO E ACABAMENTO. AF_02/2022_PS | E51: m³ | F51: 27.81 | G51: 417.27 | H51: 511.03 | I51: 14211.74 | J51: 0.010143997 | P51: =O51*H51 -> 0 | Q51: =O51 -> 0 | R51: =Q51/F51 -> 0 | S51: =F51-Q51 -> 27.81 | T51: =S51*H51 -> 14211.744 | V51: =U51*H51 -> 0 | W51: =Q51+U51 -> 0 | X51: =W51/$F$8 -> 0 | Y51: =F51-W51 -> 27.81 | Z51: =Y51*H51 -> 14211.744 | AB51: =AA51*H51 -> 0 | AE51: =W51+AC51 -> 0 | AF51: =AE51/$F$8 -> 0 | AG51: =F51-AE51 -> 27.81 | AH51: =AG51*H51 -> 14211.744 | AJ51: =AI51*T51 -> 0 | AM51: =AE51+AK51 -> 0 | AN51: =AM51/$F$8 -> 0 | AO51: =F51-AM51 -> 27.81 | AP51: =AO51*H51 -> 14211.744
A52: 4.2 | D52: CONCRETO ARMADO - LAJES E PILARES | I52: 40599.88 | J52: 0.028979215 | T52: =SUM(T53:T57) -> 40599.902 | Z52: =SUM(Z53:Z57) -> 40599.902 | AH52: =SUM(AH53:AH57) -> 40599.902 | AP52: =SUM(AP53:AP57) -> 40599.902
A53: 4.2.1 | B53: 92435 | C53: SINAPI | D53: MONTAGEM E DESMONTAGEM DE FÔRMA DE PILARES RETANGULARES E ESTRUTURAS SIMILARES, PÉ-DIREITO SIMPLES, EM CHAPA DE MADEIRA COMPENSADA PLASTIFICADA, 12 UTILIZAÇÕES. AF_09/2020 | E53: m² | F53: 319.27 | G53: 33.28 | H53: 40.75 | I53: 13010.25 | J53: 0.0092864026 | P53: =O53*H53 -> 0 | Q53: =O53 -> 0 | R53: =Q53/F53 -> 0 | S53: =F53-Q53 -> 319.27 | T53: =S53*H53 -> 13010.252 | V53: =U53*H53 -> 0 | W53: =Q53+U53 -> 0 | X53: =W53/$F$8 -> 0 | Y53: =F53-W53 -> 319.27 | Z53: =Y53*H53 -> 13010.252 | AB53: =AA53*H53 -> 0 | AE53: =W53+AC53 -> 0 | AF53: =AE53/$F$8 -> 0 | AG53: =F53-AE53 -> 319.27 | AH53: =AG53*H53 -> 13010.252 | AJ53: =AI53*T53 -> 0 | AM53: =AE53+AK53 -> 0 | AN53: =AM53/$F$8 -> 0 | AO53: =F53-AM53 -> 319.27 | AP53: =AO53*H53 -> 13010.252
A54: 4.2.2 | B54: 92919 | C54: SINAPI | D54: ARMAÇÃO DE ESTRUTURAS DIVERSAS DE CONCRETO ARMADO, EXCETO VIGAS, PILARES, LAJES E FUNDAÇÕES, UTILIZANDO AÇO CA-50 DE 10,0 MM - MONTAGEM. AF_06/2022 | E54: KG | F54: 1063.91 | G54: 9.39 | H54: 11.49 | I54: 12224.32 | J54: 0.0087254247 | P54: =O54*H54 -> 0 | Q54: =O54 -> 0 | R54: =Q54/F54 -> 0 | S54: =F54-Q54 -> 1063.91 | T54: =S54*H54 -> 12224.326 | V54: =U54*H54 -> 0 | W54: =Q54+U54 -> 0 | X54: =W54/$F$8 -> 0 | Y54: =F54-W54 -> 1063.91 | Z54: =Y54*H54 -> 12224.326 | AB54: =AA54*H54 -> 0 | AE54: =W54+AC54 -> 0 | AF54: =AE54/$F$8 -> 0 | AG54: =F54-AE54 -> 1063.91 | AH54: =AG54*H54 -> 12224.326 | AJ54: =AI54*T54 -> 0 | AM54: =AE54+AK54 -> 0 | AN54: =AM54/$F$8 -> 0 | AO54: =F54-AM54 -> 1063.91 | AP54: =AO54*H54 -> 12224.326
A55: 4.2.3 | B55: 92921 | C55: SINAPI | D55: ARMAÇÃO DE ESTRUTURAS DIVERSAS DE CONCRETO ARMADO, EXCETO VIGAS, PILARES, LAJES E FUNDAÇÕES, UTILIZANDO AÇO CA-50 DE 12,5 MM - MONTAGEM. AF_06/2022 | E55: KG | F55: 102.27 | G55: 7.82 | H55: 9.57 | I55: 978.72 | J55: 0.00069858672 | P55: =O55*H55 -> 0 | Q55: =O55 -> 0 | R55: =Q55/F55 -> 0 | S55: =F55-Q55 -> 102.27 | T55: =S55*H55 -> 978.7239 | V55: =U55*H55 -> 0 | W55: =Q55+U55 -> 0 | X55: =W55/$F$8 -> 0 | Y55: =F55-W55 -> 102.27 | Z55: =Y55*H55 -> 978.7239 | AB55: =AA55*H55 -> 0 | AE55: =W55+AC55 -> 0 | AF55: =AE55/$F$8 -> 0 | AG55: =F55-AE55 -> 102.27 | AH55: =AG55*H55 -> 978.7239 | AJ55: =AI55*T55 -> 0 | AM55: =AE55+AK55 -> 0 | AN55: =AM55/$F$8 -> 0 | AO55: =F55-AM55 -> 102.27 | AP55: =AO55*H55 -> 978.7239
A56: 4.2.4 | B56: 92915 | C56: SINAPI | D56: ARMAÇÃO DE ESTRUTURAS DIVERSAS DE CONCRETO ARMADO, EXCETO VIGAS, PILARES, LAJES E FUNDAÇÕES, UTILIZANDO AÇO CA-60 DE 5,0 MM - MONTAGEM. AF_06/2022 | E56: KG | F56: 404.73 | G56: 12.4 | H56: 15.18 | I56: 6143.8 | J56: 0.0043852962 | P56: =O56*H56 -> 0 | Q56: =O56 -> 0 | R56: =Q56/F56 -> 0 | S56: =F56-Q56 -> 404.73 | T56: =S56*H56 -> 6143.8014 | V56: =U56*H56 -> 0 | W56: =Q56+U56 -> 0 | X56: =W56/$F$8 -> 0 | Y56: =F56-W56 -> 404.73 | Z56: =Y56*H56 -> 6143.8014 | AB56: =AA56*H56 -> 0 | AE56: =W56+AC56 -> 0 | AF56: =AE56/$F$8 -> 0 | AG56: =F56-AE56 -> 404.73 | AH56: =AG56*H56 -> 6143.8014 | AJ56: =AI56*T56 -> 0 | AM56: =AE56+AK56 -> 0 | AN56: =AM56/$F$8 -> 0 | AO56: =F56-AM56 -> 404.73 | AP56: =AO56*H56 -> 6143.8014
A57: 4.2.5 | B57: 103672 | C57: SINAPI | D57: CONCRETAGEM DE PILARES, FCK = 25 MPA, COM USO DE BOMBA - LANÇAMENTO, ADENSAMENTO E ACABAMENTO. AF_02/2022_PS | E57: m³ | F57: 16.15 | G57: 416.75 | H57: 510.39 | I57: 8242.79 | J57: 0.0058835046 | P57: =O57*H57 -> 0 | Q57: =O57 -> 0 | R57: =Q57/F57 -> 0 | S57: =F57-Q57 -> 16.15 | T57: =S57*H57 -> 8242.7985 | V57: =U57*H57 -> 0 | W57: =Q57+U57 -> 0 | X57: =W57/$F$8 -> 0 | Y57: =F57-W57 -> 16.15 | Z57: =Y57*H57 -> 8242.7985 | AB57: =AA57*H57 -> 0 | AE57: =W57+AC57 -> 0 | AF57: =AE57/$F$8 -> 0 | AG57: =F57-AE57 -> 16.15 | AH57: =AG57*H57 -> 8242.7985 | AJ57: =AI57*T57 -> 0 | AM57: =AE57+AK57 -> 0 | AN57: =AM57/$F$8 -> 0 | AO57: =F57-AM57 -> 16.15 | AP57: =AO57*H57 -> 8242.7985
A58: 4.3 | D58: CONCRETO ARMADO - LAJES DE FORRO | I58: 55985.86 | J58: 0.039961356 | T58: =T59 -> 55985.866 | Z58: =Z59 -> 55985.866 | AH58: =AH59 -> 55985.866 | AP58: =AP59 -> 55985.866
A59: 4.3.1 | B59: COM-A2023 | C59: Próprio | D59: LAJE PRÉ-MOLDADA P/FORRO, SOBRECARGA 100KG/M², VÃO ATÉ 3,50 M/E = 8CM, COM LAJOTAS E CAPA C/ CONC. FCK=20MPA, 3CM, INTER-EIXO 38CM, C/ESCORAMENTO (REAPR. 3X) E FERRAGEM-PREÇO 02/23 - SINAPI/PB. (M²) | E59: M² | F59: 647.46 | G59: 70.61 | H59: 86.47 | I59: 55985.86 | J59: 0.039961356 | P59: =O59*H59 -> 0 | Q59: =O59 -> 0 | R59: =Q59/F59 -> 0 | S59: =F59-Q59 -> 647.46 | T59: =S59*H59 -> 55985.866 | V59: =U59*H59 -> 0 | W59: =Q59+U59 -> 0 | X59: =W59/$F$8 -> 0 | Y59: =F59-W59 -> 647.46 | Z59: =Y59*H59 -> 55985.866 | AB59: =AA59*H59 -> 0 | AE59: =W59+AC59 -> 0 | AF59: =AE59/$F$8 -> 0 | AG59: =F59-AE59 -> 647.46 | AH59: =AG59*H59 -> 55985.866 | AJ59: =AI59*T59 -> 0 | AM59: =AE59+AK59 -> 0 | AN59: =AM59/$F$8 -> 0 | AO59: =F59-AM59 -> 647.46 | AP59: =AO59*H59 -> 55985.866
A60: 4.4 | D60: CONCRTEO ARMADO - VERGAS E CONTRAVERGAS | I60: 11806.48 | J60: 0.0084271806 | T60: =T61 -> 11806.48 | Z60: =Z61 -> 11806.48 | AH60: =AH61 -> 11806.48 | AP60: =AP61 -> 11806.48
A61: 4.4.1 | B61: 93183 | C61: SINAPI | D61: VERGA PRÉ-MOLDADA PARA JANELAS COM MAIS DE 1,5 M DE VÃO. AF_03/2016 | E61: M | F61: 232 | G61: 41.56 | H61: 50.89 | I61: 11806.48 | J61: 0.0084271806 | P61: =O61*H61 -> 0 | Q61: =O61 -> 0 | R61: =Q61/F61 -> 0 | S61: =F61-Q61 -> 232 | T61: =S61*H61 -> 11806.48 | V61: =U61*H61 -> 0 | W61: =Q61+U61 -> 0 | X61: =W61/$F$8 -> 0 | Y61: =F61-W61 -> 232 | Z61: =Y61*H61 -> 11806.48 | AB61: =AA61*H61 -> 0 | AE61: =W61+AC61 -> 0 | AF61: =AE61/$F$8 -> 0 | AG61: =F61-AE61 -> 232 | AH61: =AG61*H61 -> 11806.48 | AJ61: =AI61*T61 -> 0 | AM61: =AE61+AK61 -> 0 | AN61: =AM61/$F$8 -> 0 | AO61: =F61-AM61 -> 232 | AP61: =AO61*H61 -> 11806.48
A62: 5 | D62: SISTEMA DE VEDAÇÃO VERTICAL | I62: 53575.28 | J62: 0.038240742 | T62: =SUM(T63:T65) -> 53575.294 | Z62: =SUM(Z63:Z65) -> 49054.464 | AH62: =SUM(AH63:AH65) -> 49054.464 | AP62: =SUM(AP63:AP65) -> 49054.464
A63: 5.1 | B63: 103322 | C63: SINAPI | D63: ALVENARIA DE VEDAÇÃO DE BLOCOS CERÂMICOS FURADOS NA VERTICAL DE 9X19X39 CM (ESPESSURA 9 CM) E ARGAMASSA DE ASSENTAMENTO COM PREPARO EM BETONEIRA. AF_12/2021 | E63: m² | F63: 914.03 | G63: 37.1 | H63: 45.43 | I63: 41524.38 | J63: 0.029639101 | P63: =O63*H63 -> 0 | Q63: =O63 -> 0 | R63: =Q63/F63 -> 0 | S63: =F63-Q63 -> 914.03 | T63: =S63*H63 -> 41524.383 | U63: ='MEMORIA DE CALCULO'!H418 -> 99.512 | V63: =U63*H63 -> 4520.8302 | W63: =Q63+U63 -> 99.512 | X63: =W63/$F$8 -> 0.56540909 | Y63: =F63-W63 -> 814.518 | Z63: =Y63*H63 -> 37003.553 | AB63: =AA63*H63 -> 0 | AE63: =W63+AC63 -> 99.512 | AF63: =AE63/$F$8 -> 0.56540909 | AG63: =F63-AE63 -> 814.518 | AH63: =AG63*H63 -> 37003.553 | AJ63: =AI63*T63 -> 0 | AM63: =AE63+AK63 -> 99.512 | AN63: =AM63/$F$8 -> 0.56540909 | AO63: =F63-AM63 -> 814.518 | AP63: =AO63*H63 -> 37003.553
A64: 5.2 | B64: 93202 | C64: SINAPI | D64: FIXAÇÃO (ENCUNHAMENTO) DE ALVENARIA DE VEDAÇÃO COM TIJOLO MACIÇO. AF_03/2016 | E64: M | F64: 295.3 | G64: 17.8 | H64: 21.79 | I64: 6434.58 | J64: 0.004592848 | P64: =O64*H64 -> 0 | Q64: =O64 -> 0 | R64: =Q64/F64 -> 0 | S64: =F64-Q64 -> 295.3 | T64: =S64*H64 -> 6434.587 | V64: =U64*H64 -> 0 | W64: =Q64+U64 -> 0 | X64: =W64/$F$8 -> 0 | Y64: =F64-W64 -> 295.3 | Z64: =Y64*H64 -> 6434.587 | AB64: =AA64*H64 -> 0 | AE64: =W64+AC64 -> 0 | AF64: =AE64/$F$8 -> 0 | AG64: =F64-AE64 -> 295.3 | AH64: =AG64*H64 -> 6434.587 | AJ64: =AI64*T64 -> 0 | AM64: =AE64+AK64 -> 0 | AN64: =AM64/$F$8 -> 0 | AO64: =F64-AM64 -> 295.3 | AP64: =AO64*H64 -> 6434.587
A65: 5.3 | B65: C4070 | C65: SEINFRA | D65: DIVISÓRIA DE GRANITO CINZA E=2cm | E65: m² | F65: 12.92 | G65: 354.95 | H65: 434.7 | I65: 5616.32 | J65: 0.0040087937 | P65: =O65*H65 -> 0 | Q65: =O65 -> 0 | R65: =Q65/F65 -> 0 | S65: =F65-Q65 -> 12.92 | T65: =S65*H65 -> 5616.324 | V65: =U65*H65 -> 0 | W65: =Q65+U65 -> 0 | X65: =W65/$F$8 -> 0 | Y65: =F65-W65 -> 12.92 | Z65: =Y65*H65 -> 5616.324 | AB65: =AA65*H65 -> 0 | AE65: =W65+AC65 -> 0 | AF65: =AE65/$F$8 -> 0 | AG65: =F65-AE65 -> 12.92 | AH65: =AG65*H65 -> 5616.324 | AJ65: =AI65*T65 -> 0 | AM65: =AE65+AK65 -> 0 | AN65: =AM65/$F$8 -> 0 | AO65: =F65-AM65 -> 12.92 | AP65: =AO65*H65 -> 5616.324
A66: 6 | D66: ESQUADRIAS | I66: 149488.57 | J66: 0.10670133
A67: 6.1 | D67: PORTAS DE MADEIRA | I67: 25618.06 | J67: 0.018285553 | T67: =SUM(T68:T74) -> 25618.06 | Z67: =SUM(Z68:Z74) -> 25618.06 | AH67: =SUM(AH68:AH74) -> 25618.06 | AP67: =SUM(AP68:AP74) -> 25618.06
A68: 6.1.1 | B68: 90843 | C68: SINAPI | D68: KIT DE PORTA DE MADEIRA PARA PINTURA, SEMI-OCA (LEVE OU MÉDIA), PADRÃO MÉDIO, 80X210CM, ESPESSURA DE 3,5CM, ITENS INCLUSOS: DOBRADIÇAS, MONTAGEM E INSTALAÇÃO DO BATENTE, FECHADURA COM EXECUÇÃO DO FURO - FORNECIMENTO E INSTALAÇÃO. AF_12/2019 | E68: UN | F68: 7 | G68: 730.3 | H68: 894.39 | I68: 6260.73 | J68: 0.004468758 | P68: =O68*H68 -> 0 | Q68: =O68 -> 0 | R68: =Q68/F68 -> 0 | S68: =F68-Q68 -> 7 | T68: =S68*H68 -> 6260.73 | V68: =U68*H68 -> 0 | W68: =Q68+U68 -> 0 | X68: =W68/$F$8 -> 0 | Y68: =F68-W68 -> 7 | Z68: =Y68*H68 -> 6260.73 | AB68: =AA68*H68 -> 0 | AE68: =W68+AC68 -> 0 | AF68: =AE68/$F$8 -> 0 | AG68: =F68-AE68 -> 7 | AH68: =AG68*H68 -> 6260.73 | AJ68: =AI68*T68 -> 0 | AM68: =AE68+AK68 -> 0 | AN68: =AM68/$F$8 -> 0 | AO68: =F68-AM68 -> 7 | AP68: =AO68*H68 -> 6260.73
A69: 6.1.2 | B69: 91314 | C69: SINAPI | D69: KIT DE PORTA DE MADEIRA PARA PINTURA, SEMI-OCA (LEVE OU MÉDIA), PADRÃO POPULAR, 80X210CM, ESPESSURA DE 3,5CM, ITENS INCLUSOS: DOBRADIÇAS, MONTAGEM E INSTALAÇÃO DO BATENTE, FECHADURA COM EXECUÇÃO DO FURO - FORNECIMENTO E INSTALAÇÃO. AF_12/2019 | E69: UN | F69: 7 | G69: 606.26 | H69: 742.48 | I69: 5197.36 | J69: 0.0037097502 | P69: =O69*H69 -> 0 | Q69: =O69 -> 0 | R69: =Q69/F69 -> 0 | S69: =F69-Q69 -> 7 | T69: =S69*H69 -> 5197.36 | V69: =U69*H69 -> 0 | W69: =Q69+U69 -> 0 | X69: =W69/$F$8 -> 0 | Y69: =F69-W69 -> 7 | Z69: =Y69*H69 -> 5197.36 | AB69: =AA69*H69 -> 0 | AE69: =W69+AC69 -> 0 | AF69: =AE69/$F$8 -> 0 | AG69: =F69-AE69 -> 7 | AH69: =AG69*H69 -> 5197.36 | AJ69: =AI69*T69 -> 0 | AM69: =AE69+AK69 -> 0 | AN69: =AM69/$F$8 -> 0 | AO69: =F69-AM69 -> 7 | AP69: =AO69*H69 -> 5197.36
A70: 6.1.3 | B70: 90843 | C70: SINAPI | D70: KIT DE PORTA DE MADEIRA PARA PINTURA, SEMI-OCA (LEVE OU MÉDIA), PADRÃO MÉDIO, 80X210CM, ESPESSURA DE 3,5CM, ITENS INCLUSOS: DOBRADIÇAS, MONTAGEM E INSTALAÇÃO DO BATENTE, FECHADURA COM EXECUÇÃO DO FURO - FORNECIMENTO E INSTALAÇÃO. AF_12/2019 | E70: UN | F70: 2 | G70: 730.3 | H70: 894.39 | I70: 1788.78 | J70: 0.001276788 | P70: =O70*H70 -> 0 | Q70: =O70 -> 0 | R70: =Q70/F70 -> 0 | S70: =F70-Q70 -> 2 | T70: =S70*H70 -> 1788.78 | V70: =U70*H70 -> 0 | W70: =Q70+U70 -> 0 | X70: =W70/$F$8 -> 0 | Y70: =F70-W70 -> 2 | Z70: =Y70*H70 -> 1788.78 | AB70: =AA70*H70 -> 0 | AE70: =W70+AC70 -> 0 | AF70: =AE70/$F$8 -> 0 | AG70: =F70-AE70 -> 2 | AH70: =AG70*H70 -> 1788.78 | AJ70: =AI70*T70 -> 0 | AM70: =AE70+AK70 -> 0 | AN70: =AM70/$F$8 -> 0 | AO70: =F70-AM70 -> 2 | AP70: =AO70*H70 -> 1788.78
A71: 6.1.4 | B71: COM-B2023 | C71: Próprio | D71: PM4 - PORTA DE ABRIR EM MADEIRA PARA PINTURA 0,6 X 2,1M, ESPESSURA DE 3,5 CM, COM VENEZIANA 0,5 X 0,40M, CONFORMA PROJETO, INCLUSO DOBRADIÇAS, BATENTES E FECHADURAS | E71: UN | F71: 1 | G71: 986.59 | H71: 1208.27 | I71: 1208.27 | J71: 0.00086243398 | P71: =O71*H71 -> 0 | Q71: =O71 -> 0 | R71: =Q71/F71 -> 0 | S71: =F71-Q71 -> 1 | T71: =S71*H71 -> 1208.27 | V71: =U71*H71 -> 0 | W71: =Q71+U71 -> 0 | X71: =W71/$F$8 -> 0 | Y71: =F71-W71 -> 1 | Z71: =Y71*H71 -> 1208.27 | AB71: =AA71*H71 -> 0 | AE71: =W71+AC71 -> 0 | AF71: =AE71/$F$8 -> 0 | AG71: =F71-AE71 -> 1 | AH71: =AG71*H71 -> 1208.27 | AJ71: =AI71*T71 -> 0 | AM71: =AE71+AK71 -> 0 | AN71: =AM71/$F$8 -> 0 | AO71: =F71-AM71 -> 1 | AP71: =AO71*H71 -> 1208.27
A72: 6.1.5 | B72: 100692 | C72: SINAPI | D72: KIT DE PORTA DE MADEIRA TIPO VENEZIANA, 80X210CM (ESPESSURA DE 3CM), PADRÃO POPULAR, ITENS INCLUSOS: DOBRADIÇAS, MONTAGEM E INSTALAÇÃO DE BATENTE, FECHADURA COM EXECUÇÃO DO FURO - FORNECIMENTO E INSTALAÇÃO. AF_12/2019 | E72: UN | F72: 3 | G72: 988.77 | H72: 1210.94 | I72: 3632.82 | J72: 0.0025930193 | P72: =O72*H72 -> 0 | Q72: =O72 -> 0 | R72: =Q72/F72 -> 0 | S72: =F72-Q72 -> 3 | T72: =S72*H72 -> 3632.82 | V72: =U72*H72 -> 0 | W72: =Q72+U72 -> 0 | X72: =W72/$F$8 -> 0 | Y72: =F72-W72 -> 3 | Z72: =Y72*H72 -> 3632.82 | AB72: =AA72*H72 -> 0 | AE72: =W72+AC72 -> 0 | AF72: =AE72/$F$8 -> 0 | AG72: =F72-AE72 -> 3 | AH72: =AG72*H72 -> 3632.82 | AJ72: =AI72*T72 -> 0 | AM72: =AE72+AK72 -> 0 | AN72: =AM72/$F$8 -> 0 | AO72: =F72-AM72 -> 3 | AP72: =AO72*H72 -> 3632.82
A73: 6.1.6 | B73: COM-C2023 | C73: Próprio | D73: PM6 - PORTA DE ABRIR EM CHAPA DE MADEIRA COMPENSADA PARA BANHEIRO REVESTIDA COM LAMINADO 0,6 X 1,60 M, INCLUSO MARCO E DOBRADIÇAS. (REF. SINAPI/02/2023, SBC 04/2023)(UN) | E73: UN | F73: 3 | G73: 1125.06 | H73: 1377.86 | I73: 4133.58 | J73: 0.0029504497 | P73: =O73*H73 -> 0 | Q73: =O73 -> 0 | R73: =Q73/F73 -> 0 | S73: =F73-Q73 -> 3 | T73: =S73*H73 -> 4133.58 | V73: =U73*H73 -> 0 | W73: =Q73+U73 -> 0 | X73: =W73/$F$8 -> 0 | Y73: =F73-W73 -> 3 | Z73: =Y73*H73 -> 4133.58 | AB73: =AA73*H73 -> 0 | AE73: =W73+AC73 -> 0 | AF73: =AE73/$F$8 -> 0 | AG73: =F73-AE73 -> 3 | AH73: =AG73*H73 -> 4133.58 | AJ73: =AI73*T73 -> 0 | AM73: =AE73+AK73 -> 0 | AN73: =AM73/$F$8 -> 0 | AO73: =F73-AM73 -> 3 | AP73: =AO73*H73 -> 4133.58
A74: 6.1.7 | B74: COM-D2023 | C74: Próprio | D74: PM7 - PORTA DE ABRIR EM CHAPA DE MADEIRA COMPENSADA PARA BANHEIRO REVESTIDA COM LAMINADO 0,80 X 1,60 M, INCLUSO MARCO E DOBRADIÇAS | E74: UN | F74: 2 | G74: 1386.68 | H74: 1698.26 | I74: 3396.52 | J74: 0.002424354 | P74: =O74*H74 -> 0 | Q74: =O74 -> 0 | R74: =Q74/F74 -> 0 | S74: =F74-Q74 -> 2 | T74: =S74*H74 -> 3396.52 | V74: =U74*H74 -> 0 | W74: =Q74+U74 -> 0 | X74: =W74/$F$8 -> 0 | Y74: =F74-W74 -> 2 | Z74: =Y74*H74 -> 3396.52 | AB74: =AA74*H74 -> 0 | AE74: =W74+AC74 -> 0 | AF74: =AE74/$F$8 -> 0 | AG74: =F74-AE74 -> 2 | AH74: =AG74*H74 -> 3396.52 | AJ74: =AI74*T74 -> 0 | AM74: =AE74+AK74 -> 0 | AN74: =AM74/$F$8 -> 0 | AO74: =F74-AM74 -> 2 | AP74: =AO74*H74 -> 3396.52
A75: 6.2 | D75: FERRAGENS E ACESSÓRIOS | I75: 996.45 | J75: 0.00071124197 | T75: =SUM(T76:T78) -> 996.456 | Z75: =SUM(Z76:Z78) -> 996.456 | AH75: =SUM(AH76:AH78) -> 996.456 | AP75: =SUM(AP76:AP78) -> 996.456
A76: 6.2.1 | B76: 100874 | C76: SINAPI | D76: PUXADOR PARA PCD, FIXADO NA PORTA - FORNECIMENTO E INSTALAÇÃO. AF_01/2020 | E76: UN | F76: 2 | G76: 227.31 | H76: 278.38 | I76: 556.76 | J76: 0.00039740186 | P76: =O76*H76 -> 0 | Q76: =O76 -> 0 | R76: =Q76/F76 -> 0 | S76: =F76-Q76 -> 2 | T76: =S76*H76 -> 556.76 | V76: =U76*H76 -> 0 | W76: =Q76+U76 -> 0 | X76: =W76/$F$8 -> 0 | Y76: =F76-W76 -> 2 | Z76: =Y76*H76 -> 556.76 | AB76: =AA76*H76 -> 0 | AE76: =W76+AC76 -> 0 | AF76: =AE76/$F$8 -> 0 | AG76: =F76-AE76 -> 2 | AH76: =AG76*H76 -> 556.76 | AJ76: =AI76*T76 -> 0 | AM76: =AE76+AK76 -> 0 | AN76: =AM76/$F$8 -> 0 | AO76: =F76-AM76 -> 2 | AP76: =AO76*H76 -> 556.76
A77: 6.2.2 | B77: COM-E2023 | C77: Próprio | D77: FECHADURA DE EMBUTIR COMPLETA, TIPO TARJETA LIVRE - OCUPADO | E77: UN | F77: 5 | G77: 39.26 | H77: 48.08 | I77: 240.4 | J77: 0.00017159172 | P77: =O77*H77 -> 0 | Q77: =O77 -> 0 | R77: =Q77/F77 -> 0 | S77: =F77-Q77 -> 5 | T77: =S77*H77 -> 240.4 | V77: =U77*H77 -> 0 | W77: =Q77+U77 -> 0 | X77: =W77/$F$8 -> 0 | Y77: =F77-W77 -> 5 | Z77: =Y77*H77 -> 240.4 | AB77: =AA77*H77 -> 0 | AE77: =W77+AC77 -> 0 | AF77: =AE77/$F$8 -> 0 | AG77: =F77-AE77 -> 5 | AH77: =AG77*H77 -> 240.4 | AJ77: =AI77*T77 -> 0 | AM77: =AE77+AK77 -> 0 | AN77: =AM77/$F$8 -> 0 | AO77: =F77-AM77 -> 5 | AP77: =AO77*H77 -> 240.4
A78: 6.2.3 | B78: COM-F2023 | C78: Próprio | D78: CHAPA MATÁLICA (ALUMÍNIO) 0,80M 0,40 MM, E= 1MM PARA AS PORTAS | E78: M² | F78: 2.88 | G78: 56.51 | H78: 69.2 | I78: 199.29 | J78: 0.00014224839 | P78: =O78*H78 -> 0 | Q78: =O78 -> 0 | R78: =Q78/F78 -> 0 | S78: =F78-Q78 -> 2.88 | T78: =S78*H78 -> 199.296 | V78: =U78*H78 -> 0 | W78: =Q78+U78 -> 0 | X78: =W78/$F$8 -> 0 | Y78: =F78-W78 -> 2.88 | Z78: =Y78*H78 -> 199.296 | AB78: =AA78*H78 -> 0 | AE78: =W78+AC78 -> 0 | AF78: =AE78/$F$8 -> 0 | AG78: =F78-AE78 -> 2.88 | AH78: =AG78*H78 -> 199.296 | AJ78: =AI78*T78 -> 0 | AM78: =AE78+AK78 -> 0 | AN78: =AM78/$F$8 -> 0 | AO78: =F78-AM78 -> 2.88 | AP78: =AO78*H78 -> 199.296
A79: 6.3 | D79: PORTAS DE ALUMÍNIO | I79: 461.96 | J79: 0.0003297359 | T79: =T80 -> 461.9664 | Z79: =Z80 -> 461.9664 | AH79: =AH80 -> 461.9664 | AP79: =AP80 -> 461.9664
A80: 6.3.1 | B80: 11947 | C80: ORSE | D80: Porta em alumínio, cor N/P/B, tipo veneziana (até 50%) e vidro (até 50%), de abrir ou correr, completa, inclusive caixilhos, dobradiças ou roldanas, fechadura exclusive vidro | E80: m² | F80: 1.68 | G80: 224.53 | H80: 274.98 | I80: 461.96 | J80: 0.0003297359 | P80: =O80*H80 -> 0 | Q80: =O80 -> 0 | R80: =Q80/F80 -> 0 | S80: =F80-Q80 -> 1.68 | T80: =S80*H80 -> 461.9664 | V80: =U80*H80 -> 0 | W80: =Q80+U80 -> 0 | X80: =W80/$F$8 -> 0 | Y80: =F80-W80 -> 1.68 | Z80: =Y80*H80 -> 461.9664 | AB80: =AA80*H80 -> 0 | AE80: =W80+AC80 -> 0 | AF80: =AE80/$F$8 -> 0 | AG80: =F80-AE80 -> 1.68 | AH80: =AG80*H80 -> 461.9664 | AJ80: =AI80*T80 -> 0 | AM80: =AE80+AK80 -> 0 | AN80: =AM80/$F$8 -> 0 | AO80: =F80-AM80 -> 1.68 | AP80: =AO80*H80 -> 461.9664
A81: 6.4 | D81: JANELAS DE ALUMÍNIO | I81: 120131.96 | J81: 0.085747295 | T81: =SUM(T82:T92) -> 120132.01 | Z81: =SUM(Z82:Z92) -> 120132.01 | AH81: =SUM(AH82:AH92) -> 120132.01 | AP81: =SUM(AP82:AP92) -> 120132.01
A82: 6.4.1 | B82: 94569 | C82: SINAPI | D82: JANELA DE ALUMÍNIO TIPO MAXIM-AR, COM VIDROS, BATENTE E FERRAGENS. EXCLUSIVE ALIZAR, ACABAMENTO E CONTRAMARCO. FORNECIMENTO E INSTALAÇÃO. AF_12/2019 | E82: m² | F82: 0.24 | G82: 1057.71 | H82: 1295.37 | I82: 310.88 | J82: 0.00022189864 | P82: =O82*H82 -> 0 | Q82: =O82 -> 0 | R82: =Q82/F82 -> 0 | S82: =F82-Q82 -> 0.24 | T82: =S82*H82 -> 310.8888 | V82: =U82*H82 -> 0 | W82: =Q82+U82 -> 0 | X82: =W82/$F$8 -> 0 | Y82: =F82-W82 -> 0.24 | Z82: =Y82*H82 -> 310.8888 | AB82: =AA82*H82 -> 0 | AE82: =W82+AC82 -> 0 | AF82: =AE82/$F$8 -> 0 | AG82: =F82-AE82 -> 0.24 | AH82: =AG82*H82 -> 310.8888 | AJ82: =AI82*T82 -> 0 | AM82: =AE82+AK82 -> 0 | AN82: =AM82/$F$8 -> 0 | AO82: =F82-AM82 -> 0.24 | AP82: =AO82*H82 -> 310.8888
A83: 6.4.2 | B83: 94569 | C83: SINAPI | D83: JANELA DE ALUMÍNIO TIPO MAXIM-AR, COM VIDROS, BATENTE E FERRAGENS. EXCLUSIVE ALIZAR, ACABAMENTO E CONTRAMARCO. FORNECIMENTO E INSTALAÇÃO. AF_12/2019 | E83: m² | F83: 1.08 | G83: 1057.71 | H83: 1295.37 | I83: 1398.99 | J83: 0.00099856531 | P83: =O83*H83 -> 0 | Q83: =O83 -> 0 | R83: =Q83/F83 -> 0 | S83: =F83-Q83 -> 1.08 | T83: =S83*H83 -> 1398.9996 | V83: =U83*H83 -> 0 | W83: =Q83+U83 -> 0 | X83: =W83/$F$8 -> 0 | Y83: =F83-W83 -> 1.08 | Z83: =Y83*H83 -> 1398.9996 | AB83: =AA83*H83 -> 0 | AE83: =W83+AC83 -> 0 | AF83: =AE83/$F$8 -> 0 | AG83: =F83-AE83 -> 1.08 | AH83: =AG83*H83 -> 1398.9996 | AJ83: =AI83*T83 -> 0 | AM83: =AE83+AK83 -> 0 | AN83: =AM83/$F$8 -> 0 | AO83: =F83-AM83 -> 1.08 | AP83: =AO83*H83 -> 1398.9996
A84: 6.4.3 | B84: 94569 | C84: SINAPI | D84: JANELA DE ALUMÍNIO TIPO MAXIM-AR, COM VIDROS, BATENTE E FERRAGENS. EXCLUSIVE ALIZAR, ACABAMENTO E CONTRAMARCO. FORNECIMENTO E INSTALAÇÃO. AF_12/2019 | E84: m² | F84: 3.2 | G84: 1057.71 | H84: 1295.37 | I84: 4145.18 | J84: 0.0029587295 | P84: =O84*H84 -> 0 | Q84: =O84 -> 0 | R84: =Q84/F84 -> 0 | S84: =F84-Q84 -> 3.2 | T84: =S84*H84 -> 4145.184 | V84: =U84*H84 -> 0 | W84: =Q84+U84 -> 0 | X84: =W84/$F$8 -> 0 | Y84: =F84-W84 -> 3.2 | Z84: =Y84*H84 -> 4145.184 | AB84: =AA84*H84 -> 0 | AE84: =W84+AC84 -> 0 | AF84: =AE84/$F$8 -> 0 | AG84: =F84-AE84 -> 3.2 | AH84: =AG84*H84 -> 4145.184 | AJ84: =AI84*T84 -> 0 | AM84: =AE84+AK84 -> 0 | AN84: =AM84/$F$8 -> 0 | AO84: =F84-AM84 -> 3.2 | AP84: =AO84*H84 -> 4145.184
A85: 6.4.4 | B85: 94570 | C85: SINAPI | D85: JANELA DE ALUMÍNIO DE CORRER COM 2 FOLHAS PARA VIDROS, COM VIDROS, BATENTE, ACABAMENTO COM ACETATO OU BRILHANTE E FERRAGENS. EXCLUSIVE ALIZAR E CONTRAMARCO. FORNECIMENTO E INSTALAÇÃO. AF_12/2019 | E85: m² | F85: 0.6 | G85: 562.35 | H85: 688.71 | I85: 413.22 | J85: 0.00029494647 | P85: =O85*H85 -> 0 | Q85: =O85 -> 0 | R85: =Q85/F85 -> 0 | S85: =F85-Q85 -> 0.6 | T85: =S85*H85 -> 413.226 | V85: =U85*H85 -> 0 | W85: =Q85+U85 -> 0 | X85: =W85/$F$8 -> 0 | Y85: =F85-W85 -> 0.6 | Z85: =Y85*H85 -> 413.226 | AB85: =AA85*H85 -> 0 | AE85: =W85+AC85 -> 0 | AF85: =AE85/$F$8 -> 0 | AG85: =F85-AE85 -> 0.6 | AH85: =AG85*H85 -> 413.226 | AJ85: =AI85*T85 -> 0 | AM85: =AE85+AK85 -> 0 | AN85: =AM85/$F$8 -> 0 | AO85: =F85-AM85 -> 0.6 | AP85: =AO85*H85 -> 413.226
A86: 6.4.5 | B86: 94570 | C86: SINAPI | D86: JANELA DE ALUMÍNIO DE CORRER COM 2 FOLHAS PARA VIDROS, COM VIDROS, BATENTE, ACABAMENTO COM ACETATO OU BRILHANTE E FERRAGENS. EXCLUSIVE ALIZAR E CONTRAMARCO. FORNECIMENTO E INSTALAÇÃO. AF_12/2019 | E86: m² | F86: 6 | G86: 562.35 | H86: 688.71 | I86: 4132.26 | J86: 0.0029495075 | P86: =O86*H86 -> 0 | Q86: =O86 -> 0 | R86: =Q86/F86 -> 0 | S86: =F86-Q86 -> 6 | T86: =S86*H86 -> 4132.26 | V86: =U86*H86 -> 0 | W86: =Q86+U86 -> 0 | X86: =W86/$F$8 -> 0 | Y86: =F86-W86 -> 6 | Z86: =Y86*H86 -> 4132.26 | AB86: =AA86*H86 -> 0 | AE86: =W86+AC86 -> 0 | AF86: =AE86/$F$8 -> 0 | AG86: =F86-AE86 -> 6 | AH86: =AG86*H86 -> 4132.26 | AJ86: =AI86*T86 -> 0 | AM86: =AE86+AK86 -> 0 | AN86: =AM86/$F$8 -> 0 | AO86: =F86-AM86 -> 6 | AP86: =AO86*H86 -> 4132.26
A87: 6.4.6 | B87: 94569 | C87: SINAPI | D87: JANELA DE ALUMÍNIO TIPO MAXIM-AR, COM VIDROS, BATENTE E FERRAGENS. EXCLUSIVE ALIZAR, ACABAMENTO E CONTRAMARCO. FORNECIMENTO E INSTALAÇÃO. AF_12/2019 | E87: m² | F87: 3.3 | G87: 1057.71 | H87: 1295.37 | I87: 4274.72 | J87: 0.003051192 | P87: =O87*H87 -> 0 | Q87: =O87 -> 0 | R87: =Q87/F87 -> 0 | S87: =F87-Q87 -> 3.3 | T87: =S87*H87 -> 4274.721 | V87: =U87*H87 -> 0 | W87: =Q87+U87 -> 0 | X87: =W87/$F$8 -> 0 | Y87: =F87-W87 -> 3.3 | Z87: =Y87*H87 -> 4274.721 | AB87: =AA87*H87 -> 0 | AE87: =W87+AC87 -> 0 | AF87: =AE87/$F$8 -> 0 | AG87: =F87-AE87 -> 3.3 | AH87: =AG87*H87 -> 4274.721 | AJ87: =AI87*T87 -> 0 | AM87: =AE87+AK87 -> 0 | AN87: =AM87/$F$8 -> 0 | AO87: =F87-AM87 -> 3.3 | AP87: =AO87*H87 -> 4274.721
A88: 6.4.7 | B88: 94569 | C88: SINAPI | D88: JANELA DE ALUMÍNIO TIPO MAXIM-AR, COM VIDROS, BATENTE E FERRAGENS. EXCLUSIVE ALIZAR, ACABAMENTO E CONTRAMARCO. FORNECIMENTO E INSTALAÇÃO. AF_12/2019 | E88: m² | F88: 8.8 | G88: 1057.71 | H88: 1295.37 | I88: 11399.25 | J88: 0.0081365096 | P88: =O88*H88 -> 0 | Q88: =O88 -> 0 | R88: =Q88/F88 -> 0 | S88: =F88-Q88 -> 8.8 | T88: =S88*H88 -> 11399.256 | V88: =U88*H88 -> 0 | W88: =Q88+U88 -> 0 | X88: =W88/$F$8 -> 0 | Y88: =F88-W88 -> 8.8 | Z88: =Y88*H88 -> 11399.256 | AB88: =AA88*H88 -> 0 | AE88: =W88+AC88 -> 0 | AF88: =AE88/$F$8 -> 0 | AG88: =F88-AE88 -> 8.8 | AH88: =AG88*H88 -> 11399.256 | AJ88: =AI88*T88 -> 0 | AM88: =AE88+AK88 -> 0 | AN88: =AM88/$F$8 -> 0 | AO88: =F88-AM88 -> 8.8 | AP88: =AO88*H88 -> 11399.256
A89: 6.4.8 | B89: 94569 | C89: SINAPI | D89: JANELA DE ALUMÍNIO TIPO MAXIM-AR, COM VIDROS, BATENTE E FERRAGENS. EXCLUSIVE ALIZAR, ACABAMENTO E CONTRAMARCO. FORNECIMENTO E INSTALAÇÃO. AF_12/2019 | E89: m² | F89: 67.76 | G89: 1057.71 | H89: 1295.37 | I89: 87774.27 | J89: 0.062651156 | P89: =O89*H89 -> 0 | Q89: =O89 -> 0 | R89: =Q89/F89 -> 0 | S89: =F89-Q89 -> 67.76 | T89: =S89*H89 -> 87774.271 | V89: =U89*H89 -> 0 | W89: =Q89+U89 -> 0 | X89: =W89/$F$8 -> 0 | Y89: =F89-W89 -> 67.76 | Z89: =Y89*H89 -> 87774.271 | AB89: =AA89*H89 -> 0 | AE89: =W89+AC89 -> 0 | AF89: =AE89/$F$8 -> 0 | AG89: =F89-AE89 -> 67.76 | AH89: =AG89*H89 -> 87774.271 | AJ89: =AI89*T89 -> 0 | AM89: =AE89+AK89 -> 0 | AN89: =AM89/$F$8 -> 0 | AO89: =F89-AM89 -> 67.76 | AP89: =AO89*H89 -> 87774.271
A90: 6.4.9 | B90: C1516 | C90: SEINFRA | D90: JANELA DE ALUMÍNIO, TIPO VENEZIANA | E90: m² | F90: 6.48 | G90: 395.17 | H90: 483.96 | I90: 3136.06 | J90: 0.002238444 | P90: =O90*H90 -> 0 | Q90: =O90 -> 0 | R90: =Q90/F90 -> 0 | S90: =F90-Q90 -> 6.48 | T90: =S90*H90 -> 3136.0608 | V90: =U90*H90 -> 0 | W90: =Q90+U90 -> 0 | X90: =W90/$F$8 -> 0 | Y90: =F90-W90 -> 6.48 | Z90: =Y90*H90 -> 3136.0608 | AB90: =AA90*H90 -> 0 | AE90: =W90+AC90 -> 0 | AF90: =AE90/$F$8 -> 0 | AG90: =F90-AE90 -> 6.48 | AH90: =AG90*H90 -> 3136.0608 | AJ90: =AI90*T90 -> 0 | AM90: =AE90+AK90 -> 0 | AN90: =AM90/$F$8 -> 0 | AO90: =F90-AM90 -> 6.48 | AP90: =AO90*H90 -> 3136.0608
A91: 6.4.10 | B91: 100674 | C91: SINAPI | D91: JANELA FIXA DE ALUMÍNIO PARA VIDRO, COM VIDRO, BATENTE E FERRAGENS. EXCLUSIVE ACABAMENTO, ALIZAR E CONTRAMARCO. FORNECIMENTO E INSTALAÇÃO. AF_12/2019 | E91: m² | F91: 1.98 | G91: 1199.05 | H91: 1468.47 | I91: 2907.57 | J91: 0.0020753533 | P91: =O91*H91 -> 0 | Q91: =O91 -> 0 | R91: =Q91/F91 -> 0 | S91: =F91-Q91 -> 1.98 | T91: =S91*H91 -> 2907.5706 | V91: =U91*H91 -> 0 | W91: =Q91+U91 -> 0 | X91: =W91/$F$8 -> 0 | Y91: =F91-W91 -> 1.98 | Z91: =Y91*H91 -> 2907.5706 | AB91: =AA91*H91 -> 0 | AE91: =W91+AC91 -> 0 | AF91: =AE91/$F$8 -> 0 | AG91: =F91-AE91 -> 1.98 | AH91: =AG91*H91 -> 2907.5706 | AJ91: =AI91*T91 -> 0 | AM91: =AE91+AK91 -> 0 | AN91: =AM91/$F$8 -> 0 | AO91: =F91-AM91 -> 1.98 | AP91: =AO91*H91 -> 2907.5706
A92: 6.4.11 | B92: 1897 | C92: ORSE | D92: Tela de nylon tipo mosquiteiro com moldura em madeira, para esquadrias - Rev 01 | E92: m² | F92: 4.2 | G92: 46.58 | H92: 57.04 | I92: 239.56 | J92: 0.00017099215 | P92: =O92*H92 -> 0 | Q92: =O92 -> 0 | R92: =Q92/F92 -> 0 | S92: =F92-Q92 -> 4.2 | T92: =S92*H92 -> 239.568 | V92: =U92*H92 -> 0 | W92: =Q92+U92 -> 0 | X92: =W92/$F$8 -> 0 | Y92: =F92-W92 -> 4.2 | Z92: =Y92*H92 -> 239.568 | AB92: =AA92*H92 -> 0 | AE92: =W92+AC92 -> 0 | AF92: =AE92/$F$8 -> 0 | AG92: =F92-AE92 -> 4.2 | AH92: =AG92*H92 -> 239.568 | AJ92: =AI92*T92 -> 0 | AM92: =AE92+AK92 -> 0 | AN92: =AM92/$F$8 -> 0 | AO92: =F92-AM92 -> 4.2 | AP92: =AO92*H92 -> 239.568
A93: 6.5 | D93: VIDROS | I93: 2280.14 | J93: 0.0016275089 | T93: =SUM(T94:T95) -> 2280.1504 | Z93: =SUM(Z94:Z95) -> 2280.1504 | AH93: =SUM(AH94:AH95) -> 2280.1504 | AP93: =SUM(AP94:AP95) -> 2280.1504
A94: 6.5.1 | B94: C4949 | C94: SEINFRA | D94: VIDRO TEMPERADO INCOLOR C/MASSA E=6MM, COLOCADO | E94: m² | F94: 1.98 | G94: 196.85 | H94: 241.08 | I94: 477.33 | J94: 0.00034070664 | P94: =O94*H94 -> 0 | Q94: =O94 -> 0 | R94: =Q94/F94 -> 0 | S94: =F94-Q94 -> 1.98 | T94: =S94*H94 -> 477.3384 | V94: =U94*H94 -> 0 | W94: =Q94+U94 -> 0 | X94: =W94/$F$8 -> 0 | Y94: =F94-W94 -> 1.98 | Z94: =Y94*H94 -> 477.3384 | AB94: =AA94*H94 -> 0 | AE94: =W94+AC94 -> 0 | AF94: =AE94/$F$8 -> 0 | AG94: =F94-AE94 -> 1.98 | AH94: =AG94*H94 -> 477.3384 | AJ94: =AI94*T94 -> 0 | AM94: =AE94+AK94 -> 0 | AN94: =AM94/$F$8 -> 0 | AO94: =F94-AM94 -> 1.98 | AP94: =AO94*H94 -> 477.3384
A95: 6.5.2 | B95: C4835 | C95: SEINFRA | D95: ESPELHO CRISTAL, ESPESSURA 4MM, COM PARAFUSOS DE FIXAÇÃO, SEM MOLDURA | E95: m² | F95: 4.4 | G95: 334.56 | H95: 409.73 | I95: 1802.81 | J95: 0.0012868023 | P95: =O95*H95 -> 0 | Q95: =O95 -> 0 | R95: =Q95/F95 -> 0 | S95: =F95-Q95 -> 4.4 | T95: =S95*H95 -> 1802.812 | V95: =U95*H95 -> 0 | W95: =Q95+U95 -> 0 | X95: =W95/$F$8 -> 0 | Y95: =F95-W95 -> 4.4 | Z95: =Y95*H95 -> 1802.812 | AB95: =AA95*H95 -> 0 | AE95: =W95+AC95 -> 0 | AF95: =AE95/$F$8 -> 0 | AG95: =F95-AE95 -> 4.4 | AH95: =AG95*H95 -> 1802.812 | AJ95: =AI95*T95 -> 0 | AM95: =AE95+AK95 -> 0 | AN95: =AM95/$F$8 -> 0 | AO95: =F95-AM95 -> 4.4 | AP95: =AO95*H95 -> 1802.812
A96: 7 | D96: SISTEMAS DE COBERTURA | I96: 219581.14 | J96: 0.15673172 | T96: =SUM(T97:T104) -> 219581.17 | Z96: =SUM(Z97:Z104) -> 219581.17 | AH96: =SUM(AH97:AH104) -> 219581.17 | AP96: =SUM(AP97:AP104) -> 219581.17
A97: 7.1 | B97: 92550 | C97: SINAPI | D97: FABRICAÇÃO E INSTALAÇÃO DE TESOURA INTEIRA EM MADEIRA NÃO APARELHADA, VÃO DE 8 M, PARA TELHA CERÂMICA OU DE CONCRETO, INCLUSO IÇAMENTO. AF_07/2019 | E97: UN | F97: 23 | G97: 1418.51 | H97: 1737.24 | I97: 39956.52 | J97: 0.02852 | P97: =O97*H97 -> 0 | Q97: =O97 -> 0 | R97: =Q97/F97 -> 0 | S97: =F97-Q97 -> 23 | T97: =S97*H97 -> 39956.52 | V97: =U97*H97 -> 0 | W97: =Q97+U97 -> 0 | X97: =W97/$F$8 -> 0 | Y97: =F97-W97 -> 23 | Z97: =Y97*H97 -> 39956.52 | AB97: =AA97*H97 -> 0 | AE97: =W97+AC97 -> 0 | AF97: =AE97/$F$8 -> 0 | AG97: =F97-AE97 -> 23 | AH97: =AG97*H97 -> 39956.52 | AJ97: =AI97*T97 -> 0 | AM97: =AE97+AK97 -> 0 | AN97: =AM97/$F$8 -> 0 | AO97: =F97-AM97 -> 23 | AP97: =AO97*H97 -> 39956.52
A98: 7.2 | B98: 92549 | C98: SINAPI | D98: FABRICAÇÃO E INSTALAÇÃO DE TESOURA INTEIRA EM MADEIRA NÃO APARELHADA, VÃO DE 7 M, PARA TELHA CERÂMICA OU DE CONCRETO, INCLUSO IÇAMENTO. AF_07/2019 | E98: UN | F98: 10 | G98: 1151.54 | H98: 1410.29 | I98: 14102.9 | J98: 0.01006631 | P98: =O98*H98 -> 0 | Q98: =O98 -> 0 | R98: =Q98/F98 -> 0 | S98: =F98-Q98 -> 10 | T98: =S98*H98 -> 14102.9 | V98: =U98*H98 -> 0 | W98: =Q98+U98 -> 0 | X98: =W98/$F$8 -> 0 | Y98: =F98-W98 -> 10 | Z98: =Y98*H98 -> 14102.9 | AB98: =AA98*H98 -> 0 | AE98: =W98+AC98 -> 0 | AF98: =AE98/$F$8 -> 0 | AG98: =F98-AE98 -> 10 | AH98: =AG98*H98 -> 14102.9 | AJ98: =AI98*T98 -> 0 | AM98: =AE98+AK98 -> 0 | AN98: =AM98/$F$8 -> 0 | AO98: =F98-AM98 -> 10 | AP98: =AO98*H98 -> 14102.9
A99: 7.3 | B99: 92548 | C99: SINAPI | D99: FABRICAÇÃO E INSTALAÇÃO DE TESOURA INTEIRA EM MADEIRA NÃO APARELHADA, VÃO DE 6 M, PARA TELHA CERÂMICA OU DE CONCRETO, INCLUSO IÇAMENTO. AF_07/2019 | E99: UN | F99: 6 | G99: 916.15 | H99: 1122 | I99: 6732 | J99: 0.0048051392 | P99: =O99*H99 -> 0 | Q99: =O99 -> 0 | R99: =Q99/F99 -> 0 | S99: =F99-Q99 -> 6 | T99: =S99*H99 -> 6732 | V99: =U99*H99 -> 0 | W99: =Q99+U99 -> 0 | X99: =W99/$F$8 -> 0 | Y99: =F99-W99 -> 6 | Z99: =Y99*H99 -> 6732 | AB99: =AA99*H99 -> 0 | AE99: =W99+AC99 -> 0 | AF99: =AE99/$F$8 -> 0 | AG99: =F99-AE99 -> 6 | AH99: =AG99*H99 -> 6732 | AJ99: =AI99*T99 -> 0 | AM99: =AE99+AK99 -> 0 | AN99: =AM99/$F$8 -> 0 | AO99: =F99-AM99 -> 6 | AP99: =AO99*H99 -> 6732
A100: 7.4 | B100: 92584 | C100: SINAPI | D100: FABRICAÇÃO E INSTALAÇÃO DE TESOURA INTEIRA EM AÇO, VÃO DE 4 M, PARA TELHA CERÂMICA OU DE CONCRETO, INCLUSO IÇAMENTO. AF_12/2015 | E100: UN | F100: 6 | G100: 676.62 | H100: 828.65 | I100: 4971.9 | J100: 0.0035488223 | P100: =O100*H100 -> 0 | Q100: =O100 -> 0 | R100: =Q100/F100 -> 0 | S100: =F100-Q100 -> 6 | T100: =S100*H100 -> 4971.9 | V100: =U100*H100 -> 0 | W100: =Q100+U100 -> 0 | X100: =W100/$F$8 -> 0 | Y100: =F100-W100 -> 6 | Z100: =Y100*H100 -> 4971.9 | AB100: =AA100*H100 -> 0 | AE100: =W100+AC100 -> 0 | AF100: =AE100/$F$8 -> 0 | AG100: =F100-AE100 -> 6 | AH100: =AG100*H100 -> 4971.9 | AJ100: =AI100*T100 -> 0 | AM100: =AE100+AK100 -> 0 | AN100: =AM100/$F$8 -> 0 | AO100: =F100-AM100 -> 6 | AP100: =AO100*H100 -> 4971.9
...

Sheet BM 03
A2: BOLETIM DE MEDIÇÃO
A4: PROGRAMA: | B4: INTEGRA PARAIBA | C4: MODALIDADE: ESCOLA | H4: EMPREENDIMENTO: | J4: GESTOR: | L4: DATA DA MEDIÇÃO | M4: 45838
J5: ESTADO DA PARAÍBA
A7: CONTRATANTE: | D7: CNPJ: | F7: CONTRATADA: CONSTRUTORA SOUSA CAMPOS | J7: CNPJ: 19.175.657/0001-18 | L7: INICIO DA OBRA; | M7: 45579
A8: PREFEITURA MUNICIPAL DE MOGEIRO | D8: 08.866.501/0001-67
A10: OBJETO: | B10: CONTRATAÇÃO DE EMPRESA PARA CONSTRUÇÃO DE UMA ESCOLA COM 6 SALAS DE AULA. TIPO A INTEGRA PARAIBA. | F10: PROCESSO/OPERAÇÃO: | H10: CONTRATO-CPL: | J10: N° MEDIÇÃO | L10: PERÍODO DA MEDIÇÃO:
H11: 00125/2024-CPL | J11: 03 | L11: DE 01/04/2025 a 30/05/2025
A13: LOCAL: | B13: AVENIDA JOSÉ AMÉRICO, Z/N, BAIRRO MARIA PEIXOTO, MOGEIRO-PB | F13: VALOR CONTRATADO | H13: VALOR DA MEDIÇÃO | J13: VALOR ACUMULADO | L13: SALDO DO CONTRATO
F14: =F316 -> 1401000 | H14: =K324 -> 108696.72 | J14: =L324 -> 240825.52 | L14: =F14-J14 -> 1160174.5
A16: ITEM | B16: DISCRIMINAÇÃO | C16: CONTRATADO | G16: QUANTITATIVO | J16: FINANCEIRO | M16: PERCENTUAL MEDIDO
C17: UNID | D17: QUANT. | E17: UNITÁRIO | F17: TOTAL | G17: ACUMULADO ANTERIOR | H17: PERIODO | I17: ACUMULADO INCLUINDO O PERIODO | J17: ACUMULADO ANTERIOR | K17: PERIODO | L17: ACUMULADO INCLUINDO O PERIODO
A19: 1 | B19: SERVIÇOS PRELIMINARES | F19: =SUM(F20:F29) -> 73151.734 | J19: =SUM(J20:J29)+0.01 -> 70467 | K19: =SUM(K20:K29) -> 2684.73 | L19: =J19+K19 -> 73151.73 | M19: =L19/F19 -> 0.99999995
A20: 1.1 | B20: Placa de obra em chapa aço galvanizado, instalada - Rev 02_01/2022 | C20: m² | D20: 10 | E20: 311.37 | F20: =E20*D20 -> 3113.7 | G20: 10 | I20: 10 | J20: =TRUNC(E20*G20,2) -> 3113.7 | K20: =TRUNC(E20*H20,2) -> 0 | L20: =J20+K20 -> 3113.7 | M20: =L20/F20 -> 1 | N20: =D20-I20 -> 0
A21: 1.2 | B21: TAPUME COM COMPENSADO DE MADEIRA. AF_05/2018 | C21: m² | D21: 176 | E21: 92.8 | F21: =E21*D21 -> 16332.8 | G21: 176 | I21: 176 | J21: =TRUNC(E21*G21,2) -> 16332.8 | K21: =TRUNC(E21*H21,2) -> 0 | L21: =J21+K21 -> 16332.8 | M21: =L21/F21 -> 1 | N21: =D21-I21 -> 0
A22: 1.3 | B22: INSTALAÇÕES PROVISÓRIAS DE LUZ , FORÇA,TELEFONE E LÓGICA | C22: UN | D22: 1 | E22: 1140.85 | F22: =E22*D22 -> 1140.85 | G22: 1 | I22: =G22+H22 -> 1 | J22: =TRUNC(E22*G22,2) -> 1140.85 | K22: =TRUNC(E22*H22,2) -> 0 | L22: =J22+K22 -> 1140.85 | M22: =L22/F22 -> 1 | N22: =D22-I22 -> 0
A23: 1.4 | B23: EXECUÇÃO DE RESERVATÓRIO ELEVADO DE ÁGUA (1000 LITROS) EM CANTEIRO DE OBRA, APOIADO EM ESTRUTURA DE MADEIRA. AF_02/2016_PA | C23: UN | D23: 1 | E23: 4511.19 | F23: =E23*D23 -> 4511.19 | G23: 1 | I23: =G23+H23 -> 1 | J23: =TRUNC(E23*G23,2) -> 4511.19 | K23: =TRUNC(E23*H23,2) -> 0 | L23: =J23+K23 -> 4511.19 | M23: =L23/F23 -> 1 | N23: =D23-I23 -> 0
A24: 1.5 | B24: FOSSA SÉPTICA E SUMIDOURO EM ALVENARIA | C24: UN | D24: 1 | E24: 4397.61 | F24: =E24*D24 -> 4397.61 | G24: 1 | I24: =G24+H24 -> 1 | J24: =TRUNC(E24*G24,2) -> 4397.61 | K24: =TRUNC(E24*H24,2) -> 0 | L24: =J24+K24 -> 4397.61 | M24: =L24/F24 -> 1 | N24: =D24-I24 -> 0
A25: 1.6 | B25: EXECUÇÃO DE SANITÁRIO E VESTIÁRIO EM CANTEIRO DE OBRA EM CHAPA DE MADEIRA COMPENSADA, NÃO INCLUSO MOBILIÁRIO. AF_02/2016 | C25: m² | D25: 2.52 | E25: 831.62 | F25: =E25*D25 -> 2095.6824 | G25: 2.52 | I25: =G25+H25 -> 2.52 | J25: =TRUNC(E25*G25,2) -> 2095.68 | K25: =TRUNC(E25*H25,2) -> 0 | L25: =J25+K25 -> 2095.68 | M25: =L25/F25 -> 0.99999885 | N25: =D25-I25 -> 0
A26: 1.7 | B26: EXECUÇÃO DE ESCRITÓRIO EM CANTEIRO DE OBRA EM CHAPA DE MADEIRA COMPENSADA, NÃO INCLUSO MOBILIÁRIO E EQUIPAMENTOS. AF_02/2016 | C26: m² | D26: 20 | E26: 893.23 | F26: =E26*D26 -> 17864.6 | G26: 20 | I26: =G26+H26 -> 20 | J26: =TRUNC(E26*G26,2) -> 17864.6 | K26: =TRUNC(E26*H26,2) -> 0 | L26: =J26+K26 -> 17864.6 | M26: =L26/F26 -> 1 | N26: =D26-I26 -> 0
A27: 1.8 | B27: EXECUÇÃO DE DEPÓSITO EM CANTEIRO DE OBRA EM CHAPA DE MADEIRA COMPENSADA, NÃO INCLUSO MOBILIÁRIO. AF_04/2016 | C27: m² | D27: 20 | E27: 732.78 | F27: =E27*D27 -> 14655.6 | G27: 20 | I27: =G27+H27 -> 20 | J27: =TRUNC(E27*G27,2) -> 14655.6 | K27: =TRUNC(E27*H27,2) -> 0 | L27: =J27+K27 -> 14655.6 | M27: =L27/F27 -> 1 | N27: =D27-I27 -> 0
A28: 1.9 | B28: LOCAÇÃO DA OBRA - EXECUÇÃO DE GABARITO | C28: m² | D28: 1129.64 | E28: 6.94 | F28: =E28*D28 -> 7839.7016 | G28: 742.79 | H28: =D28-G28 -> 386.85 | I28: =G28+H28 -> 1129.64 | J28: =TRUNC(E28*G28,2) -> 5154.96 | K28: =TRUNC(E28*H28,2) -> 2684.73 | L28: =(J28+K28)+0.01 -> 7839.7 | M28: =L28/F28 -> 0.9999998 | N28: =D28-I28 -> 0 | P28: ERROS DE 1 CENTAVO
A29: 1.10 | B29: LIMPEZA MECANIZADA DE CAMADA VEGETAL, VEGETAÇÃO E PEQUENAS ÁRVORES (DIÂMETRO DE TRONCO MENOR QUE 0,20 M), COM TRATOR DE ESTEIRAS.AF_05/2018 | C29: m² | D29: 4000 | E29: 0.3 | F29: =E29*D29 -> 1200 | G29: 4000 | I29: =G29+H29 -> 4000 | J29: =TRUNC(E29*G29,2) -> 1200 | K29: =TRUNC(E29*H29,2) -> 0 | L29: =J29+K29 -> 1200 | M29: =L29/F29 -> 1 | N29: =D29-I29 -> 0
A30: 2 | B30: MOVIMENTO DE TERRAS PARA FUNDAÇÕES | F30: =SUM(F31:F34) -> 31327.78 | J30: =SUM(J31:J34) -> 9087.8 | K30: =SUM(K31:K34) -> 22239.98 | L30: =J30+K30 -> 31327.78 | M30: =L30/F30 -> 1
A31: 2.1 | B31: ATERRO MANUAL DE VALAS COM SOLO ARGILO-ARENOSO E COMPACTAÇÃO MECANIZADA. AF_05/2016 | C31: m³ | D31: 168.5 | E31: 66.13 | F31: 11142.9 | G31: 54.3828 | H31: =D31-G31 -> 114.1172 | I31: =G31+H31 -> 168.5 | J31: =TRUNC(E31*G31,2) -> 3596.33 | K31: =TRUNC(E31*H31,2) -> 7546.57 | L31: =J31+K31 -> 11142.9 | M31: =L31/F31 -> 1 | N31: =D31-I31 -> 0
A32: 2.2 | B32: ESCAVAÇÃO MANUAL DE VALA COM PROFUNDIDADE MENOR OU IGUAL A 1,30 M. AF_02/2021 | C32: m³ | D32: 94.33 | E32: 69.08 | F32: 6516.31 | G32: 79.4944 | H32: =D32-G32 -> 14.8356 | I32: =G32+H32 -> 94.33 | J32: =TRUNC(E32*G32,2) -> 5491.47 | K32: =TRUNC(E32*H32,2) -> 1024.84 | L32: =J32+K32 -> 6516.31 | M32: =L32/F32 -> 1 | N32: =D32-I32 -> 0
A33: 2.3 | B33: ATERRO MANUAL DE VALAS COM SOLO ARGILO-ARENOSO E COMPACTAÇÃO MECANIZADA. AF_05/2016 | C33: m³ | D33: 184.58 | E33: 66.13 | F33: 12206.27 | G33: 0 | H33: =D33-G33 -> 184.58 | I33: =G33+H33 -> 184.58 | J33: =TRUNC(E33*G33,2) -> 0 | K33: =TRUNC(E33*H33,2) -> 12206.27 | L33: =J33+K33 -> 12206.27 | M33: =L33/F33 -> 1 | N33: =D33-I33 -> 0
A34: 2.4 | B34: REATERRO MANUAL DE VALAS COM COMPACTAÇÃO MECANIZADA. AF_04/2016 | C34: m³ | D34: 55.58 | E34: 26.31 | F34: 1462.3 | G34: 0 | H34: =D34-G34 -> 55.58 | I34: =G34+H34 -> 55.58 | J34: =TRUNC(E34*G34,2) -> 0 | K34: =TRUNC(E34*H34,2) -> 1462.3 | L34: =J34+K34 -> 1462.3 | M34: =L34/F34 -> 1 | N34: =D34-I34 -> 0
A35: 3 | B35: INFRAESTRUTURA: FUNDAÇÕES | F35: =F36+F45+F52 -> 110557.96 | J35: =J36+J45+J52 -> 45907.78 | K35: =K36+K45+K52 -> 56323.48 | L35: =K35+J35 -> 102231.26 | M35: =L35/F35 -> 0.92468475
A36: 3.1 | B36: CONCRETO ARMADO PARA FUNDAÇÕES - SAPATAS | F36: =SUM(F37:F44) -> 40612.69 | J36: =SUM(J37:J44) -> 27829.43 | K36: =SUM(K37:K44) -> 12267.55 | L36: =K36+J36 -> 40096.98 | M36: =L36/F36 -> 0.98730175
A37: 3.1.1 | B37: LASTRO DE CONCRETO MAGRO, APLICADO EM BLOCOS DE COROAMENTO OU SAPATAS, ESPESSURA DE 5 CM. AF_08/2017 | C37: m² | D37: 61.88 | E37: 27.39 | F37: 1694.89 | G37: 26.434 | H37: =D37-G37 -> 35.446 | I37: =G37+H37 -> 61.88 | J37: =TRUNC(E37*G37,2) -> 724.02 | K37: =TRUNC(E37*H37,2) -> 970.86 | L37: =(J37+K37)+0.01 -> 1694.89 | M37: =L37/F37 -> 1 | N37: =D37-I37 -> 0 | P37: ERROS DE 1 CENTAVO
A38: 3.1.2 | B38: FABRICAÇÃO, MONTAGEM E DESMONTAGEM DE FÔRMA PARA SAPATA, EM MADEIRA SERRADA, E=25 MM, 4 UTILIZAÇÕES. AF_06/2017 | C38: m² | D38: 165.15 | E38: 128.27 | F38: 21183.79 | G38: 112.3 | H38: =D38-G38 -> 52.85 | I38: =G38+H38 -> 165.15 | J38: =TRUNC(E38*G38,2) -> 14404.72 | K38: =TRUNC(E38*H38,2) -> 6779.06 | L38: =(J38+K38)+0.01 -> 21183.79 | M38: =L38/F38 -> 1 | N38: =D38-I38 -> 0
A39: 3.1.3 | B39: ARMAÇÃO DE ESTRUTURAS DIVERSAS DE CONCRETO ARMADO, EXCETO VIGAS, PILARES, LAJES E FUNDAÇÕES, UTILIZANDO AÇO CA-50 DE 6,3 MM - MONTAGEM. AF_06/2022 | C39: KG | D39: 6.55 | E39: 14.13 | F39: 92.55 | G39: 0 | H39: ='MEMORIA DE CALCULO'!H191 -> 0 | I39: =G39+H39 -> 0 | J39: =TRUNC(E39*G39,2) -> 0 | K39: =TRUNC(E39*H39,2) -> 0 | L39: =J39+K39 -> 0 | M39: =L39/F39 -> 0 | N39: =D39-I39 -> 6.55
A40: 3.1.4 | B40: ARMAÇÃO DE ESTRUTURAS DIVERSAS DE CONCRETO ARMADO, EXCETO VIGAS, PILARES, LAJES E FUNDAÇÕES, UTILIZANDO AÇO CA-50 DE 8,0 MM - MONTAGEM. AF_06/2022 | C40: KG | D40: 32.45 | E40: 13.04 | F40: 423.14 | G40: 0 | I40: =G40+H40 -> 0 | J40: =TRUNC(E40*G40,2) -> 0 | K40: =TRUNC(E40*H40,2) -> 0 | L40: =J40+K40 -> 0 | M40: =L40/F40 -> 0 | N40: =D40-I40 -> 32.45
A41: 3.1.5 | B41: ARMAÇÃO DE ESTRUTURAS DIVERSAS DE CONCRETO ARMADO, EXCETO VIGAS, PILARES, LAJES E FUNDAÇÕES, UTILIZANDO AÇO CA-50 DE 10,0 MM - MONTAGEM. AF_06/2022 | C41: KG | D41: 312.26 | E41: 11.49 | F41: 3587.86 | G41: 312.26 | I41: =G41+H41 -> 312.26 | J41: =TRUNC(E41*G41,2) -> 3587.86 | K41: =TRUNC(E41*H41,2) -> 0 | L41: =J41+K41 -> 3587.86 | M41: =L41/F41 -> 1 | N41: =D41-I41 -> 0
A42: 3.1.6 | B42: ARMAÇÃO DE ESTRUTURAS DIVERSAS DE CONCRETO ARMADO, EXCETO VIGAS, PILARES, LAJES E FUNDAÇÕES, UTILIZANDO AÇO CA-50 DE 12,5 MM - MONTAGEM. AF_06/2022 | C42: KG | D42: 32.64 | E42: 9.57 | F42: 312.36 | G42: 0 | H42: 32.64 | I42: =G42+H42 -> 32.64 | J42: =TRUNC(E42*G42,2) -> 0 | K42: =TRUNC(E42*H42,2) -> 312.36 | L42: =J42+K42 -> 312.36 | M42: =L42/F42 -> 1 | N42: =D42-I42 -> 0
A43: 3.1.7 | B43: ARMAÇÃO DE ESTRUTURAS DIVERSAS DE CONCRETO ARMADO, EXCETO VIGAS, PILARES, LAJES E FUNDAÇÕES, UTILIZANDO AÇO CA-60 DE 5,0 MM - MONTAGEM. AF_06/2022 | C43: KG | D43: 307.55 | E43: 15.18 | F43: 4668.6 | G43: 118.89 | H43: 188.66 | I43: =G43+H43 -> 307.55 | J43: =TRUNC(E43*G43,2) -> 1804.75 | K43: =TRUNC(E43*H43,2) -> 2863.85 | L43: =J43+K43 -> 4668.6 | M43: =L43/F43 -> 1 | N43: =D43-I43 -> 0
A44: 3.1.8 | B44: CONCRETAGEM DE SAPATAS, FCK 30 MPA, COM USO DE BOMBA  LANÇAMENTO, ADENSAMENTO E ACABAMENTO. AF_11/2016 | C44: m³ | D44: 16.12 | E44: 536.57 | F44: 8649.5 | G44: 13.62 | H44: 2.5 | I44: =G44+H44 -> 16.12 | J44: =TRUNC(E44*G44,2) -> 7308.08 | K44: =TRUNC(E44*H44,2) -> 1341.42 | L44: =J44+K44 -> 8649.5 | M44: =L44/F44 -> 1 | N44: =D44-I44 -> 0
A45: 3.2 | B45: CONCRETO ARMADO PARA FUNDAÇÕES - VIGAS BALDRAMES | F45: =SUM(F46:F51) -> 62144.6 | J45: =SUM(J46:J51) -> 18078.35 | K45: =SUM(K46:K51) -> 44055.93 | L45: =K45+J45 -> 62134.28 | M45: =L45/F45 -> 0.99983394
A46: 3.2.1 | B46: FABRICAÇÃO, MONTAGEM E DESMONTAGEM DE FÔRMA PARA VIGA BALDRAME, EM MADEIRA SERRADA, E=25 MM, 4 UTILIZAÇÕES. AF_06/2017 | C46: m² | D46: 463.48 | E46: 64.54 | F46: 29912.99 | G46: 57.64 | H46: ='MEMORIA DE CALCULO'!H271 -> 405.84 | I46: =G46+H46 -> 463.48 | J46: =TRUNC(E46*G46,2) -> 3720.08 | K46: =TRUNC(E46*H46,2) -> 26192.91 | L46: =J46+K46 -> 29912.99 | M46: =L46/F46 -> 1 | N46: =D46-I46 -> 0
A47: 3.2.2 | B47: ARMAÇÃO DE ESTRUTURAS DIVERSAS DE CONCRETO ARMADO, EXCETO VIGAS, PILARES, LAJES E FUNDAÇÕES, UTILIZANDO AÇO CA-50 DE 6,3 MM - MONTAGEM. AF_06/2022 | C47: KG | D47: 0.73 | E47: 14.13 | F47: 10.31 | G47: 0 | I47: =G47+H47 -> 0 | J47: =TRUNC(E47*G47,2) -> 0 | K47: =TRUNC(E47*H47,2) -> 0 | L47: =J47+K47 -> 0 | M47: =L47/F47 -> 0 | N47: =D47-I47 -> 0.73
A48: 3.2.3 | B48: ARMAÇÃO DE ESTRUTURAS DIVERSAS DE CONCRETO ARMADO, EXCETO VIGAS, PILARES, LAJES E FUNDAÇÕES, UTILIZANDO AÇO CA-50 DE 8,0 MM - MONTAGEM. AF_06/2022 | C48: KG | D48: 829.82 | E48: 13.04 | F48: 10820.85 | G48: 412.32 | H48: ='MEMORIA DE CALCULO'!H287 -> 417.5 | I48: =G48+H48 -> 829.82 | J48: =TRUNC(E48*G48,2) -> 5376.65 | K48: =TRUNC(E48*H48,2) -> 5444.2 | L48: =J48+K48 -> 10820.85 | M48: =L48/F48 -> 1 | N48: =D48-I48 -> 0
A49: 3.2.4 | B49: ARMAÇÃO DE ESTRUTURAS DIVERSAS DE CONCRETO ARMADO, EXCETO VIGAS, PILARES, LAJES E FUNDAÇÕES, UTILIZANDO AÇO CA-50 DE 10,0 MM - MONTAGEM. AF_06/2022 | C49: KG | D49: 100.82 | E49: 11.49 | F49: 1158.42 | H49: ='MEMORIA DE CALCULO'!H302 -> 100.82 | I49: =G49+H49 -> 100.82 | J49: =TRUNC(E49*G49,2) -> 0 | K49: =TRUNC(E49*H49,2) -> 1158.42 | L49: =J49+K49 -> 1158.42 | M49: =L49/F49 -> 1 | N49: =D49-I49 -> 0
A50: 3.2.5 | B50: ARMAÇÃO DE ESTRUTURAS DIVERSAS DE CONCRETO ARMADO, EXCETO VIGAS, PILARES, LAJES E FUNDAÇÕES, UTILIZANDO AÇO CA-60 DE 5,0 MM - MONTAGEM. AF_06/2022 | C50: KG | D50: 395 | E50: 15.18 | F50: 5996.1 | G50: 168.02 | H50: =D50-G50 -> 226.98 | I50: =G50+H50 -> 395 | J50: =TRUNC(E50*G50,2) -> 2550.54 | K50: =TRUNC(E50*H50,2) -> 3445.55 | L50: =(J50+K50)+0.01 -> 5996.1 | M50: =L50/F50 -> 1 | N50: =D50-I50 -> 0 | P50: ERROS DE 1 CENTAVO
A51: 3.2.6 | B51: CONCRETAGEM DE BLOCOS DE COROAMENTO E VIGAS BALDRAMES, FCK 30 MPA, COM USO DE BOMBA  LANÇAMENTO, ADENSAMENTO E ACABAMENTO. AF_06/2017 | C51: m³ | D51: 26.87 | E51: 530.18 | F51: 14245.93 | G51: 12.13 | H51: ='MEMORIA DE CALCULO'!H329 -> 14.74 | I51: =G51+H51 -> 26.87 | J51: =TRUNC(E51*G51,2) -> 6431.08 | K51: =TRUNC(E51*H51,2) -> 7814.85 | L51: =J51+K51 -> 14245.93 | M51: =L51/F51 -> 1 | N51: =D51-I51 -> 0
A52: 3.3 | B52: CONCRETO ARMADO PARA FUNDAÇÕES - BASE CAIXA D'ÁGUA | F52: =SUM(F53:F56) -> 7800.67 | J52: =SUM(J53:J56) -> 0 | K52: =SUM(K53:K56) -> 0 | M52: =L52/F52 -> 0
A53: 3.3.1 | B53: FABRICAÇÃO, MONTAGEM E DESMONTAGEM DE FÔRMA PARA SAPATA, EM MADEIRA SERRADA, E=25 MM, 4 UTILIZAÇÕES. AF_06/2017 | C53: m² | D53: 5.6 | E53: 128.27 | F53: 718.31 | G53: 0 | H53: 0 | I53: =G53+H53 -> 0 | J53: =TRUNC(E53*G53,2) -> 0 | K53: =TRUNC(E53*H53,2) -> 0 | L53: =J53+K53 -> 0 | M53: =L53/F53 -> 0 | N53: =D53-I53 -> 5.6
A54: 3.3.2 | B54: ARMAÇÃO DE ESTRUTURAS DIVERSAS DE CONCRETO ARMADO, EXCETO VIGAS, PILARES, LAJES E FUNDAÇÕES, UTILIZANDO AÇO CA-50 DE 10,0 MM - MONTAGEM. AF_06/2022 | C54: KG | D54: 325 | E54: 11.49 | F54: 3734.25 | G54: 0 | H54: 0 | I54: =G54+H54 -> 0 | J54: =TRUNC(E54*G54,2) -> 0 | K54: =TRUNC(E54*H54,2) -> 0 | L54: =J54+K54 -> 0 | M54: =L54/F54 -> 0 | N54: =D54-I54 -> 325
A55: 3.3.3 | B55: ARMAÇÃO DE ESTRUTURAS DIVERSAS DE CONCRETO ARMADO, EXCETO VIGAS, PILARES, LAJES E FUNDAÇÕES, UTILIZANDO AÇO CA-60 DE 5,0 MM - MONTAGEM. AF_06/2022 | C55: KG | D55: 82 | E55: 15.18 | F55: 1244.76 | G55: 0 | H55: 0 | I55: =G55+H55 -> 0 | J55: =TRUNC(E55*G55,2) -> 0 | K55: =TRUNC(E55*H55,2) -> 0 | L55: =J55+K55 -> 0 | M55: =L55/F55 -> 0 | N55: =D55-I55 -> 82
A56: 3.3.4 | B56: CONCRETAGEM DE SAPATAS, FCK 30 MPA, COM USO DE BOMBA  LANÇAMENTO, ADENSAMENTO E ACABAMENTO. AF_11/2016 | C56: m³ | D56: 3.92 | E56: 536.57 | F56: 2103.35 | G56: 0 | H56: ='MEMORIA DE CALCULO'!H334 -> 0 | I56: =G56+H56 -> 0 | J56: =TRUNC(E56*G56,2) -> 0 | K56: =TRUNC(E56*H56,2) -> 0 | L56: =J56+K56 -> 0 | M56: =L56/F56 -> 0 | N56: =D56-I56 -> 3.92
A57: 4 | B57: SUPERESTRUTURA | F57: =F58+F65+F71+F73 -> 173762.92 | K57: =SUM(K58,K65,K71,K73) -> 17412.77 | L57: =K57+J57 -> 17412.77 | M57: =L57/F57 -> 0.10020993
A58: 4.1 | B58: CONCRETO ARMADO - VIGAS | F58: =SUM(F59:F64) -> 65370.7 | J58: =SUM(J59:J59) -> 0 | K58: =SUM(K59:K64) -> 0 | L58: =SUM(L59:L59) -> 0 | M58: =L58/F58 -> 0
A59: 4.1.1 | B59: MONTAGEM E DESMONTAGEM DE FÔRMA DE VIGA, ESCORAMENTO COM GARFO DE MADEIRA, PÉ-DIREITO SIMPLES, EM CHAPA DE MADEIRA PLASTIFICADA, 12 UTILIZAÇÕES. AF_09/2020 | C59: m² | D59: 453.62 | E59: 77.74 | F59: 35264.41 | G59: 0 | H59: 0 | I59: =G59+H59 -> 0 | J59: =TRUNC(E59*G59,2) -> 0 | K59: =TRUNC(E59*H59,2) -> 0 | L59: =J59+K59 -> 0 | M59: =L59/F59 -> 0 | N59: =D59-I59 -> 453.62
A60: 4.1.2 | B60: ARMAÇÃO DE PILAR OU VIGA DE ESTRUTURA CONVENCIONAL DE CONCRETO ARMADO UTILIZANDO AÇO CA-50 DE 6,3 MM - MONTAGEM. AF_06/2022 | C60: KG | D60: 0.73 | E60: 12.52 | F60: 9.13 | G60: 0 | H60: 0 | I60: =G60+H60 -> 0 | J60: =TRUNC(E60*G60,2) -> 0 | K60: =TRUNC(E60*H60,2) -> 0 | L60: =J60+K60 -> 0 | M60: =L60/F60 -> 0 | N60: =D60-I60 -> 0.73
A61: 4.1.3 | B61: ARMAÇÃO DE PILAR OU VIGA DE ESTRUTURA CONVENCIONAL DE CONCRETO ARMADO UTILIZANDO AÇO CA-50 DE 8,0 MM - MONTAGEM. AF_06/2022 | C61: KG | D61: 829.82 | E61: 11.9 | F61: 9874.85 | G61: 0 | H61: ='MEMORIA DE CALCULO'!H344 -> 0 | I61: =G61+H61 -> 0 | J61: =TRUNC(E61*G61,2) -> 0 | K61: =TRUNC(E61*H61,2) -> 0 | L61: =J61+K61 -> 0 | M61: =L61/F61 -> 0 | N61: =D61-I61 -> 829.82
A62: 4.1.4 | B62: ARMAÇÃO DE PILAR OU VIGA DE ESTRUTURA CONVENCIONAL DE CONCRETO ARMADO UTILIZANDO AÇO CA-50 DE 10,0 MM - MONTAGEM. AF_06/2022 | C62: KG | D62: 100.82 | E62: 10.71 | F62: 1079.78 | G62: 0 | H62: 0 | I62: =G62+H62 -> 0 | J62: =TRUNC(E62*G62,2) -> 0 | K62: =TRUNC(E62*H62,2) -> 0 | L62: =J62+K62 -> 0 | M62: =L62/F62 -> 0 | N62: =D62-I62 -> 100.82
A63: 4.1.5 | B63: ARMAÇÃO DE PILAR OU VIGA DE ESTRUTURA CONVENCIONAL DE CONCRETO ARMADO UTILIZANDO AÇO CA-60 DE 5,0 MM - MONTAGEM. AF_06/2022 | C63: KG | D63: 379 | E63: 13.01 | F63: 4930.79 | G63: 0 | H63: 0 | I63: =G63+H63 -> 0 | J63: =TRUNC(E63*G63,2) -> 0 | K63: =TRUNC(E63*H63,2) -> 0 | L63: =J63+K63 -> 0 | M63: =L63/F63 -> 0 | N63: =D63-I63 -> 379
A64: 4.1.6 | B64: CONCRETAGEM DE VIGAS E LAJES, FCK=25 MPA, PARA LAJES MACIÇAS OU NERVURADAS COM USO DE BOMBA - LANÇAMENTO, ADENSAMENTO E ACABAMENTO. AF_02/2022_PS | C64: m³ | D64: 27.81 | E64: 511.03 | F64: 14211.74 | G64: 0 | H64: 0 | I64: =G64+H64 -> 0 | J64: =TRUNC(E64*G64,2) -> 0 | K64: =TRUNC(E64*H64,2) -> 0 | L64: =J64+K64 -> 0 | M64: =L64/F64 -> 0 | N64: =D64-I64 -> 27.81
A65: 4.2 | B65: CONCRETO ARMADO - LAJES E PILARES | F65: =SUM(F66:F70) -> 40599.88 | J65: =SUM(J66) -> 0 | K65: =SUM(K66:K70) -> 11499.36 | L65: =K65+J65 -> 11499.36 | M65: =L65/F65 -> 0.28323631
A66: 4.2.1 | B66: MONTAGEM E DESMONTAGEM DE FÔRMA DE PILARES RETANGULARES E ESTRUTURAS SIMILARES, PÉ-DIREITO SIMPLES, EM CHAPA DE MADEIRA COMPENSADA PLASTIFICADA, 12 UTILIZAÇÕES. AF_09/2020 | C66: m² | D66: 319.27 | E66: 40.75 | F66: 13010.25 | G66: 0 | H66: 67.38 | I66: =G66+H66 -> 67.38 | J66: =TRUNC(E66*G66,2) -> 0 | K66: =TRUNC(E66*H66,2) -> 2745.73 | L66: =J66+K66 -> 2745.73 | M66: =L66/F66 -> 0.2110436 | N66: =D66-I66 -> 251.89
A67: 4.2.2 | B67: ARMAÇÃO DE ESTRUTURAS DIVERSAS DE CONCRETO ARMADO, EXCETO VIGAS, PILARES, LAJES E FUNDAÇÕES, UTILIZANDO AÇO CA-50 DE 10,0 MM - MONTAGEM. AF_06/2022 | C67: KG | D67: 1063.91 | E67: 11.49 | F67: 12224.32 | G67: 0 | H67: ='MEMORIA DE CALCULO'!H365 -> 414.9942 | I67: =G67+H67 -> 414.9942 | J67: =TRUNC(E67*G67,2) -> 0 | K67: =TRUNC(E67*H67,2) -> 4768.28 | L67: =J67+K67 -> 4768.28 | M67: =L67/F67 -> 0.39006505 | N67: =D67-I67 -> 648.9158
A68: 4.2.3 | B68: ARMAÇÃO DE ESTRUTURAS DIVERSAS DE CONCRETO ARMADO, EXCETO VIGAS, PILARES, LAJES E FUNDAÇÕES, UTILIZANDO AÇO CA-50 DE 12,5 MM - MONTAGEM. AF_06/2022 | C68: KG | D68: 102.27 | E68: 9.57 | F68: 978.72 | G68: 0 | I68: =G68+H68 -> 0 | J68: =TRUNC(E68*G68,2) -> 0 | K68: =TRUNC(E68*H68,2) -> 0 | L68: =J68+K68 -> 0 | M68: =L68/F68 -> 0 | N68: =D68-I68 -> 102.27
A69: 4.2.4 | B69: ARMAÇÃO DE ESTRUTURAS DIVERSAS DE CONCRETO ARMADO, EXCETO VIGAS, PILARES, LAJES E FUNDAÇÕES, UTILIZANDO AÇO CA-60 DE 5,0 MM - MONTAGEM. AF_06/2022 | C69: KG | D69: 404.73 | E69: 15.18 | F69: 6143.8 | G69: 0 | H69: ='MEMORIA DE CALCULO'!H379 -> 97.7895 | I69: =G69+H69 -> 97.7895 | J69: =TRUNC(E69*G69,2) -> 0 | K69: =TRUNC(E69*H69,2) -> 1484.44 | L69: =J69+K69 -> 1484.44 | M69: =L69/F69 -> 0.24161594 | N69: =D69-I69 -> 306.9405
A70: 4.2.5 | B70: CONCRETAGEM DE PILARES, FCK = 25 MPA, COM USO DE BOMBA - LANÇAMENTO, ADENSAMENTO E ACABAMENTO. AF_02/2022_PS | C70: m³ | D70: 16.15 | E70: 510.39 | F70: 8242.79 | G70: 0 | H70: 4.9 | I70: =G70+H70 -> 4.9 | J70: =TRUNC(E70*G70,2) -> 0 | K70: =TRUNC(E70*H70,2) -> 2500.91 | L70: =J70+K70 -> 2500.91 | M70: =L70/F70 -> 0.30340576 | N70: =D70-I70 -> 11.25
A71: 4.3 | B71: CONCRETO ARMADO - LAJES DE FORRO | F71: =SUM(F72) -> 55985.86 | J71: =SUM(J72) -> 0 | K71: =SUM(K72) -> 0 | L71: =SUM(L72) -> 0 | M71: =L71/F71 -> 0
A72: 4.3.1 | B72: LAJE PRÉ-MOLDADA P/FORRO, SOBRECARGA 100KG/M², VÃO ATÉ 3,50 M/E = 8CM, COM LAJOTAS E CAPA C/ CONC. FCK=20MPA, 3CM, INTER-EIXO 38CM, C/ESCORAMENTO (REAPR. 3X) E FERRAGEM-PREÇO 02/23 - SINAPI/PB. (M²) | C72: M² | D72: 647.46 | E72: 86.47 | F72: 55985.86 | G72: 0 | H72: 0 | I72: =G72+H72 -> 0 | J72: =TRUNC(E72*G72,2) -> 0 | K72: =TRUNC(E72*H72,2) -> 0 | L72: =J72+K72 -> 0 | M72: =L72/F72 -> 0 | N72: =D72-I72 -> 647.46
A73: 4.4 | B73: CONCRTEO ARMADO - VERGAS E CONTRAVERGAS | F73: =SUM(F74) -> 11806.48 | K73: =K74 -> 5913.41 | L73: =K73+J73 -> 5913.41 | M73: =L73/F73 -> 0.50086139
A74: 4.4.1 | B74: VERGA PRÉ-MOLDADA PARA JANELAS COM MAIS DE 1,5 M DE VÃO. AF_03/2016 | C74: M | D74: 232 | E74: 50.89 | F74: 11806.48 | G74: 0 | H74: 116.2 | I74: =G74+H74 -> 116.2 | J74: =TRUNC(E74*G74,2) -> 0 | K74: =TRUNC(E74*H74,2) -> 5913.41 | L74: =J74+K74 -> 5913.41 | M74: =L74/F74 -> 0.50086139 | N74: =D74-I74 -> 115.8
A75: 5 | B75: SISTEMA DE VEDAÇÃO VERTICAL | F75: =SUM(F76:F78) -> 53575.28 | J75: =J76 -> 2977.66 | K75: =K76+K77+K78 -> 4520.7393 | L75: =K75+J75 -> 7498.3993 | M75: =L75/F75 -> 0.13996006
A76: 5.1 | B76: ALVENARIA DE VEDAÇÃO DE BLOCOS CERÂMICOS FURADOS NA VERTICAL DE 9X19X39 CM (ESPESSURA 9 CM) E ARGAMASSA DE ASSENTAMENTO COM PREPARO EM BETONEIRA. AF_12/2021 | C76: m² | D76: 914.03 | E76: 45.43 | F76: 41524.38 | G76: 65.544 | H76: 99.51 | I76: =G76+H76 -> 165.054 | J76: =TRUNC(E76*G76,2) -> 2977.66 | K76: =H76*E76 -> 4520.7393 | L76: =J76+K76 -> 7498.3993 | M76: =L76/F76 -> 0.18057824 | N76: =D76-I76 -> 748.976
A77: 5.2 | B77: FIXAÇÃO (ENCUNHAMENTO) DE ALVENARIA DE VEDAÇÃO COM TIJOLO MACIÇO. AF_03/2016 | C77: M | D77: 295.3 | E77: 21.79 | F77: 6434.58 | G77: 0 | H77: 0 | I77: =G77+H77 -> 0 | J77: =TRUNC(E77*G77,2) -> 0 | K77: =TRUNC(E77*H77,2) -> 0 | L77: =J77+K77 -> 0 | M77: =L77/F77 -> 0 | N77: =D77-I77 -> 295.3
A78: 5.3 | B78: DIVISÓRIA DE GRANITO CINZA E=2cm | C78: m² | D78: 12.92 | E78: 434.7 | F78: 5616.32 | G78: 0 | H78: 0 | I78: =G78+H78 -> 0 | J78: =TRUNC(E78*G78,2) -> 0 | K78: =TRUNC(E78*H78,2) -> 0 | L78: =J78+K78 -> 0 | M78: =L78/F78 -> 0 | N78: =D78-I78 -> 12.92
A79: 6 | B79: ESQUADRIAS | F79: =F80+F88+F92+F94+F106 -> 149488.57 | L79: =SUM(L81) -> 0 | M79: =L79/F79 -> 0
A80: 6.1 | B80: PORTAS DE MADEIRA | F80: =SUM(F81:F87) -> 25618.06 | J80: =SUM(J81:J87) -> 0 | K80: =SUM(K81:K87) -> 0 | M80: =L80/F80 -> 0
A81: 6.1.1 | B81: KIT DE PORTA DE MADEIRA PARA PINTURA, SEMI-OCA (LEVE OU MÉDIA), PADRÃO MÉDIO, 80X210CM, ESPESSURA DE 3,5CM, ITENS INCLUSOS: DOBRADIÇAS, MONTAGEM E INSTALAÇÃO DO BATENTE, FECHADURA COM EXECUÇÃO DO FURO - FORNECIMENTO E INSTALAÇÃO. AF_12/2019 | C81: UN | D81: 7 | E81: 894.39 | F81: 6260.73 | G81: 0 | H81: 0 | I81: =G81+H81 -> 0 | J81: =TRUNC(E81*G81,2) -> 0 | K81: =TRUNC(E81*H81,2) -> 0 | L81: =J81+K81 -> 0 | M81: =L81/F81 -> 0 | N81: =D81-I81 -> 7
A82: 6.1.2 | B82: KIT DE PORTA DE MADEIRA PARA PINTURA, SEMI-OCA (LEVE OU MÉDIA), PADRÃO POPULAR, 80X210CM, ESPESSURA DE 3,5CM, ITENS INCLUSOS: DOBRADIÇAS, MONTAGEM E INSTALAÇÃO DO BATENTE, FECHADURA COM EXECUÇÃO DO FURO - FORNECIMENTO E INSTALAÇÃO. AF_12/2019 | C82: UN | D82: 7 | E82: 742.48 | F82: 5197.36 | G82: 0 | H82: 0 | I82: =G82+H82 -> 0 | J82: =TRUNC(E82*G82,2) -> 0 | K82: =TRUNC(E82*H82,2) -> 0 | L82: =J82+K82 -> 0 | M82: =L82/F82 -> 0 | N82: =D82-I82 -> 7
A83: 6.1.3 | B83: KIT DE PORTA DE MADEIRA PARA PINTURA, SEMI-OCA (LEVE OU MÉDIA), PADRÃO MÉDIO, 80X210CM, ESPESSURA DE 3,5CM, ITENS INCLUSOS: DOBRADIÇAS, MONTAGEM E INSTALAÇÃO DO BATENTE, FECHADURA COM EXECUÇÃO DO FURO - FORNECIMENTO E INSTALAÇÃO. AF_12/2019 | C83: UN | D83: 2 | E83: 894.39 | F83: 1788.78 | G83: 0 | H83: 0 | I83: =G83+H83 -> 0 | J83: =TRUNC(E83*G83,2) -> 0 | K83: =TRUNC(E83*H83,2) -> 0 | L83: =J83+K83 -> 0 | M83: =L83/F83 -> 0 | N83: =D83-I83 -> 2
A84: 6.1.4 | B84: PM4 - PORTA DE ABRIR EM MADEIRA PARA PINTURA 0,6 X 2,1M, ESPESSURA DE 3,5 CM, COM VENEZIANA 0,5 X 0,40M, CONFORMA PROJETO, INCLUSO DOBRADIÇAS, BATENTES E FECHADURAS | C84: UN | D84: 1 | E84: 1208.27 | F84: 1208.27 | G84: 0 | H84: 0 | I84: =G84+H84 -> 0 | J84: =TRUNC(E84*G84,2) -> 0 | K84: =TRUNC(E84*H84,2) -> 0 | L84: =J84+K84 -> 0 | M84: =L84/F84 -> 0 | N84: =D84-I84 -> 1
A85: 6.1.5 | B85: KIT DE PORTA DE MADEIRA TIPO VENEZIANA, 80X210CM (ESPESSURA DE 3CM), PADRÃO POPULAR, ITENS INCLUSOS: DOBRADIÇAS, MONTAGEM E INSTALAÇÃO DE BATENTE, FECHADURA COM EXECUÇÃO DO FURO - FORNECIMENTO E INSTALAÇÃO. AF_12/2019 | C85: UN | D85: 3 | E85: 1210.94 | F85: 3632.82 | G85: 0 | H85: 0 | I85: =G85+H85 -> 0 | J85: =TRUNC(E85*G85,2) -> 0 | K85: =TRUNC(E85*H85,2) -> 0 | L85: =J85+K85 -> 0 | M85: =L85/F85 -> 0 | N85: =D85-I85 -> 3
A86: 6.1.6 | B86: PM6 - PORTA DE ABRIR EM CHAPA DE MADEIRA COMPENSADA PARA BANHEIRO REVESTIDA COM LAMINADO 0,6 X 1,60 M, INCLUSO MARCO E DOBRADIÇAS. (REF. SINAPI/02/2023, SBC 04/2023)(UN) | C86: UN | D86: 3 | E86: 1377.86 | F86: 4133.58 | G86: 0 | H86: 0 | I86: =G86+H86 -> 0 | J86: =TRUNC(E86*G86,2) -> 0 | K86: =TRUNC(E86*H86,2) -> 0 | L86: =J86+K86 -> 0 | M86: =L86/F86 -> 0 | N86: =D86-I86 -> 3
A87: 6.1.7 | B87: PM7 - PORTA DE ABRIR EM CHAPA DE MADEIRA COMPENSADA PARA BANHEIRO REVESTIDA COM LAMINADO 0,80 X 1,60 M, INCLUSO MARCO E DOBRADIÇAS | C87: UN | D87: 2 | E87: 1698.26 | F87: 3396.52 | G87: 0 | H87: 0 | I87: =G87+H87 -> 0 | J87: =TRUNC(E87*G87,2) -> 0 | K87: =TRUNC(E87*H87,2) -> 0 | L87: =J87+K87 -> 0 | M87: =L87/F87 -> 0 | N87: =D87-I87 -> 2
A88: 6.2 | B88: FERRAGENS E ACESSÓRIOS | F88: =SUM(F89:F91) -> 996.45 | J88: =SUM(J89:J91) -> 0 | K88: =SUM(K89:K91) -> 0 | M88: =L88/F88 -> 0
A89: 6.2.1 | B89: PUXADOR PARA PCD, FIXADO NA PORTA - FORNECIMENTO E INSTALAÇÃO. AF_01/2020 | C89: UN | D89: 2 | E89: 278.38 | F89: 556.76 | G89: 0 | H89: 0 | I89: =G89+H89 -> 0 | J89: =TRUNC(E89*G89,2) -> 0 | K89: =TRUNC(E89*H89,2) -> 0 | L89: =J89+K89 -> 0 | M89: =L89/F89 -> 0 | N89: =D89-I89 -> 2
A90: 6.2.2 | B90: FECHADURA DE EMBUTIR COMPLETA, TIPO TARJETA LIVRE - OCUPADO | C90: UN | D90: 5 | E90: 48.08 | F90: 240.4 | G90: 0 | H90: 0 | I90: =G90+H90 -> 0 | J90: =TRUNC(E90*G90,2) -> 0 | K90: =TRUNC(E90*H90,2) -> 0 | L90: =J90+K90 -> 0 | M90: =L90/F90 -> 0 | N90: =D90-I90 -> 5
A91: 6.2.3 | B91: CHAPA MATÁLICA (ALUMÍNIO) 0,80M 0,40 MM, E= 1MM PARA AS PORTAS | C91: M² | D91: 2.88 | E91: 69.2 | F91: 199.29 | G91: 0 | H91: 0 | I91: =G91+H91 -> 0 | J91: =TRUNC(E91*G91,2) -> 0 | K91: =TRUNC(E91*H91,2) -> 0 | L91: =J91+K91 -> 0 | M91: =L91/F91 -> 0 | N91: =D91-I91 -> 2.88
A92: 6.3 | B92: PORTAS DE ALUMÍNIO | F92: =F93 -> 461.96 | J92: =SUM(J93:J93) -> 0 | K92: =SUM(K93:K93) -> 0 | L92: =SUM(L93:L93) -> 0 | M92: =L92/F92 -> 0
A93: 6.3.1 | B93: Porta em alumínio, cor N/P/B, tipo veneziana (até 50%) e vidro (até 50%), de abrir ou correr, completa, inclusive caixilhos, dobradiças ou roldanas, fechadura exclusive vidro | C93: m² | D93: 1.68 | E93: 274.98 | F93: 461.96 | G93: 0 | H93: 0 | I93: =G93+H93 -> 0 | J93: =TRUNC(E93*G93,2) -> 0 | K93: =TRUNC(E93*H93,2) -> 0 | L93: =J93+K93 -> 0 | M93: =L93/F93 -> 0 | N93: =D93-I93 -> 1.68
A94: 6.4 | B94: JANELAS DE ALUMÍNIO | F94: =SUM(F95:F105) -> 120131.96 | J94: =SUM(J95:J105) -> 0 | K94: =SUM(K95:K105) -> 0 | L94: =SUM(L95:L95) -> 0 | M94: =L94/F94 -> 0
A95: 6.4.1 | B95: JANELA DE ALUMÍNIO TIPO MAXIM-AR, COM VIDROS, BATENTE E FERRAGENS. EXCLUSIVE ALIZAR, ACABAMENTO E CONTRAMARCO. FORNECIMENTO E INSTALAÇÃO. AF_12/2019 | C95: m² | D95: 0.24 | E95: 1295.37 | F95: 310.88 | G95: 0 | H95: 0 | I95: =G95+H95 -> 0 | J95: =TRUNC(E95*G95,2) -> 0 | K95: =TRUNC(E95*H95,2) -> 0 | L95: =J95+K95 -> 0 | M95: =L95/F95 -> 0 | N95: =D95-I95 -> 0.24
A96: 6.4.2 | B96: JANELA DE ALUMÍNIO TIPO MAXIM-AR, COM VIDROS, BATENTE E FERRAGENS. EXCLUSIVE ALIZAR, ACABAMENTO E CONTRAMARCO. FORNECIMENTO E INSTALAÇÃO. AF_12/2019 | C96: m² | D96: 1.08 | E96: 1295.37 | F96: 1398.99 | G96: 0 | H96: 0 | I96: =G96+H96 -> 0 | J96: =TRUNC(E96*G96,2) -> 0 | K96: =TRUNC(E96*H96,2) -> 0 | L96: =J96+K96 -> 0 | M96: =L96/F96 -> 0 | N96: =D96-I96 -> 1.08
A97: 6.4.3 | B97: JANELA DE ALUMÍNIO TIPO MAXIM-AR, COM VIDROS, BATENTE E FERRAGENS. EXCLUSIVE ALIZAR, ACABAMENTO E CONTRAMARCO. FORNECIMENTO E INSTALAÇÃO. AF_12/2019 | C97: m² | D97: 3.2 | E97: 1295.37 | F97: 4145.18 | G97: 0 | H97: 0 | I97: =G97+H97 -> 0 | J97: =TRUNC(E97*G97,2) -> 0 | K97: =TRUNC(E97*H97,2) -> 0 | L97: =J97+K97 -> 0 | M97: =L97/F97 -> 0 | N97: =D97-I97 -> 3.2
A98: 6.4.4 | B98: JANELA DE ALUMÍNIO DE CORRER COM 2 FOLHAS PARA VIDROS, COM VIDROS, BATENTE, ACABAMENTO COM ACETATO OU BRILHANTE E FERRAGENS. EXCLUSIVE ALIZAR E CONTRAMARCO. FORNECIMENTO E INSTALAÇÃO. AF_12/2019 | C98: m² | D98: 0.6 | E98: 688.71 | F98: 413.22 | G98: 0 | H98: 0 | I98: =G98+H98 -> 0 | J98: =TRUNC(E98*G98,2) -> 0 | K98: =TRUNC(E98*H98,2) -> 0 | L98: =J98+K98 -> 0 | M98: =L98/F98 -> 0 | N98: =D98-I98 -> 0.6
A99: 6.4.5 | B99: JANELA DE ALUMÍNIO DE CORRER COM 2 FOLHAS PARA VIDROS, COM VIDROS, BATENTE, ACABAMENTO COM ACETATO OU BRILHANTE E FERRAGENS. EXCLUSIVE ALIZAR E CONTRAMARCO. FORNECIMENTO E INSTALAÇÃO. AF_12/2019 | C99: m² | D99: 6 | E99: 688.71 | F99: 4132.26 | G99: 0 | H99: 0 | I99: =G99+H99 -> 0 | J99: =TRUNC(E99*G99,2) -> 0 | K99: =TRUNC(E99*H99,2) -> 0 | L99: =J99+K99 -> 0 | M99: =L99/F99 -> 0 | N99: =D99-I99 -> 6
A100: 6.4.6 | B100: JANELA DE ALUMÍNIO TIPO MAXIM-AR, COM VIDROS, BATENTE E FERRAGENS. EXCLUSIVE ALIZAR, ACABAMENTO E CONTRAMARCO. FORNECIMENTO E INSTALAÇÃO. AF_12/2019 | C100: m² | D100: 3.3 | E100: 1295.37 | F100: 4274.72 | G100: 0 | H100: 0 | I100: =G100+H100 -> 0 | J100: =TRUNC(E100*G100,2) -> 0 | K100: =TRUNC(E100*H100,2) -> 0 | L100: =J100+K100 -> 0 | M100: =L100/F100 -> 0 | N100: =D100-I100 -> 3.3
A101: 6.4.7 | B101: JANELA DE ALUMÍNIO TIPO MAXIM-AR, COM VIDROS, BATENTE E FERRAGENS. EXCLUSIVE ALIZAR, ACABAMENTO E CONTRAMARCO. FORNECIMENTO E INSTALAÇÃO. AF_12/2019 | C101: m² | D101: 8.8 | E101: 1295.37 | F101: 11399.25 | G101: 0 | H101: 0 | I101: =G101+H101 -> 0 | J101: =TRUNC(E101*G101,2) -> 0 | K101: =TRUNC(E101*H101,2) -> 0 | L101: =J101+K101 -> 0 | M101: =L101/F101 -> 0 | N101: =D101-I101 -> 8.8
A102: 6.4.8 | B102: JANELA DE ALUMÍNIO TIPO MAXIM-AR, COM VIDROS, BATENTE E FERRAGENS. EXCLUSIVE ALIZAR, ACABAMENTO E CONTRAMARCO. FORNECIMENTO E INSTALAÇÃO. AF_12/2019 | C102: m² | D102: 67.76 | E102: 1295.37 | F102: 87774.27 | G102: 0 | H102: 0 | I102: =G102+H102 -> 0 | J102: =TRUNC(E102*G102,2) -> 0 | K102: =TRUNC(E102*H102,2) -> 0 | L102: =J102+K102 -> 0 | M102: =L102/F102 -> 0 | N102: =D102-I102 -> 67.76
A103: 6.4.9 | B103: JANELA DE ALUMÍNIO, TIPO VENEZIANA | C103: m² | D103: 6.48 | E103: 483.96 | F103: 3136.06 | G103: 0 | H103: 0 | I103: =G103+H103 -> 0 | J103: =TRUNC(E103*G103,2) -> 0 | K103: =TRUNC(E103*H103,2) -> 0 | L103: =J103+K103 -> 0 | M103: =L103/F103 -> 0 | N103: =D103-I103 -> 6.48
A104: 6.4.10 | B104: JANELA FIXA DE ALUMÍNIO PARA VIDRO, COM VIDRO, BATENTE E FERRAGENS. EXCLUSIVE ACABAMENTO, ALIZAR E CONTRAMARCO. FORNECIMENTO E INSTALAÇÃO. AF_12/2019 | C104: m² | D104: 1.98 | E104: 1468.47 | F104: 2907.57 | G104: 0 | H104: 0 | I104: =G104+H104 -> 0 | J104: =TRUNC(E104*G104,2) -> 0 | K104: =TRUNC(E104*H104,2) -> 0 | L104: =J104+K104 -> 0 | M104: =L104/F104 -> 0 | N104: =D104-I104 -> 1.98
A105: 6.4.11 | B105: Tela de nylon tipo mosquiteiro com moldura em madeira, para esquadrias - Rev 01 | C105: m² | D105: 4.2 | E105: 57.04 | F105: 239.56 | G105: 0 | H105: 0 | I105: =G105+H105 -> 0 | J105: =TRUNC(E105*G105,2) -> 0 | K105: =TRUNC(E105*H105,2) -> 0 | L105: =J105+K105 -> 0 | M105: =L105/F105 -> 0 | N105: =D105-I105 -> 4.2
A106: 6.5 | B106: VIDROS | F106: =SUM(F107:F108) -> 2280.14 | J106: =J107+J108 -> 0 | K106: =K107+K108 -> 0 | M106: =L106/F106 -> 0
A107: 6.5.1 | B107: VIDRO TEMPERADO INCOLOR C/MASSA E=6MM, COLOCADO | C107: m² | D107: 1.98 | E107: 241.08 | F107: 477.33 | G107: 0 | H107: 0 | I107: =G107+H107 -> 0 | J107: =TRUNC(E107*G107,2) -> 0 | K107: =TRUNC(E107*H107,2) -> 0 | L107: =J107+K107 -> 0 | M107: =L107/F107 -> 0 | N107: =D107-I107 -> 1.98
...

Sheet MEMORIA DE CALCULO
A3: OBRA: | C3: CONTRATAÇÃO DE EMPRESA PARA CONSTRUÇÃO DE UMA ESCOLA COM 6 SALAS DE AULA.
A4: MUNICÍPIO: | C4: MOGEIRO - PB
A5: LICITAÇÃO Nº: | C5: PROCESSO LICITATÓRIO Nº 004/2024 - CONCORRÊNCIA Nº 004/2024
A6: MODALIDADE: | C6: ESCOLA | G6: DATA: | H6: 45838
A8: MEMÓRIA DE CÁLCULO - CONSTRUÇÃO - BM 03 - PERÍODO: 01/04/2025 A 30/06/2025
A10: 1.1 | C10: =VLOOKUP(A10,'Orçamento Sintético'!A4:D301,4,0) -> Placa de obra em chapa aço galvanizado, instalada - Rev 02_01/2022 | F10: TOTAL MED 01 | H10: =H16 -> 10
F11: Acum. Med. Anteriores
F12: total planilha | H12: ='Orçamento Sintético'!F7 -> 10
F13: MEDIDO NA BM | H13: =H16 -> 10
F14: saldo | H14: =H12-H13 -> 0
D15: COMP | E15: ALTURA | F15: LARG | G15: QUANT
B16: MED 01 | C16: obra da escola | E16: 2 | F16: 5 | H16: =E16*F16 -> 10
A21: 1.2 | C21: =VLOOKUP(A21,'Orçamento Sintético'!A:J,4,0) -> TAPUME COM COMPENSADO DE MADEIRA. AF_05/2018 | F21: TOTAL MED 01 | H21: =H27 -> 176
F22: Acum. Med. Anteriores
F23: total planilha | H23: 176
F24: MEDIDO NA BM | H24: =H27 -> 176
F25: saldo | H25: =H23-H24 -> 0
D26: COMP | E26: ALTURA | F26: LARG | G26: QUANT
B27: MED 01 | C27: obra da escola | G27: 176 | H27: =G27 -> 176
A29: 1.7 | C29: =VLOOKUP(A29,'Orçamento Sintético'!A:J,4,0) -> EXECUÇÃO DE ESCRITÓRIO EM CANTEIRO DE OBRA EM CHAPA DE MADEIRA COMPENSADA, NÃO INCLUSO MOBILIÁRIO E EQUIPAMENTOS. AF_02/2016 | F29: TOTAL MED 01 | H29: =H35 -> 20
F30: Acum. Med. Anteriores
F31: total planilha | H31: 20
F32: MEDIDO NA BM | H32: =H35 -> 20
F33: saldo | H33: =H31-H32 -> 0
D34: COMP | E34: ALTURA | F34: LARG | G34: QUANT
B35: MED 01 | C35: escritório | G35: 20 | H35: =G35 -> 20
A37: 1.8 | C37: =VLOOKUP(A37,'Orçamento Sintético'!A:J,4,0) -> EXECUÇÃO DE DEPÓSITO EM CANTEIRO DE OBRA EM CHAPA DE MADEIRA COMPENSADA, NÃO INCLUSO MOBILIÁRIO. AF_04/2016 | F37: TOTAL MED 01 | H37: =H43 -> 20
F38: Acum. Med. Anteriores
F39: total planilha | H39: 20
F40: MEDIDO NA BM | H40: =H43 -> 20
F41: saldo | H41: =H39-H40 -> 0
D42: COMP | E42: ALTURA | F42: LARG | G42: QUANT
B43: MED 01 | C43: depósito | G43: 20 | H43: =G43 -> 20
A45: 1.10 | C45: =VLOOKUP(A45,'Orçamento Sintético'!A:J,4,0) -> LIMPEZA MECANIZADA DE CAMADA VEGETAL, VEGETAÇÃO E PEQUENAS ÁRVORES (DIÂMETRO DE TRONCO MENOR QUE 0,20 M), COM TRATOR DE ESTEIRAS.AF_05/2018 | F45: TOTAL MED 01 | H45: =H51 -> 4000
F46: Acum. Med. Anteriores
F47: total planilha | H47: 4000
F48: MEDIDO NA BM | H48: =H51 -> 4000
F49: saldo | H49: =H47-H48 -> 0
D50: COMP | E50: ALTURA | F50: LARG | G50: QUANT
B51: MED 01 | C51: Limpeza de obra | G51: 4000 | H51: =G51 -> 4000
A53: 1.3 | C53: =VLOOKUP(A53,'Orçamento Sintético'!A:J,4,0) -> INSTALAÇÕES PROVISÓRIAS DE LUZ , FORÇA,TELEFONE E LÓGICA | F53: TOTAL MED 02 | H53: =H55 -> 1
F54: Acum. Med. Anteriores
F55: total planilha | H55: ='Orçamento Sintético'!F9 -> 1
F56: MEDIDO NA BM | H56: =H59 -> 1
F57: saldo | H57: =H55-H56 -> 0
D58: COMP | E58: ALTURA | F58: LARG | G58: QUANT
B59: MED 02 | C59: Instalação provisória de luz | G59: 1 | H59: =G59 -> 1
A61: 1.4 | C61: =VLOOKUP(A61,'Orçamento Sintético'!A:J,4,0) -> EXECUÇÃO DE RESERVATÓRIO ELEVADO DE ÁGUA (1000 LITROS) EM CANTEIRO DE OBRA, APOIADO EM ESTRUTURA DE MADEIRA. AF_02/2016_PA | F61: TOTAL MED 02 | H61: =H67 -> 1
F62: Acum. Med. Anteriores
F63: total planilha | H63: ='Orçamento Sintético'!F10 -> 1
F64: MEDIDO NA BM | H64: =H67 -> 1
F65: saldo | H65: =H63-H64 -> 0
D66: COMP | E66: ALTURA | F66: LARG | G66: QUANT
B67: MED 02 | C67: Reservatório de água | G67: 1 | H67: =G67 -> 1
A69: 1.5 | C69: =VLOOKUP(A69,'Orçamento Sintético'!A:J,4,0) -> FOSSA SÉPTICA E SUMIDOURO EM ALVENARIA | F69: TOTAL MED 02 | H69: =H75 -> 1
F70: Acum. Med. Anteriores
F71: total planilha | H71: ='Orçamento Sintético'!F11 -> 1
F72: MEDIDO NA BM | H72: =H75 -> 1
F73: saldo | H73: =H71-H72 -> 0
D74: COMP | E74: ALTURA | F74: LARG | G74: QUANT
B75: MED 02 | C75: Fossa e Sumidouro | G75: 1 | H75: =G75 -> 1
A77: 1.6 | C77: =VLOOKUP(A77,'Orçamento Sintético'!A:J,4,0) -> EXECUÇÃO DE SANITÁRIO E VESTIÁRIO EM CANTEIRO DE OBRA EM CHAPA DE MADEIRA COMPENSADA, NÃO INCLUSO MOBILIÁRIO. AF_02/2016 | F77: TOTAL MED 02 | H77: =H83 -> 2.52
F78: Acum. Med. Anteriores
F79: total planilha | H79: =VLOOKUP(A77,'Orçamento Sintético'!A:J,6,0) -> 2.52
F80: MEDIDO NA BM | H80: =H83 -> 2.52
F81: saldo | H81: =H79-H80 -> 0
D82: COMP | E82: ALTURA | F82: LARG | G82: QUANT
B83: MED 02 | C83: sanitário | G83: 2.52 | H83: =G83 -> 2.52
A85: 1.9 | C85: =VLOOKUP(A85,'Orçamento Sintético'!A:J,4,0) -> LOCAÇÃO DA OBRA - EXECUÇÃO DE GABARITO | E85: =VLOOKUP(A85,'Orçamento Sintético'!A:J,5,0) -> m² | F85: TOTAL MED 03 | H85: =SUM(H94:H98) -> 386.848
F86: Acum. Med. Anteriores
F87: total planilha | H87: =VLOOKUP(A85,'Orçamento Sintético'!A:J,6,0) -> 1129.64
F88: MEDIDO NA BM | H88: =SUM(H91:H98) -> 1129.6392
F89: saldo | H89: =H87-H88 -> 0.0008
D90: COMP (m) | E90: ALTURA (m) | F90: LARG (m) | G90: QUANT
B91: MED 02 | C91: locação bloco pedagógico | D91: 57.16 | F91: 7.82 | H91: =D91*F91 -> 446.9912
C92: locação patio coberto | D92: 17.4 | F92: 17 | H92: =F92*D92 -> 295.8
B94: MEDIÇÃO 03 | C94: Locação bloco administrativo | D94: =15.75+0.6 -> 16.35 | F94: =6.3+1.5 -> 7.8 | H94: =D94*F94 -> 127.53
C95: locação bloco serviço | D95: =15.75+0.6 -> 16.35 | F95: =6.3+1.5 -> 7.8 | H95: =D95*F95 -> 127.53
C96: locação das passarelas 3x | D96: =3.2+2.04 -> 5.24 | F96: =2.85+0.3 -> 3.15 | G96: 3 | H96: =G96*F96*D96 -> 49.518
C97: locação da rampa principal | D97: =2.75+3 -> 5.75 | F97: 8 | H97: =F97*D97 -> 46
C98: locação das passarelas (bloco adm e bloco serviço) | H98: 36.27
A100: 2.1 | C100: =VLOOKUP(A100,'Orçamento Sintético'!A:J,4,0) -> ATERRO MANUAL DE VALAS COM SOLO ARGILO-ARENOSO E COMPACTAÇÃO MECANIZADA. AF_05/2016 | F100: TOTAL MED 03 | H100: =SUM(H109:H114) -> 114.1205
F101: Acum. Med. Anteriores
F102: total planilha | H102: =VLOOKUP(A100,'Orçamento Sintético'!A:J,6,0) -> 168.5
F103: MEDIDO NA BM | H103: =H106+H107+H109+H110+H111+H112+H113+H114 -> 168.5033
F104: saldo | H104: =H102-H103 -> -0.0033
D105: COMP | E105: ALTURA | F105: LARG | G105: QUANT
B106: MED 02 | C106: aterro sapatas pedagógico | D106: 1.1 | E106: 1.1 | F106: 0.66 | G106: 58 | H106: =G106*F106*E106*D106 -> 46.3188
C107: aterro sapatas do pátio | D107: 0.8 | E107: 0.7 | F107: 0.8 | G107: 18 | H107: =G107*F107*E107*D107 -> 8.064
B109: MEDIÇÃO 03 | C109: Bloco administrativo (sapatas) | D109: 0.65 | E109: 0.7 | F109: 0.75 | G109: 14 | H109: =G109*F109*E109*D109 -> 4.7775
C110: Bloco serviço (sapatas) | D110: 0.6 | E110: 0.7 | F110: 0.65 | G110: 16 | H110: =G110*F110*E110*D110 -> 4.368
C111: Bloco passarelas 3x (sapatas) | D111: 0.6 | E111: 0.7 | F111: 0.6 | G111: =4*3 -> 12 | H111: =G111*F111*E111*D111 -> 3.024
C112: Rampa principal (sapatas) | D112: 0.45 | E112: 0.7 | F112: 0.3 | G112: 8 | H112: =G112*F112*E112*D112 -> 0.756
C113: Rampa das passarelas entre (bloco adm e bloco serviço) (sapatas) | D113: 0.45 | E113: 0.7 | F113: 0.3 | G113: 10 | H113: =G113*F113*E113*D113 -> 0.945
C114: Bloco pedagógico (sala 06,05) | D114: 8 | E114: 1 | F114: 6.26 | G114: 2 | H114: 100.25
A116: 2.2 | C116: =VLOOKUP(A116,'Orçamento Sintético'!A:J,4,0) -> ESCAVAÇÃO MANUAL DE VALA COM PROFUNDIDADE MENOR OU IGUAL A 1,30 M. AF_02/2021 | E116: =VLOOKUP(A116,'Orçamento Sintético'!A:J,5,0) -> m³ | F116: TOTAL MED 03 | H116: =SUM(H129:H138) -> 14.8388
F117: Acum. Med. Anteriores
F118: total planilha | H118: =VLOOKUP(A116,'Orçamento Sintético'!A:J,6,0) -> 94.33
F119: MEDIDO NA BM | H119: =SUM(H122:H138) -> 94.3332
F120: saldo | H120: =H118-H119 -> -0.0032
...

Sheet FOTOGRÁFICO
A1: MEMÓRIA FOTOGRÁFICA
B14: 1.9 | C14: =VLOOKUP(B14,'Orçamento Sintético'!A:J,4,0) -> LOCAÇÃO DA OBRA - EXECUÇÃO DE GABARITO | J14: 2.1 | K14: =VLOOKUP(J14,'Orçamento Sintético'!A:J,4,0) -> ATERRO MANUAL DE VALAS COM SOLO ARGILO-ARENOSO E COMPACTAÇÃO MECANIZADA. AF_05/2016
B27: 2.2 | C27: =VLOOKUP(B27,'Orçamento Sintético'!A:J,4,0) -> ESCAVAÇÃO MANUAL DE VALA COM PROFUNDIDADE MENOR OU IGUAL A 1,30 M. AF_02/2021 | J27: 2.3 | K27: =VLOOKUP(J27,'Orçamento Sintético'!A:J,4,0) -> ATERRO MANUAL DE VALAS COM SOLO ARGILO-ARENOSO E COMPACTAÇÃO MECANIZADA. AF_05/2016
B40: 2.4 | C40: =VLOOKUP(B40,'Orçamento Sintético'!A:J,4,0) -> REATERRO MANUAL DE VALAS COM COMPACTAÇÃO MECANIZADA. AF_04/2016 | J40: 3.1.1 | K40: =VLOOKUP(J40,'Orçamento Sintético'!A:J,4,0) -> LASTRO DE CONCRETO MAGRO, APLICADO EM BLOCOS DE COROAMENTO OU SAPATAS, ESPESSURA DE 5 CM. AF_08/2017
B53: 3.1.2 | C53: =VLOOKUP(B53,'Orçamento Sintético'!A:J,4,0) -> FABRICAÇÃO, MONTAGEM E DESMONTAGEM DE FÔRMA PARA SAPATA, EM MADEIRA SERRADA, E=25 MM, 4 UTILIZAÇÕES. AF_06/2017 | J53: 3.1.6 | K53: =VLOOKUP(J53,'Orçamento Sintético'!A:J,4,0) -> ARMAÇÃO DE ESTRUTURAS DIVERSAS DE CONCRETO ARMADO, EXCETO VIGAS, PILARES, LAJES E FUNDAÇÕES, UTILIZANDO AÇO CA-50 DE 12,5 MM - MONTAGEM. AF_06/2022
B66: 3.1.6 | C66: =VLOOKUP(B66,'Orçamento Sintético'!A:J,4,0) -> ARMAÇÃO DE ESTRUTURAS DIVERSAS DE CONCRETO ARMADO, EXCETO VIGAS, PILARES, LAJES E FUNDAÇÕES, UTILIZANDO AÇO CA-50 DE 12,5 MM - MONTAGEM. AF_06/2022 | J66: 3.1.7 | K66: =VLOOKUP(J66,'Orçamento Sintético'!A:J,4,0) -> ARMAÇÃO DE ESTRUTURAS DIVERSAS DE CONCRETO ARMADO, EXCETO VIGAS, PILARES, LAJES E FUNDAÇÕES, UTILIZANDO AÇO CA-60 DE 5,0 MM - MONTAGEM. AF_06/2022
B79: 3.1.8 | C79: =VLOOKUP(B79,'Orçamento Sintético'!A:J,4,0) -> CONCRETAGEM DE SAPATAS, FCK 30 MPA, COM USO DE BOMBA  LANÇAMENTO, ADENSAMENTO E ACABAMENTO. AF_11/2016 | J79: 3.2.1 | K79: =VLOOKUP(J79,'Orçamento Sintético'!A:J,4,0) -> FABRICAÇÃO, MONTAGEM E DESMONTAGEM DE FÔRMA PARA VIGA BALDRAME, EM MADEIRA SERRADA, E=25 MM, 4 UTILIZAÇÕES. AF_06/2017
B92: 3.2.3 | C92: =VLOOKUP(B92,'Orçamento Sintético'!A:J,4,0) -> ARMAÇÃO DE ESTRUTURAS DIVERSAS DE CONCRETO ARMADO, EXCETO VIGAS, PILARES, LAJES E FUNDAÇÕES, UTILIZANDO AÇO CA-50 DE 8,0 MM - MONTAGEM. AF_06/2022 | J92: 3.2.4 | K92: =VLOOKUP(J92,'Orçamento Sintético'!A:J,4,0) -> ARMAÇÃO DE ESTRUTURAS DIVERSAS DE CONCRETO ARMADO, EXCETO VIGAS, PILARES, LAJES E FUNDAÇÕES, UTILIZANDO AÇO CA-50 DE 10,0 MM - MONTAGEM. AF_06/2022
B105: 3.2.5 | C105: =VLOOKUP(B105,'Orçamento Sintético'!A:J,4,0) -> ARMAÇÃO DE ESTRUTURAS DIVERSAS DE CONCRETO ARMADO, EXCETO VIGAS, PILARES, LAJES E FUNDAÇÕES, UTILIZANDO AÇO CA-60 DE 5,0 MM - MONTAGEM. AF_06/2022 | J105: 3.2.6 | K105: =VLOOKUP(J105,'Orçamento Sintético'!A:J,4,0) -> CONCRETAGEM DE BLOCOS DE COROAMENTO E VIGAS BALDRAMES, FCK 30 MPA, COM USO DE BOMBA  LANÇAMENTO, ADENSAMENTO E ACABAMENTO. AF_06/2017
B118: 4.2.1 | C118: =VLOOKUP(B118,'Orçamento Sintético'!A:J,4,0) -> MONTAGEM E DESMONTAGEM DE FÔRMA DE PILARES RETANGULARES E ESTRUTURAS SIMILARES, PÉ-DIREITO SIMPLES, EM CHAPA DE MADEIRA COMPENSADA PLASTIFICADA, 12 UTILIZAÇÕES. AF_09/2020 | J118: 4.2.2 | K118: =VLOOKUP(J118,'Orçamento Sintético'!A:J,4,0) -> ARMAÇÃO DE ESTRUTURAS DIVERSAS DE CONCRETO ARMADO, EXCETO VIGAS, PILARES, LAJES E FUNDAÇÕES, UTILIZANDO AÇO CA-50 DE 10,0 MM - MONTAGEM. AF_06/2022
B131: 4.2.4 | C131: =VLOOKUP(B131,'Orçamento Sintético'!A:J,4,0) -> ARMAÇÃO DE ESTRUTURAS DIVERSAS DE CONCRETO ARMADO, EXCETO VIGAS, PILARES, LAJES E FUNDAÇÕES, UTILIZANDO AÇO CA-60 DE 5,0 MM - MONTAGEM. AF_06/2022 | J131: 4.2.5 | K131: =VLOOKUP(J131,'Orçamento Sintético'!A:J,4,0) -> CONCRETAGEM DE PILARES, FCK = 25 MPA, COM USO DE BOMBA - LANÇAMENTO, ADENSAMENTO E ACABAMENTO. AF_02/2022_PS
B144: 4.4.1 | C144: =VLOOKUP(B144,'Orçamento Sintético'!A:J,4,0) -> VERGA PRÉ-MOLDADA PARA JANELAS COM MAIS DE 1,5 M DE VÃO. AF_03/2016 | J144: 5.1 | K144: =VLOOKUP(J144,'Orçamento Sintético'!A:J,4,0) -> ALVENARIA DE VEDAÇÃO DE BLOCOS CERÂMICOS FURADOS NA VERTICAL DE 9X19X39 CM (ESPESSURA 9 CM) E ARGAMASSA DE ASSENTAMENTO COM PREPARO EM BETONEIRA. AF_12/2021
B157: 8.1 | C157: =VLOOKUP(B157,'Orçamento Sintético'!A:J,4,0) -> TINTA DE BASE ASFÁLTICA 2 DEMÃOS C/BROXA | J157: 9.1 | K157: =VLOOKUP(J157,'Orçamento Sintético'!A:J,4,0) -> CHAPISCO APLICADO EM ALVENARIAS E ESTRUTURAS DE CONCRETO INTERNAS, COM COLHER DE PEDREIRO. ARGAMASSA TRAÇO 1:3 COM PREPARO MANUAL. AF_10/2022
B159: Atesto que os serviços foram executados conforme projetos aprovados | J159: Atesto que os serviços foram executados e aceitos
B160: Responsável Técnico pela Execução | J160: Fiscalização
C174: =VLOOKUP(B174,'Orçamento Sintético'!A:J,4,0) -> #N/A | K174: =VLOOKUP(J174,'Orçamento Sintético'!A:J,4,0) -> #N/A
C187: =VLOOKUP(B187,'Orçamento Sintético'!A:J,4,0) -> #N/A | K187: =VLOOKUP(J187,'Orçamento Sintético'!A:J,4,0) -> #N/A
C200: =VLOOKUP(B200,'Orçamento Sintético'!A:J,4,0) -> #N/A | K200: =VLOOKUP(J200,'Orçamento Sintético'!A:J,4,0) -> #N/A
C213: =VLOOKUP(B213,'Orçamento Sintético'!A:J,4,0) -> #N/A | K213: =VLOOKUP(J213,'Orçamento Sintético'!A:J,4,0) -> #N/A
C226: =VLOOKUP(B226,'Orçamento Sintético'!A:J,4,0) -> #N/A | K226: =VLOOKUP(J226,'Orçamento Sintético'!A:J,4,0) -> #N/A
C238: =VLOOKUP(B238,'Orçamento Sintético'!A:J,4,0) -> #N/A | K238: =VLOOKUP(J238,'Orçamento Sintético'!A:J,4,0) -> #N/A
B240: Atesto que os serviços foram executados conforme projetos aprovados | J240: Atesto que os serviços foram executados e aceitos
B241: Responsável Técnico pela Execução | J241: Fiscalização

Sheet BM 04
A2: BOLETIM DE MEDIÇÃO
A4: PROGRAMA: | B4: INTEGRA PARAIBA | C4: MODALIDADE: ESCOLA | H4: EMPREENDIMENTO: | J4: GESTOR: | L4: DATA DA MEDIÇÃO | M4: 45869
J5: ESTADO DA PARAÍBA
A7: CONTRATANTE: | D7: CNPJ: | F7: CONTRATADA: CONSTRUTORA SOUSA CAMPOS | J7: CNPJ: 19.175.657/0001-18 | L7: INICIO DA OBRA; | M7: 45579
A8: PREFEITURA MUNICIPAL DE MOGEIRO | D8: 08.866.501/0001-67
A10: OBJETO: | B10: CONTRATAÇÃO DE EMPRESA PARA CONSTRUÇÃO DE UMA ESCOLA COM 6 SALAS DE AULA. TIPO A INTEGRA PARAIBA. | F10: PROCESSO/OPERAÇÃO: | H10: CONTRATO-CPL: | J10: N° MEDIÇÃO | L10: PERÍODO DA MEDIÇÃO:
H11: 00125/2024-CPL | J11: 04 | L11: 01/07/2025 a 31/07/2025
A13: LOCAL: | B13: AVENIDA JOSÉ AMÉRICO, Z/N, BAIRRO MARIA PEIXOTO, MOGEIRO-PB | F13: VALOR CONTRATADO | H13: VALOR DA MEDIÇÃO | J13: VALOR ACUMULADO | L13: SALDO DO CONTRATO
F14: =F316 -> 1401000 | H14: =K324 -> 102090.56 | J14: =L316 -> 342916.08 | L14: =F14-J14 -> 1058083.9
A16: ITEM | B16: DISCRIMINAÇÃO | C16: CONTRATADO | G16: QUANTITATIVO | J16: FINANCEIRO | M16: PERCENTUAL MEDIDO
C17: UNID | D17: QUANT. | E17: UNITÁRIO | F17: TOTAL | G17: ACUMULADO ANTERIOR | H17: PERIODO | I17: ACUMULADO INCLUINDO O PERIODO | J17: ACUMULADO ANTERIOR | K17: PERIODO | L17: ACUMULADO INCLUINDO O PERIODO | N17: =L323 -> 0
A19: 1 | B19: SERVIÇOS PRELIMINARES | F19: =SUM(F20:F29) -> 73151.734 | J19: =SUM(J20:J29) -> 73151.734 | K19: =SUM(K20:K29) -> 0 | L19: =SUM(L20:L29) -> 73151.734 | M19: =L19/F19 -> 1
A20: 1.1 | B20: Placa de obra em chapa aço galvanizado, instalada - Rev 02_01/2022 | C20: m² | D20: 10 | E20: 311.37 | F20: =E20*D20 -> 3113.7 | G20: 10 | I20: 10 | J20: =G20*E20 -> 3113.7 | K20: =TRUNC(E20*H20,2) -> 0 | L20: =J20+K20 -> 3113.7 | M20: =L20/F20 -> 1 | N20: =D20-I20 -> 0
A21: 1.2 | B21: TAPUME COM COMPENSADO DE MADEIRA. AF_05/2018 | C21: m² | D21: 176 | E21: 92.8 | F21: =E21*D21 -> 16332.8 | G21: 176 | I21: 176 | J21: =G21*E21 -> 16332.8 | K21: =TRUNC(E21*H21,2) -> 0 | L21: =J21+K21 -> 16332.8 | M21: =L21/F21 -> 1 | N21: =D21-I21 -> 0
A22: 1.3 | B22: INSTALAÇÕES PROVISÓRIAS DE LUZ , FORÇA,TELEFONE E LÓGICA | C22: UN | D22: 1 | E22: 1140.85 | F22: =E22*D22 -> 1140.85 | G22: 1 | I22: =G22+H22 -> 1 | J22: =G22*E22 -> 1140.85 | K22: =TRUNC(E22*H22,2) -> 0 | L22: =J22+K22 -> 1140.85 | M22: =L22/F22 -> 1 | N22: =D22-I22 -> 0
A23: 1.4 | B23: EXECUÇÃO DE RESERVATÓRIO ELEVADO DE ÁGUA (1000 LITROS) EM CANTEIRO DE OBRA, APOIADO EM ESTRUTURA DE MADEIRA. AF_02/2016_PA | C23: UN | D23: 1 | E23: 4511.19 | F23: =E23*D23 -> 4511.19 | G23: 1 | I23: =G23+H23 -> 1 | J23: =G23*E23 -> 4511.19 | K23: =TRUNC(E23*H23,2) -> 0 | L23: =J23+K23 -> 4511.19 | M23: =L23/F23 -> 1 | N23: =D23-I23 -> 0
A24: 1.5 | B24: FOSSA SÉPTICA E SUMIDOURO EM ALVENARIA | C24: UN | D24: 1 | E24: 4397.61 | F24: =E24*D24 -> 4397.61 | G24: 1 | I24: =G24+H24 -> 1 | J24: =G24*E24 -> 4397.61 | K24: =TRUNC(E24*H24,2) -> 0 | L24: =J24+K24 -> 4397.61 | M24: =L24/F24 -> 1 | N24: =D24-I24 -> 0
A25: 1.6 | B25: EXECUÇÃO DE SANITÁRIO E VESTIÁRIO EM CANTEIRO DE OBRA EM CHAPA DE MADEIRA COMPENSADA, NÃO INCLUSO MOBILIÁRIO. AF_02/2016 | C25: m² | D25: 2.52 | E25: 831.62 | F25: =E25*D25 -> 2095.6824 | G25: 2.52 | I25: =G25+H25 -> 2.52 | J25: =G25*E25 -> 2095.6824 | K25: =TRUNC(E25*H25,2) -> 0 | L25: =J25+K25 -> 2095.6824 | M25: =L25/F25 -> 1 | N25: =D25-I25 -> 0
A26: 1.7 | B26: EXECUÇÃO DE ESCRITÓRIO EM CANTEIRO DE OBRA EM CHAPA DE MADEIRA COMPENSADA, NÃO INCLUSO MOBILIÁRIO E EQUIPAMENTOS. AF_02/2016 | C26: m² | D26: 20 | E26: 893.23 | F26: =E26*D26 -> 17864.6 | G26: 20 | I26: =G26+H26 -> 20 | J26: =G26*E26 -> 17864.6 | K26: =TRUNC(E26*H26,2) -> 0 | L26: =J26+K26 -> 17864.6 | M26: =L26/F26 -> 1 | N26: =D26-I26 -> 0
A27: 1.8 | B27: EXECUÇÃO DE DEPÓSITO EM CANTEIRO DE OBRA EM CHAPA DE MADEIRA COMPENSADA, NÃO INCLUSO MOBILIÁRIO. AF_04/2016 | C27: m² | D27: 20 | E27: 732.78 | F27: =E27*D27 -> 14655.6 | G27: 20 | I27: =G27+H27 -> 20 | J27: =G27*E27 -> 14655.6 | K27: =TRUNC(E27*H27,2) -> 0 | L27: =J27+K27 -> 14655.6 | M27: =L27/F27 -> 1 | N27: =D27-I27 -> 0
A28: 1.9 | B28: LOCAÇÃO DA OBRA - EXECUÇÃO DE GABARITO | C28: m² | D28: 1129.64 | E28: 6.94 | F28: =E28*D28 -> 7839.7016 | G28: 1129.64 | H28: =D28-G28 -> 0 | I28: =G28+H28 -> 1129.64 | J28: =G28*E28 -> 7839.7016 | K28: =TRUNC(E28*H28,2) -> 0 | L28: =(J28+K28) -> 7839.7016 | M28: =L28/F28 -> 1 | N28: =D28-I28 -> 0 | P28: ERROS DE 1 CENTAVO
A29: 1.10 | B29: LIMPEZA MECANIZADA DE CAMADA VEGETAL, VEGETAÇÃO E PEQUENAS ÁRVORES (DIÂMETRO DE TRONCO MENOR QUE 0,20 M), COM TRATOR DE ESTEIRAS.AF_05/2018 | C29: m² | D29: 4000 | E29: 0.3 | F29: =E29*D29 -> 1200 | G29: 4000 | I29: =G29+H29 -> 4000 | J29: =G29*E29 -> 1200 | K29: =TRUNC(E29*H29,2) -> 0 | L29: =J29+K29 -> 1200 | M29: =L29/F29 -> 1 | N29: =D29-I29 -> 0
A30: 2 | B30: MOVIMENTO DE TERRAS PARA FUNDAÇÕES | F30: =SUM(F31:F34) -> 31327.78 | J30: =SUM(J31:J34) -> 31327.78 | K30: =SUM(K31:K34) -> 0 | L30: =SUM(L31:L34) -> 31327.78 | M30: =L30/F30 -> 1
A31: 2.1 | B31: ATERRO MANUAL DE VALAS COM SOLO ARGILO-ARENOSO E COMPACTAÇÃO MECANIZADA. AF_05/2016 | C31: m³ | D31: 168.5 | E31: 66.13 | F31: 11142.9 | G31: 168.5 | I31: =G31+H31 -> 168.5 | J31: =TRUNC(E31*G31,2) -> 11142.9 | K31: =TRUNC(E31*H31,2) -> 0 | L31: =J31+K31 -> 11142.9 | M31: =L31/F31 -> 1 | N31: =D31-I31 -> 0
A32: 2.2 | B32: ESCAVAÇÃO MANUAL DE VALA COM PROFUNDIDADE MENOR OU IGUAL A 1,30 M. AF_02/2021 | C32: m³ | D32: 94.33 | E32: 69.08 | F32: 6516.31 | G32: 94.33 | I32: =G32+H32 -> 94.33 | J32: =TRUNC(E32*G32,2) -> 6516.31 | K32: =TRUNC(E32*H32,2) -> 0 | L32: =J32+K32 -> 6516.31 | M32: =L32/F32 -> 1 | N32: =D32-I32 -> 0
A33: 2.3 | B33: ATERRO MANUAL DE VALAS COM SOLO ARGILO-ARENOSO E COMPACTAÇÃO MECANIZADA. AF_05/2016 | C33: m³ | D33: 184.58 | E33: 66.13 | F33: 12206.27 | G33: 184.58 | I33: =G33+H33 -> 184.58 | J33: =TRUNC(E33*G33,2) -> 12206.27 | K33: =TRUNC(E33*H33,2) -> 0 | L33: =J33+K33 -> 12206.27 | M33: =L33/F33 -> 1 | N33: =D33-I33 -> 0
A34: 2.4 | B34: REATERRO MANUAL DE VALAS COM COMPACTAÇÃO MECANIZADA. AF_04/2016 | C34: m³ | D34: 55.58 | E34: 26.31 | F34: 1462.3 | G34: 55.58 | I34: =G34+H34 -> 55.58 | J34: =TRUNC(E34*G34,2) -> 1462.3 | K34: =TRUNC(E34*H34,2) -> 0 | L34: =J34+K34 -> 1462.3 | M34: =L34/F34 -> 1 | N34: =D34-I34 -> 0
A35: 3 | B35: INFRAESTRUTURA: FUNDAÇÕES | F35: =F36+F45+F52 -> 110557.96 | J35: =J36+J45+J52 -> 102231.26 | K35: =K36+K45+K52 -> 526 | L35: =L36+L45+L52 -> 102757.26 | M35: =L35/F35 -> 0.92944244
A36: 3.1 | B36: CONCRETO ARMADO PARA FUNDAÇÕES - SAPATAS | F36: =SUM(F37:F44) -> 40612.69 | J36: =SUM(J37:J44)-0.02 -> 40096.98 | K36: =SUM(K37:K44) -> 515.69 | L36: =SUM(L37:L44)-0.02 -> 40612.67 | M36: =L36/F36 -> 0.99999951
A37: 3.1.1 | B37: LASTRO DE CONCRETO MAGRO, APLICADO EM BLOCOS DE COROAMENTO OU SAPATAS, ESPESSURA DE 5 CM. AF_08/2017 | C37: m² | D37: 61.88 | E37: 27.39 | F37: 1694.89 | G37: 61.88 | H37: 0 | I37: =G37+H37 -> 61.88 | J37: =TRUNC(E37*G37,2) -> 1694.89 | K37: =TRUNC(E37*H37,2) -> 0 | L37: =(J37+K37) -> 1694.89 | M37: =L37/F37 -> 1 | N37: =D37-I37 -> 0
A38: 3.1.2 | B38: FABRICAÇÃO, MONTAGEM E DESMONTAGEM DE FÔRMA PARA SAPATA, EM MADEIRA SERRADA, E=25 MM, 4 UTILIZAÇÕES. AF_06/2017 | C38: m² | D38: 165.15 | E38: 128.27 | F38: 21183.79 | G38: 165.15 | H38: 0 | I38: =G38+H38 -> 165.15 | J38: =TRUNC(E38*G38,2) -> 21183.79 | K38: =TRUNC(E38*H38,2) -> 0 | L38: =(J38+K38) -> 21183.79 | M38: =L38/F38 -> 1 | N38: =D38-I38 -> 0
A39: 3.1.3 | B39: ARMAÇÃO DE ESTRUTURAS DIVERSAS DE CONCRETO ARMADO, EXCETO VIGAS, PILARES, LAJES E FUNDAÇÕES, UTILIZANDO AÇO CA-50 DE 6,3 MM - MONTAGEM. AF_06/2022 | C39: KG | D39: 6.55 | E39: 14.13 | F39: 92.55 | G39: 0 | H39: 6.55 | I39: =G39+H39 -> 6.55 | J39: =TRUNC(E39*G39,2) -> 0 | K39: =TRUNC(E39*H39,2) -> 92.55 | L39: =J39+K39 -> 92.55 | M39: =L39/F39 -> 1 | N39: =D39-I39 -> 0
A40: 3.1.4 | B40: ARMAÇÃO DE ESTRUTURAS DIVERSAS DE CONCRETO ARMADO, EXCETO VIGAS, PILARES, LAJES E FUNDAÇÕES, UTILIZANDO AÇO CA-50 DE 8,0 MM - MONTAGEM. AF_06/2022 | C40: KG | D40: 32.45 | E40: 13.04 | F40: 423.14 | G40: 0 | H40: 32.45 | I40: =G40+H40 -> 32.45 | J40: =TRUNC(E40*G40,2) -> 0 | K40: =TRUNC(E40*H40,2) -> 423.14 | L40: =J40+K40 -> 423.14 | M40: =L40/F40 -> 1 | N40: =D40-I40 -> 0
A41: 3.1.5 | B41: ARMAÇÃO DE ESTRUTURAS DIVERSAS DE CONCRETO ARMADO, EXCETO VIGAS, PILARES, LAJES E FUNDAÇÕES, UTILIZANDO AÇO CA-50 DE 10,0 MM - MONTAGEM. AF_06/2022 | C41: KG | D41: 312.26 | E41: 11.49 | F41: 3587.86 | G41: 312.26 | I41: =G41+H41 -> 312.26 | J41: =TRUNC(E41*G41,2) -> 3587.86 | K41: =TRUNC(E41*H41,2) -> 0 | L41: =J41+K41 -> 3587.86 | M41: =L41/F41 -> 1 | N41: =D41-I41 -> 0
A42: 3.1.6 | B42: ARMAÇÃO DE ESTRUTURAS DIVERSAS DE CONCRETO ARMADO, EXCETO VIGAS, PILARES, LAJES E FUNDAÇÕES, UTILIZANDO AÇO CA-50 DE 12,5 MM - MONTAGEM. AF_06/2022 | C42: KG | D42: 32.64 | E42: 9.57 | F42: 312.36 | G42: 32.64 | I42: =G42+H42 -> 32.64 | J42: =TRUNC(E42*G42,2) -> 312.36 | K42: =TRUNC(E42*H42,2) -> 0 | L42: =J42+K42 -> 312.36 | M42: =L42/F42 -> 1 | N42: =D42-I42 -> 0
A43: 3.1.7 | B43: ARMAÇÃO DE ESTRUTURAS DIVERSAS DE CONCRETO ARMADO, EXCETO VIGAS, PILARES, LAJES E FUNDAÇÕES, UTILIZANDO AÇO CA-60 DE 5,0 MM - MONTAGEM. AF_06/2022 | C43: KG | D43: 307.55 | E43: 15.18 | F43: 4668.6 | G43: 307.55 | I43: =G43+H43 -> 307.55 | J43: =TRUNC(E43*G43,2) -> 4668.6 | K43: =TRUNC(E43*H43,2) -> 0 | L43: =J43+K43 -> 4668.6 | M43: =L43/F43 -> 1 | N43: =D43-I43 -> 0
A44: 3.1.8 | B44: CONCRETAGEM DE SAPATAS, FCK 30 MPA, COM USO DE BOMBA  LANÇAMENTO, ADENSAMENTO E ACABAMENTO. AF_11/2016 | C44: m³ | D44: 16.12 | E44: 536.57 | F44: 8649.5 | G44: 16.12 | I44: =G44+H44 -> 16.12 | J44: =TRUNC(E44*G44,2) -> 8649.5 | K44: =TRUNC(E44*H44,2) -> 0 | L44: =J44+K44 -> 8649.5 | M44: =L44/F44 -> 1 | N44: =D44-I44 -> 0
A45: 3.2 | B45: CONCRETO ARMADO PARA FUNDAÇÕES - VIGAS BALDRAMES | F45: =SUM(F46:F51) -> 62144.6 | J45: =SUM(J46:J51)-0.01 -> 62134.28 | K45: =SUM(K46:K51) -> 10.31 | L45: =SUM(L46:L51)-0.01 -> 62144.59 | M45: =L45/F45 -> 0.99999984
A46: 3.2.1 | B46: FABRICAÇÃO, MONTAGEM E DESMONTAGEM DE FÔRMA PARA VIGA BALDRAME, EM MADEIRA SERRADA, E=25 MM, 4 UTILIZAÇÕES. AF_06/2017 | C46: m² | D46: 463.48 | E46: 64.54 | F46: 29912.99 | G46: 463.48 | I46: =G46+H46 -> 463.48 | J46: =TRUNC(E46*G46,2) -> 29912.99 | K46: =TRUNC(E46*H46,2) -> 0 | L46: =J46+K46 -> 29912.99 | M46: =L46/F46 -> 1 | N46: =D46-I46 -> 0
A47: 3.2.2 | B47: ARMAÇÃO DE ESTRUTURAS DIVERSAS DE CONCRETO ARMADO, EXCETO VIGAS, PILARES, LAJES E FUNDAÇÕES, UTILIZANDO AÇO CA-50 DE 6,3 MM - MONTAGEM. AF_06/2022 | C47: KG | D47: 0.73 | E47: 14.13 | F47: 10.31 | G47: 0 | H47: 0.73 | I47: =G47+H47 -> 0.73 | J47: =TRUNC(E47*G47,2) -> 0 | K47: =TRUNC(E47*H47,2) -> 10.31 | L47: =J47+K47 -> 10.31 | M47: =L47/F47 -> 1 | N47: =D47-I47 -> 0
A48: 3.2.3 | B48: ARMAÇÃO DE ESTRUTURAS DIVERSAS DE CONCRETO ARMADO, EXCETO VIGAS, PILARES, LAJES E FUNDAÇÕES, UTILIZANDO AÇO CA-50 DE 8,0 MM - MONTAGEM. AF_06/2022 | C48: KG | D48: 829.82 | E48: 13.04 | F48: 10820.85 | G48: 829.82 | I48: =G48+H48 -> 829.82 | J48: =TRUNC(E48*G48,2) -> 10820.85 | K48: =TRUNC(E48*H48,2) -> 0 | L48: =J48+K48 -> 10820.85 | M48: =L48/F48 -> 1 | N48: =D48-I48 -> 0
A49: 3.2.4 | B49: ARMAÇÃO DE ESTRUTURAS DIVERSAS DE CONCRETO ARMADO, EXCETO VIGAS, PILARES, LAJES E FUNDAÇÕES, UTILIZANDO AÇO CA-50 DE 10,0 MM - MONTAGEM. AF_06/2022 | C49: KG | D49: 100.82 | E49: 11.49 | F49: 1158.42 | G49: 100.82 | I49: =G49+H49 -> 100.82 | J49: =TRUNC(E49*G49,2) -> 1158.42 | K49: =TRUNC(E49*H49,2) -> 0 | L49: =J49+K49 -> 1158.42 | M49: =L49/F49 -> 1 | N49: =D49-I49 -> 0
A50: 3.2.5 | B50: ARMAÇÃO DE ESTRUTURAS DIVERSAS DE CONCRETO ARMADO, EXCETO VIGAS, PILARES, LAJES E FUNDAÇÕES, UTILIZANDO AÇO CA-60 DE 5,0 MM - MONTAGEM. AF_06/2022 | C50: KG | D50: 395 | E50: 15.18 | F50: 5996.1 | G50: 395 | I50: =G50+H50 -> 395 | J50: =TRUNC(E50*G50,2) -> 5996.1 | K50: =TRUNC(E50*H50,2) -> 0 | L50: =(J50+K50) -> 5996.1 | M50: =L50/F50 -> 1 | N50: =D50-I50 -> 0 | P50: ERROS DE 1 CENTAVO
A51: 3.2.6 | B51: CONCRETAGEM DE BLOCOS DE COROAMENTO E VIGAS BALDRAMES, FCK 30 MPA, COM USO DE BOMBA  LANÇAMENTO, ADENSAMENTO E ACABAMENTO. AF_06/2017 | C51: m³ | D51: 26.87 | E51: 530.18 | F51: 14245.93 | G51: 26.87 | I51: =G51+H51 -> 26.87 | J51: =TRUNC(E51*G51,2) -> 14245.93 | K51: =TRUNC(E51*H51,2) -> 0 | L51: =J51+K51 -> 14245.93 | M51: =L51/F51 -> 1 | N51: =D51-I51 -> 0
A52: 3.3 | B52: CONCRETO ARMADO PARA FUNDAÇÕES - BASE CAIXA D'ÁGUA | F52: =SUM(F53:F56) -> 7800.67 | J52: =SUM(J53:J56) -> 0 | K52: =SUM(K53:K56) -> 0 | M52: =L52/F52 -> 0
A53: 3.3.1 | B53: FABRICAÇÃO, MONTAGEM E DESMONTAGEM DE FÔRMA PARA SAPATA, EM MADEIRA SERRADA, E=25 MM, 4 UTILIZAÇÕES. AF_06/2017 | C53: m² | D53: 5.6 | E53: 128.27 | F53: 718.31 | G53: 0 | H53: 0 | I53: =G53+H53 -> 0 | J53: =TRUNC(E53*G53,2) -> 0 | K53: =TRUNC(E53*H53,2) -> 0 | L53: =J53+K53 -> 0 | M53: =L53/F53 -> 0 | N53: =D53-I53 -> 5.6
A54: 3.3.2 | B54: ARMAÇÃO DE ESTRUTURAS DIVERSAS DE CONCRETO ARMADO, EXCETO VIGAS, PILARES, LAJES E FUNDAÇÕES, UTILIZANDO AÇO CA-50 DE 10,0 MM - MONTAGEM. AF_06/2022 | C54: KG | D54: 325 | E54: 11.49 | F54: 3734.25 | G54: 0 | H54: 0 | I54: =G54+H54 -> 0 | J54: =TRUNC(E54*G54,2) -> 0 | K54: =TRUNC(E54*H54,2) -> 0 | L54: =J54+K54 -> 0 | M54: =L54/F54 -> 0 | N54: =D54-I54 -> 325
A55: 3.3.3 | B55: ARMAÇÃO DE ESTRUTURAS DIVERSAS DE CONCRETO ARMADO, EXCETO VIGAS, PILARES, LAJES E FUNDAÇÕES, UTILIZANDO AÇO CA-60 DE 5,0 MM - MONTAGEM. AF_06/2022 | C55: KG | D55: 82 | E55: 15.18 | F55: 1244.76 | G55: 0 | H55: 0 | I55: =G55+H55 -> 0 | J55: =TRUNC(E55*G55,2) -> 0 | K55: =TRUNC(E55*H55,2) -> 0 | L55: =J55+K55 -> 0 | M55: =L55/F55 -> 0 | N55: =D55-I55 -> 82
A56: 3.3.4 | B56: CONCRETAGEM DE SAPATAS, FCK 30 MPA, COM USO DE BOMBA  LANÇAMENTO, ADENSAMENTO E ACABAMENTO. AF_11/2016 | C56: m³ | D56: 3.92 | E56: 536.57 | F56: 2103.35 | G56: 0 | H56: ='MEMORIA DE CALCULO'!H334 -> 0 | I56: =G56+H56 -> 0 | J56: =TRUNC(E56*G56,2) -> 0 | K56: =TRUNC(E56*H56,2) -> 0 | L56: =J56+K56 -> 0 | M56: =L56/F56 -> 0 | N56: =D56-I56 -> 3.92
A57: 4 | B57: SUPERESTRUTURA | F57: =F58+F65+F71+F73 -> 173762.92 | J57: =SUM(J58,J65,J71,J73) -> 17412.77 | K57: =SUM(K58,K65,K71,K73) -> 49587.71 | L57: =SUM(L58,L65,L71,L73) -> 67000.49 | M57: =L57/F57 -> 0.38558566 | O57: =K57+J57 -> 67000.48
A58: 4.1 | B58: CONCRETO ARMADO - VIGAS | F58: =SUM(F59:F64) -> 65370.7 | J58: =SUM(J59:J59) -> 0 | K58: =SUM(K59:K64) -> 25786.32 | L58: =SUM(L59:L64) -> 25786.32 | M58: =L58/F58 -> 0.39446296
A59: 4.1.1 | B59: MONTAGEM E DESMONTAGEM DE FÔRMA DE VIGA, ESCORAMENTO COM GARFO DE MADEIRA, PÉ-DIREITO SIMPLES, EM CHAPA DE MADEIRA PLASTIFICADA, 12 UTILIZAÇÕES. AF_09/2020 | C59: m² | D59: 453.62 | E59: 77.74 | F59: 35264.41 | G59: 0 | H59: 182.59 | I59: =G59+H59 -> 182.59 | J59: =TRUNC(E59*G59,2) -> 0 | K59: =TRUNC(E59*H59,2) -> 14194.54 | L59: =J59+K59 -> 14194.54 | M59: =L59/F59 -> 0.40251744 | N59: =D59-I59 -> 271.03
A60: 4.1.2 | B60: ARMAÇÃO DE PILAR OU VIGA DE ESTRUTURA CONVENCIONAL DE CONCRETO ARMADO UTILIZANDO AÇO CA-50 DE 6,3 MM - MONTAGEM. AF_06/2022 | C60: KG | D60: 0.73 | E60: 12.52 | F60: 9.13 | G60: 0 | H60: 0.73 | I60: =G60+H60 -> 0.73 | J60: =TRUNC(E60*G60,2) -> 0 | K60: =TRUNC(E60*H60,2) -> 9.13 | L60: =J60+K60 -> 9.13 | M60: =L60/F60 -> 1 | N60: =D60-I60 -> 0
A61: 4.1.3 | B61: ARMAÇÃO DE PILAR OU VIGA DE ESTRUTURA CONVENCIONAL DE CONCRETO ARMADO UTILIZANDO AÇO CA-50 DE 8,0 MM - MONTAGEM. AF_06/2022 | C61: KG | D61: 829.82 | E61: 11.9 | F61: 9874.85 | G61: 0 | H61: 359 | I61: =G61+H61 -> 359 | J61: =TRUNC(E61*G61,2) -> 0 | K61: =TRUNC(E61*H61,2) -> 4272.1 | L61: =J61+K61 -> 4272.1 | M61: =L61/F61 -> 0.43262429 | N61: =D61-I61 -> 470.82
A62: 4.1.4 | B62: ARMAÇÃO DE PILAR OU VIGA DE ESTRUTURA CONVENCIONAL DE CONCRETO ARMADO UTILIZANDO AÇO CA-50 DE 10,0 MM - MONTAGEM. AF_06/2022 | C62: KG | D62: 100.82 | E62: 10.71 | F62: 1079.78 | G62: 0 | H62: 14.1 | I62: =G62+H62 -> 14.1 | J62: =TRUNC(E62*G62,2) -> 0 | K62: =TRUNC(E62*H62,2) -> 151.01 | L62: =J62+K62 -> 151.01 | M62: =L62/F62 -> 0.13985256 | N62: =D62-I62 -> 86.72
A63: 4.1.5 | B63: ARMAÇÃO DE PILAR OU VIGA DE ESTRUTURA CONVENCIONAL DE CONCRETO ARMADO UTILIZANDO AÇO CA-60 DE 5,0 MM - MONTAGEM. AF_06/2022 | C63: KG | D63: 379 | E63: 13.01 | F63: 4930.79 | G63: 0 | H63: 150.05 | I63: =G63+H63 -> 150.05 | J63: =TRUNC(E63*G63,2) -> 0 | K63: =TRUNC(E63*H63,2) -> 1952.15 | L63: =J63+K63 -> 1952.15 | M63: =L63/F63 -> 0.39591019 | N63: =D63-I63 -> 228.95
A64: 4.1.6 | B64: CONCRETAGEM DE VIGAS E LAJES, FCK=25 MPA, PARA LAJES MACIÇAS OU NERVURADAS COM USO DE BOMBA - LANÇAMENTO, ADENSAMENTO E ACABAMENTO. AF_02/2022_PS | C64: m³ | D64: 27.81 | E64: 511.03 | F64: 14211.74 | G64: 0 | H64: 10.19 | I64: =G64+H64 -> 10.19 | J64: =TRUNC(E64*G64,2) -> 0 | K64: =TRUNC(E64*H64,2) -> 5207.39 | L64: =J64+K64 -> 5207.39 | M64: =L64/F64 -> 0.36641467 | N64: =D64-I64 -> 17.62
A65: 4.2 | B65: CONCRETO ARMADO - LAJES E PILARES | F65: =SUM(F66:F70) -> 40599.88 | J65: =SUM(J66:J70) -> 11499.36 | K65: =SUM(K66:K70) -> 17908.33 | L65: =SUM(L66:L70) -> 29407.69 | M65: =L65/F65 -> 0.72432948
A66: 4.2.1 | B66: MONTAGEM E DESMONTAGEM DE FÔRMA DE PILARES RETANGULARES E ESTRUTURAS SIMILARES, PÉ-DIREITO SIMPLES, EM CHAPA DE MADEIRA COMPENSADA PLASTIFICADA, 12 UTILIZAÇÕES. AF_09/2020 | C66: m² | D66: 319.27 | E66: 40.75 | F66: 13010.25 | G66: 67.38 | H66: 170.72 | I66: =G66+H66 -> 238.1 | J66: =TRUNC(E66*G66,2) -> 2745.73 | K66: =TRUNC(E66*H66,2) -> 6956.84 | L66: =J66+K66 -> 9702.57 | M66: =L66/F66 -> 0.74576353 | N66: =D66-I66 -> 81.17
A67: 4.2.2 | B67: ARMAÇÃO DE ESTRUTURAS DIVERSAS DE CONCRETO ARMADO, EXCETO VIGAS, PILARES, LAJES E FUNDAÇÕES, UTILIZANDO AÇO CA-50 DE 10,0 MM - MONTAGEM. AF_06/2022 | C67: KG | D67: 1063.91 | E67: 11.49 | F67: 12224.32 | G67: 414.9942 | H67: 422.26 | I67: =414.9942+H67 -> 837.2542 | J67: =TRUNC(E67*G67,2) -> 4768.28 | K67: =TRUNC(E67*H67,2) -> 4851.76 | L67: =J67+K67 -> 9620.04 | M67: =L67/F67 -> 0.78695911 | N67: =D67-I67 -> 226.6558
A68: 4.2.3 | B68: ARMAÇÃO DE ESTRUTURAS DIVERSAS DE CONCRETO ARMADO, EXCETO VIGAS, PILARES, LAJES E FUNDAÇÕES, UTILIZANDO AÇO CA-50 DE 12,5 MM - MONTAGEM. AF_06/2022 | C68: KG | D68: 102.27 | E68: 9.57 | F68: 978.72 | G68: 0 | H68: 102.27 | I68: =G68+H68 -> 102.27 | J68: =TRUNC(E68*G68,2) -> 0 | K68: =TRUNC(E68*H68,2) -> 978.72 | L68: =J68+K68 -> 978.72 | M68: =L68/F68 -> 1 | N68: =D68-I68 -> 0
A69: 4.2.4 | B69: ARMAÇÃO DE ESTRUTURAS DIVERSAS DE CONCRETO ARMADO, EXCETO VIGAS, PILARES, LAJES E FUNDAÇÕES, UTILIZANDO AÇO CA-60 DE 5,0 MM - MONTAGEM. AF_06/2022 | C69: KG | D69: 404.73 | E69: 15.18 | F69: 6143.8 | G69: 97.7895 | H69: 126.54 | I69: =G69+H69 -> 224.3295 | J69: =TRUNC(E69*G69,2) -> 1484.44 | K69: =TRUNC(E69*H69,2) -> 1920.87 | L69: =J69+K69 -> 3405.31 | M69: =L69/F69 -> 0.55426772 | N69: =D69-I69 -> 180.4005
A70: 4.2.5 | B70: CONCRETAGEM DE PILARES, FCK = 25 MPA, COM USO DE BOMBA - LANÇAMENTO, ADENSAMENTO E ACABAMENTO. AF_02/2022_PS | C70: m³ | D70: 16.15 | E70: 510.39 | F70: 8242.79 | G70: 4.9 | H70: 6.27 | I70: =G70+H70 -> 11.17 | J70: =TRUNC(E70*G70,2) -> 2500.91 | K70: =TRUNC(E70*H70,2) -> 3200.14 | L70: =J70+K70 -> 5701.05 | M70: =L70/F70 -> 0.69164082 | N70: =D70-I70 -> 4.98
A71: 4.3 | B71: CONCRETO ARMADO - LAJES DE FORRO | F71: =SUM(F72) -> 55985.86 | J71: =SUM(J72) -> 0 | K71: =SUM(K72) -> 0 | L71: =SUM(L72) -> 0 | M71: =L71/F71 -> 0
A72: 4.3.1 | B72: LAJE PRÉ-MOLDADA P/FORRO, SOBRECARGA 100KG/M², VÃO ATÉ 3,50 M/E = 8CM, COM LAJOTAS E CAPA C/ CONC. FCK=20MPA, 3CM, INTER-EIXO 38CM, C/ESCORAMENTO (REAPR. 3X) E FERRAGEM-PREÇO 02/23 - SINAPI/PB. (M²) | C72: M² | D72: 647.46 | E72: 86.47 | F72: 55985.86 | G72: 0 | H72: 0 | I72: =G72+H72 -> 0 | J72: =TRUNC(E72*G72,2) -> 0 | K72: =TRUNC(E72*H72,2) -> 0 | L72: =J72+K72 -> 0 | M72: =L72/F72 -> 0 | N72: =D72-I72 -> 647.46
A73: 4.4 | B73: CONCRTEO ARMADO - VERGAS E CONTRAVERGAS | F73: =SUM(F74) -> 11806.48 | J73: =J74 -> 5913.41 | K73: =K74 -> 5893.06 | L73: =L74 -> 11806.48 | M73: =L73/F73 -> 1
A74: 4.4.1 | B74: VERGA PRÉ-MOLDADA PARA JANELAS COM MAIS DE 1,5 M DE VÃO. AF_03/2016 | C74: M | D74: 232 | E74: 50.89 | F74: 11806.48 | G74: 116.2 | H74: 115.8 | I74: =G74+H74 -> 232 | J74: =TRUNC(E74*G74,2) -> 5913.41 | K74: =TRUNC(E74*H74,2) -> 5893.06 | L74: =(J74+K74)+0.01 -> 11806.48 | M74: =L74/F74 -> 1 | N74: =D74-I74 -> 0
A75: 5 | B75: SISTEMA DE VEDAÇÃO VERTICAL | F75: =SUM(F76:F78) -> 53575.28 | J75: =J76 -> 7498.4 | K75: =K76+K77+K78 -> 34025.98 | L75: =L76+L77+L78 -> 41524.38 | M75: =L75/F75 -> 0.77506603
A76: 5.1 | B76: ALVENARIA DE VEDAÇÃO DE BLOCOS CERÂMICOS FURADOS NA VERTICAL DE 9X19X39 CM (ESPESSURA 9 CM) E ARGAMASSA DE ASSENTAMENTO COM PREPARO EM BETONEIRA. AF_12/2021 | C76: m² | D76: 914.03 | E76: 45.43 | F76: 41524.38 | G76: 165.054 | H76: =D76-G76 -> 748.976 | I76: =G76+H76 -> 914.03 | J76: =TRUNC(E76*G76,2) -> 7498.4 | K76: =H76*E76 -> 34025.98 | L76: =J76+K76 -> 41524.38 | M76: =L76/F76 -> 0.99999999 | N76: =D76-I76 -> 0
A77: 5.2 | B77: FIXAÇÃO (ENCUNHAMENTO) DE ALVENARIA DE VEDAÇÃO COM TIJOLO MACIÇO. AF_03/2016 | C77: M | D77: 295.3 | E77: 21.79 | F77: 6434.58 | G77: 0 | H77: 0 | I77: =G77+H77 -> 0 | J77: =TRUNC(E77*G77,2) -> 0 | K77: =TRUNC(E77*H77,2) -> 0 | L77: =J77+K77 -> 0 | M77: =L77/F77 -> 0 | N77: =D77-I77 -> 295.3
A78: 5.3 | B78: DIVISÓRIA DE GRANITO CINZA E=2cm | C78: m² | D78: 12.92 | E78: 434.7 | F78: 5616.32 | G78: 0 | H78: 0 | I78: =G78+H78 -> 0 | J78: =TRUNC(E78*G78,2) -> 0 | K78: =TRUNC(E78*H78,2) -> 0 | L78: =J78+K78 -> 0 | M78: =L78/F78 -> 0 | N78: =D78-I78 -> 12.92
A79: 6 | B79: ESQUADRIAS | F79: =F80+F88+F92+F94+F106 -> 149488.57 | L79: =SUM(L81) -> 0 | M79: =L79/F79 -> 0
A80: 6.1 | B80: PORTAS DE MADEIRA | F80: =SUM(F81:F87) -> 25618.06 | J80: =SUM(J81:J87) -> 0 | K80: =SUM(K81:K87) -> 0 | M80: =L80/F80 -> 0
A81: 6.1.1 | B81: KIT DE PORTA DE MADEIRA PARA PINTURA, SEMI-OCA (LEVE OU MÉDIA), PADRÃO MÉDIO, 80X210CM, ESPESSURA DE 3,5CM, ITENS INCLUSOS: DOBRADIÇAS, MONTAGEM E INSTALAÇÃO DO BATENTE, FECHADURA COM EXECUÇÃO DO FURO - FORNECIMENTO E INSTALAÇÃO. AF_12/2019 | C81: UN | D81: 7 | E81: 894.39 | F81: 6260.73 | G81: 0 | H81: 0 | I81: =G81+H81 -> 0 | J81: =TRUNC(E81*G81,2) -> 0 | K81: =TRUNC(E81*H81,2) -> 0 | L81: =J81+K81 -> 0 | M81: =L81/F81 -> 0 | N81: =D81-I81 -> 7
A82: 6.1.2 | B82: KIT DE PORTA DE MADEIRA PARA PINTURA, SEMI-OCA (LEVE OU MÉDIA), PADRÃO POPULAR, 80X210CM, ESPESSURA DE 3,5CM, ITENS INCLUSOS: DOBRADIÇAS, MONTAGEM E INSTALAÇÃO DO BATENTE, FECHADURA COM EXECUÇÃO DO FURO - FORNECIMENTO E INSTALAÇÃO. AF_12/2019 | C82: UN | D82: 7 | E82: 742.48 | F82: 5197.36 | G82: 0 | H82: 0 | I82: =G82+H82 -> 0 | J82: =TRUNC(E82*G82,2) -> 0 | K82: =TRUNC(E82*H82,2) -> 0 | L82: =J82+K82 -> 0 | M82: =L82/F82 -> 0 | N82: =D82-I82 -> 7
A83: 6.1.3 | B83: KIT DE PORTA DE MADEIRA PARA PINTURA, SEMI-OCA (LEVE OU MÉDIA), PADRÃO MÉDIO, 80X210CM, ESPESSURA DE 3,5CM, ITENS INCLUSOS: DOBRADIÇAS, MONTAGEM E INSTALAÇÃO DO BATENTE, FECHADURA COM EXECUÇÃO DO FURO - FORNECIMENTO E INSTALAÇÃO. AF_12/2019 | C83: UN | D83: 2 | E83: 894.39 | F83: 1788.78 | G83: 0 | H83: 0 | I83: =G83+H83 -> 0 | J83: =TRUNC(E83*G83,2) -> 0 | K83: =TRUNC(E83*H83,2) -> 0 | L83: =J83+K83 -> 0 | M83: =L83/F83 -> 0 | N83: =D83-I83 -> 2
A84: 6.1.4 | B84: PM4 - PORTA DE ABRIR EM MADEIRA PARA PINTURA 0,6 X 2,1M, ESPESSURA DE 3,5 CM, COM VENEZIANA 0,5 X 0,40M, CONFORMA PROJETO, INCLUSO DOBRADIÇAS, BATENTES E FECHADURAS | C84: UN | D84: 1 | E84: 1208.27 | F84: 1208.27 | G84: 0 | H84: 0 | I84: =G84+H84 -> 0 | J84: =TRUNC(E84*G84,2) -> 0 | K84: =TRUNC(E84*H84,2) -> 0 | L84: =J84+K84 -> 0 | M84: =L84/F84 -> 0 | N84: =D84-I84 -> 1
A85: 6.1.5 | B85: KIT DE PORTA DE MADEIRA TIPO VENEZIANA, 80X210CM (ESPESSURA DE 3CM), PADRÃO POPULAR, ITENS INCLUSOS: DOBRADIÇAS, MONTAGEM E INSTALAÇÃO DE BATENTE, FECHADURA COM EXECUÇÃO DO FURO - FORNECIMENTO E INSTALAÇÃO. AF_12/2019 | C85: UN | D85: 3 | E85: 1210.94 | F85: 3632.82 | G85: 0 | H85: 0 | I85: =G85+H85 -> 0 | J85: =TRUNC(E85*G85,2) -> 0 | K85: =TRUNC(E85*H85,2) -> 0 | L85: =J85+K85 -> 0 | M85: =L85/F85 -> 0 | N85: =D85-I85 -> 3
A86: 6.1.6 | B86: PM6 - PORTA DE ABRIR EM CHAPA DE MADEIRA COMPENSADA PARA BANHEIRO REVESTIDA COM LAMINADO 0,6 X 1,60 M, INCLUSO MARCO E DOBRADIÇAS. (REF. SINAPI/02/2023, SBC 04/2023)(UN) | C86: UN | D86: 3 | E86: 1377.86 | F86: 4133.58 | G86: 0 | H86: 0 | I86: =G86+H86 -> 0 | J86: =TRUNC(E86*G86,2) -> 0 | K86: =TRUNC(E86*H86,2) -> 0 | L86: =J86+K86 -> 0 | M86: =L86/F86 -> 0 | N86: =D86-I86 -> 3
A87: 6.1.7 | B87: PM7 - PORTA DE ABRIR EM CHAPA DE MADEIRA COMPENSADA PARA BANHEIRO REVESTIDA COM LAMINADO 0,80 X 1,60 M, INCLUSO MARCO E DOBRADIÇAS | C87: UN | D87: 2 | E87: 1698.26 | F87: 3396.52 | G87: 0 | H87: 0 | I87: =G87+H87 -> 0 | J87: =TRUNC(E87*G87,2) -> 0 | K87: =TRUNC(E87*H87,2) -> 0 | L87: =J87+K87 -> 0 | M87: =L87/F87 -> 0 | N87: =D87-I87 -> 2
A88: 6.2 | B88: FERRAGENS E ACESSÓRIOS | F88: =SUM(F89:F91) -> 996.45 | J88: =SUM(J89:J91) -> 0 | K88: =SUM(K89:K91) -> 0 | M88: =L88/F88 -> 0
A89: 6.2.1 | B89: PUXADOR PARA PCD, FIXADO NA PORTA - FORNECIMENTO E INSTALAÇÃO. AF_01/2020 | C89: UN | D89: 2 | E89: 278.38 | F89: 556.76 | G89: 0 | H89: 0 | I89: =G89+H89 -> 0 | J89: =TRUNC(E89*G89,2) -> 0 | K89: =TRUNC(E89*H89,2) -> 0 | L89: =J89+K89 -> 0 | M89: =L89/F89 -> 0 | N89: =D89-I89 -> 2
A90: 6.2.2 | B90: FECHADURA DE EMBUTIR COMPLETA, TIPO TARJETA LIVRE - OCUPADO | C90: UN | D90: 5 | E90: 48.08 | F90: 240.4 | G90: 0 | H90: 0 | I90: =G90+H90 -> 0 | J90: =TRUNC(E90*G90,2) -> 0 | K90: =TRUNC(E90*H90,2) -> 0 | L90: =J90+K90 -> 0 | M90: =L90/F90 -> 0 | N90: =D90-I90 -> 5
A91: 6.2.3 | B91: CHAPA MATÁLICA (ALUMÍNIO) 0,80M 0,40 MM, E= 1MM PARA AS PORTAS | C91: M² | D91: 2.88 | E91: 69.2 | F91: 199.29 | G91: 0 | H91: 0 | I91: =G91+H91 -> 0 | J91: =TRUNC(E91*G91,2) -> 0 | K91: =TRUNC(E91*H91,2) -> 0 | L91: =J91+K91 -> 0 | M91: =L91/F91 -> 0 | N91: =D91-I91 -> 2.88
A92: 6.3 | B92: PORTAS DE ALUMÍNIO | F92: =F93 -> 461.96 | J92: =SUM(J93:J93) -> 0 | K92: =SUM(K93:K93) -> 0 | L92: =SUM(L93:L93) -> 0 | M92: =L92/F92 -> 0
A93: 6.3.1 | B93: Porta em alumínio, cor N/P/B, tipo veneziana (até 50%) e vidro (até 50%), de abrir ou correr, completa, inclusive caixilhos, dobradiças ou roldanas, fechadura exclusive vidro | C93: m² | D93: 1.68 | E93: 274.98 | F93: 461.96 | G93: 0 | H93: 0 | I93: =G93+H93 -> 0 | J93: =TRUNC(E93*G93,2) -> 0 | K93: =TRUNC(E93*H93,2) -> 0 | L93: =J93+K93 -> 0 | M93: =L93/F93 -> 0 | N93: =D93-I93 -> 1.68
A94: 6.4 | B94: JANELAS DE ALUMÍNIO | F94: =SUM(F95:F105) -> 120131.96 | J94: =SUM(J95:J105) -> 0 | K94: =SUM(K95:K105) -> 0 | L94: =SUM(L95:L95) -> 0 | M94: =L94/F94 -> 0
A95: 6.4.1 | B95: JANELA DE ALUMÍNIO TIPO MAXIM-AR, COM VIDROS, BATENTE E FERRAGENS. EXCLUSIVE ALIZAR, ACABAMENTO E CONTRAMARCO. FORNECIMENTO E INSTALAÇÃO. AF_12/2019 | C95: m² | D95: 0.24 | E95: 1295.37 | F95: 310.88 | G95: 0 | H95: 0 | I95: =G95+H95 -> 0 | J95: =TRUNC(E95*G95,2) -> 0 | K95: =TRUNC(E95*H95,2) -> 0 | L95: =J95+K95 -> 0 | M95: =L95/F95 -> 0 | N95: =D95-I95 -> 0.24
A96: 6.4.2 | B96: JANELA DE ALUMÍNIO TIPO MAXIM-AR, COM VIDROS, BATENTE E FERRAGENS. EXCLUSIVE ALIZAR, ACABAMENTO E CONTRAMARCO. FORNECIMENTO E INSTALAÇÃO. AF_12/2019 | C96: m² | D96: 1.08 | E96: 1295.37 | F96: 1398.99 | G96: 0 | H96: 0 | I96: =G96+H96 -> 0 | J96: =TRUNC(E96*G96,2) -> 0 | K96: =TRUNC(E96*H96,2) -> 0 | L96: =J96+K96 -> 0 | M96: =L96/F96 -> 0 | N96: =D96-I96 -> 1.08
A97: 6.4.3 | B97: JANELA DE ALUMÍNIO TIPO MAXIM-AR, COM VIDROS, BATENTE E FERRAGENS. EXCLUSIVE ALIZAR, ACABAMENTO E CONTRAMARCO. FORNECIMENTO E INSTALAÇÃO. AF_12/2019 | C97: m² | D97: 3.2 | E97: 1295.37 | F97: 4145.18 | G97: 0 | H97: 0 | I97: =G97+H97 -> 0 | J97: =TRUNC(E97*G97,2) -> 0 | K97: =TRUNC(E97*H97,2) -> 0 | L97: =J97+K97 -> 0 | M97: =L97/F97 -> 0 | N97: =D97-I97 -> 3.2
A98: 6.4.4 | B98: JANELA DE ALUMÍNIO DE CORRER COM 2 FOLHAS PARA VIDROS, COM VIDROS, BATENTE, ACABAMENTO COM ACETATO OU BRILHANTE E FERRAGENS. EXCLUSIVE ALIZAR E CONTRAMARCO. FORNECIMENTO E INSTALAÇÃO. AF_12/2019 | C98: m² | D98: 0.6 | E98: 688.71 | F98: 413.22 | G98: 0 | H98: 0 | I98: =G98+H98 -> 0 | J98: =TRUNC(E98*G98,2) -> 0 | K98: =TRUNC(E98*H98,2) -> 0 | L98: =J98+K98 -> 0 | M98: =L98/F98 -> 0 | N98: =D98-I98 -> 0.6
A99: 6.4.5 | B99: JANELA DE ALUMÍNIO DE CORRER COM 2 FOLHAS PARA VIDROS, COM VIDROS, BATENTE, ACABAMENTO COM ACETATO OU BRILHANTE E FERRAGENS. EXCLUSIVE ALIZAR E CONTRAMARCO. FORNECIMENTO E INSTALAÇÃO. AF_12/2019 | C99: m² | D99: 6 | E99: 688.71 | F99: 4132.26 | G99: 0 | H99: 0 | I99: =G99+H99 -> 0 | J99: =TRUNC(E99*G99,2) -> 0 | K99: =TRUNC(E99*H99,2) -> 0 | L99: =J99+K99 -> 0 | M99: =L99/F99 -> 0 | N99: =D99-I99 -> 6
A100: 6.4.6 | B100: JANELA DE ALUMÍNIO TIPO MAXIM-AR, COM VIDROS, BATENTE E FERRAGENS. EXCLUSIVE ALIZAR, ACABAMENTO E CONTRAMARCO. FORNECIMENTO E INSTALAÇÃO. AF_12/2019 | C100: m² | D100: 3.3 | E100: 1295.37 | F100: 4274.72 | G100: 0 | H100: 0 | I100: =G100+H100 -> 0 | J100: =TRUNC(E100*G100,2) -> 0 | K100: =TRUNC(E100*H100,2) -> 0 | L100: =J100+K100 -> 0 | M100: =L100/F100 -> 0 | N100: =D100-I100 -> 3.3
A101: 6.4.7 | B101: JANELA DE ALUMÍNIO TIPO MAXIM-AR, COM VIDROS, BATENTE E FERRAGENS. EXCLUSIVE ALIZAR, ACABAMENTO E CONTRAMARCO. FORNECIMENTO E INSTALAÇÃO. AF_12/2019 | C101: m² | D101: 8.8 | E101: 1295.37 | F101: 11399.25 | G101: 0 | H101: 0 | I101: =G101+H101 -> 0 | J101: =TRUNC(E101*G101,2) -> 0 | K101: =TRUNC(E101*H101,2) -> 0 | L101: =J101+K101 -> 0 | M101: =L101/F101 -> 0 | N101: =D101-I101 -> 8.8
A102: 6.4.8 | B102: JANELA DE ALUMÍNIO TIPO MAXIM-AR, COM VIDROS, BATENTE E FERRAGENS. EXCLUSIVE ALIZAR, ACABAMENTO E CONTRAMARCO. FORNECIMENTO E INSTALAÇÃO. AF_12/2019 | C102: m² | D102: 67.76 | E102: 1295.37 | F102: 87774.27 | G102: 0 | H102: 0 | I102: =G102+H102 -> 0 | J102: =TRUNC(E102*G102,2) -> 0 | K102: =TRUNC(E102*H102,2) -> 0 | L102: =J102+K102 -> 0 | M102: =L102/F102 -> 0 | N102: =D102-I102 -> 67.76
A103: 6.4.9 | B103: JANELA DE ALUMÍNIO, TIPO VENEZIANA | C103: m² | D103: 6.48 | E103: 483.96 | F103: 3136.06 | G103: 0 | H103: 0 | I103: =G103+H103 -> 0 | J103: =TRUNC(E103*G103,2) -> 0 | K103: =TRUNC(E103*H103,2) -> 0 | L103: =J103+K103 -> 0 | M103: =L103/F103 -> 0 | N103: =D103-I103 -> 6.48
A104: 6.4.10 | B104: JANELA FIXA DE ALUMÍNIO PARA VIDRO, COM VIDRO, BATENTE E FERRAGENS. EXCLUSIVE ACABAMENTO, ALIZAR E CONTRAMARCO. FORNECIMENTO E INSTALAÇÃO. AF_12/2019 | C104: m² | D104: 1.98 | E104: 1468.47 | F104: 2907.57 | G104: 0 | H104: 0 | I104: =G104+H104 -> 0 | J104: =TRUNC(E104*G104,2) -> 0 | K104: =TRUNC(E104*H104,2) -> 0 | L104: =J104+K104 -> 0 | M104: =L104/F104 -> 0 | N104: =D104-I104 -> 1.98
A105: 6.4.11 | B105: Tela de nylon tipo mosquiteiro com moldura em madeira, para esquadrias - Rev 01 | C105: m² | D105: 4.2 | E105: 57.04 | F105: 239.56 | G105: 0 | H105: 0 | I105: =G105+H105 -> 0 | J105: =TRUNC(E105*G105,2) -> 0 | K105: =TRUNC(E105*H105,2) -> 0 | L105: =J105+K105 -> 0 | M105: =L105/F105 -> 0 | N105: =D105-I105 -> 4.2
A106: 6.5 | B106: VIDROS | F106: =SUM(F107:F108) -> 2280.14 | J106: =J107+J108 -> 0 | K106: =K107+K108 -> 0 | M106: =L106/F106 -> 0
A107: 6.5.1 | B107: VIDRO TEMPERADO INCOLOR C/MASSA E=6MM, COLOCADO | C107: m² | D107: 1.98 | E107: 241.08 | F107: 477.33 | G107: 0 | H107: 0 | I107: =G107+H107 -> 0 | J107: =TRUNC(E107*G107,2) -> 0 | K107: =TRUNC(E107*H107,2) -> 0 | L107: =J107+K107 -> 0 | M107: =L107/F107 -> 0 | N107: =D107-I107 -> 1.98
...

Sheet MEMORIA DE CALCULO BM04
A3: OBRA: | C3: CONTRATAÇÃO DE EMPRESA PARA CONSTRUÇÃO DE UMA ESCOLA COM 6 SALAS DE AULA.
A4: MUNICÍPIO: | C4: MOGEIRO - PB
A5: LICITAÇÃO Nº: | C5: PROCESSO LICITATÓRIO Nº 004/2024 - CONCORRÊNCIA Nº 004/2024
A6: MODALIDADE: | C6: ESCOLA | G6: DATA: | H6: 45869
A8: MEMÓRIA DE CÁLCULO - CONSTRUÇÃO - BM 04 - PERÍODO: 01/07/2025 A 31/07/2025
A10: 1.1 | C10: =VLOOKUP(A10,'[2]Orçamento Sintético'!A4:D301,4,0) -> Placa de obra em chapa aço galvanizado, instalada - Rev 02_01/2022 | F10: TOTAL MED 01 | H10: =H16 -> 10
F11: Acum. Med. Anteriores
F12: total planilha | H12: ='[2]Orçamento Sintético'!F7 -> 10
F13: MEDIDO NA BM | H13: =H16 -> 10
F14: saldo | H14: =H12-H13 -> 0
D15: COMP | E15: ALTURA | F15: LARG | G15: QUANT
B16: MED 01 | C16: obra da escola | E16: 2 | F16: 5 | H16: =E16*F16 -> 10
A21: 1.2 | C21: =VLOOKUP(A21,'[2]Orçamento Sintético'!A:J,4,0) -> TAPUME COM COMPENSADO DE MADEIRA. AF_05/2018 | F21: TOTAL MED 01 | H21: =H27 -> 176
F22: Acum. Med. Anteriores
F23: total planilha | H23: 176
F24: MEDIDO NA BM | H24: =H27 -> 176
F25: saldo | H25: =H23-H24 -> 0
D26: COMP | E26: ALTURA | F26: LARG | G26: QUANT
B27: MED 01 | C27: obra da escola | G27: 176 | H27: =G27 -> 176
A29: 1.7 | C29: =VLOOKUP(A29,'[2]Orçamento Sintético'!A:J,4,0) -> EXECUÇÃO DE ESCRITÓRIO EM CANTEIRO DE OBRA EM CHAPA DE MADEIRA COMPENSADA, NÃO INCLUSO MOBILIÁRIO E EQUIPAMENTOS. AF_02/2016 | F29: TOTAL MED 01 | H29: =H35 -> 20
F30: Acum. Med. Anteriores
F31: total planilha | H31: 20
F32: MEDIDO NA BM | H32: =H35 -> 20
F33: saldo | H33: =H31-H32 -> 0
D34: COMP | E34: ALTURA | F34: LARG | G34: QUANT
B35: MED 01 | C35: escritório | G35: 20 | H35: =G35 -> 20
A37: 1.8 | C37: =VLOOKUP(A37,'[2]Orçamento Sintético'!A:J,4,0) -> EXECUÇÃO DE DEPÓSITO EM CANTEIRO DE OBRA EM CHAPA DE MADEIRA COMPENSADA, NÃO INCLUSO MOBILIÁRIO. AF_04/2016 | F37: TOTAL MED 01 | H37: =H43 -> 20
F38: Acum. Med. Anteriores
F39: total planilha | H39: 20
F40: MEDIDO NA BM | H40: =H43 -> 20
F41: saldo | H41: =H39-H40 -> 0
D42: COMP | E42: ALTURA | F42: LARG | G42: QUANT
B43: MED 01 | C43: depósito | G43: 20 | H43: =G43 -> 20
A45: 1.10 | C45: =VLOOKUP(A45,'[2]Orçamento Sintético'!A:J,4,0) -> LIMPEZA MECANIZADA DE CAMADA VEGETAL, VEGETAÇÃO E PEQUENAS ÁRVORES (DIÂMETRO DE TRONCO MENOR QUE 0,20 M), COM TRATOR DE ESTEIRAS.AF_05/2018 | F45: TOTAL MED 01 | H45: =H51 -> 4000
F46: Acum. Med. Anteriores
F47: total planilha | H47: 4000
F48: MEDIDO NA BM | H48: =H51 -> 4000
F49: saldo | H49: =H47-H48 -> 0
D50: COMP | E50: ALTURA | F50: LARG | G50: QUANT
B51: MED 01 | C51: Limpeza de obra | G51: 4000 | H51: =G51 -> 4000
A53: 1.3 | C53: =VLOOKUP(A53,'[2]Orçamento Sintético'!A:J,4,0) -> INSTALAÇÕES PROVISÓRIAS DE LUZ , FORÇA,TELEFONE E LÓGICA | F53: TOTAL MED 02 | H53: =H55 -> 1
F54: Acum. Med. Anteriores
F55: total planilha | H55: ='[2]Orçamento Sintético'!F9 -> 1
F56: MEDIDO NA BM | H56: =H59 -> 1
F57: saldo | H57: =H55-H56 -> 0
D58: COMP | E58: ALTURA | F58: LARG | G58: QUANT
B59: MED 02 | C59: Instalação provisória de luz | G59: 1 | H59: =G59 -> 1
A61: 1.4 | C61: =VLOOKUP(A61,'[2]Orçamento Sintético'!A:J,4,0) -> EXECUÇÃO DE RESERVATÓRIO ELEVADO DE ÁGUA (1000 LITROS) EM CANTEIRO DE OBRA, APOIADO EM ESTRUTURA DE MADEIRA. AF_02/2016_PA | F61: TOTAL MED 02 | H61: =H67 -> 1
F62: Acum. Med. Anteriores
F63: total planilha | H63: ='[2]Orçamento Sintético'!F10 -> 1
F64: MEDIDO NA BM | H64: =H67 -> 1
F65: saldo | H65: =H63-H64 -> 0
D66: COMP | E66: ALTURA | F66: LARG | G66: QUANT
B67: MED 02 | C67: Reservatório de água | G67: 1 | H67: =G67 -> 1
A69: 1.5 | C69: =VLOOKUP(A69,'[2]Orçamento Sintético'!A:J,4,0) -> FOSSA SÉPTICA E SUMIDOURO EM ALVENARIA | F69: TOTAL MED 02 | H69: =H75 -> 1
F70: Acum. Med. Anteriores
F71: total planilha | H71: ='[2]Orçamento Sintético'!F11 -> 1
F72: MEDIDO NA BM | H72: =H75 -> 1
F73: saldo | H73: =H71-H72 -> 0
D74: COMP | E74: ALTURA | F74: LARG | G74: QUANT
B75: MED 02 | C75: Fossa e Sumidouro | G75: 1 | H75: =G75 -> 1
A77: 1.6 | C77: =VLOOKUP(A77,'[2]Orçamento Sintético'!A:J,4,0) -> EXECUÇÃO DE SANITÁRIO E VESTIÁRIO EM CANTEIRO DE OBRA EM CHAPA DE MADEIRA COMPENSADA, NÃO INCLUSO MOBILIÁRIO. AF_02/2016 | F77: TOTAL MED 02 | H77: =H83 -> 2.52
F78: Acum. Med. Anteriores
F79: total planilha | H79: =VLOOKUP(A77,'[2]Orçamento Sintético'!A:J,6,0) -> 2.52
F80: MEDIDO NA BM | H80: =H83 -> 2.52
F81: saldo | H81: =H79-H80 -> 0
D82: COMP | E82: ALTURA | F82: LARG | G82: QUANT
B83: MED 02 | C83: sanitário | G83: 2.52 | H83: =G83 -> 2.52
A85: 1.9 | C85: =VLOOKUP(A85,'[2]Orçamento Sintético'!A:J,4,0) -> LOCAÇÃO DA OBRA - EXECUÇÃO DE GABARITO | E85: =VLOOKUP(A85,'[2]Orçamento Sintético'!A:J,5,0) -> m² | F85: TOTAL MED 04 | H85: =SUM(H94:H98) -> 386.848
F86: Acum. Med. Anteriores
F87: total planilha | H87: =VLOOKUP(A85,'[2]Orçamento Sintético'!A:J,6,0) -> 1129.64
F88: MEDIDO NA BM | H88: =SUM(H91:H98) -> 1129.6392
F89: saldo | H89: =H87-H88 -> 0.0008
D90: COMP (m) | E90: ALTURA (m) | F90: LARG (m) | G90: QUANT
B91: MED 02 | C91: locação bloco pedagógico | D91: 57.16 | F91: 7.82 | H91: =D91*F91 -> 446.9912
C92: locação patio coberto | D92: 17.4 | F92: 17 | H92: =F92*D92 -> 295.8
B94: MEDIÇÃO 03 | C94: Locação bloco administrativo | D94: =15.75+0.6 -> 16.35 | F94: =6.3+1.5 -> 7.8 | H94: =D94*F94 -> 127.53
C95: locação bloco serviço | D95: =15.75+0.6 -> 16.35 | F95: =6.3+1.5 -> 7.8 | H95: =D95*F95 -> 127.53
C96: locação das passarelas 3x | D96: =3.2+2.04 -> 5.24 | F96: =2.85+0.3 -> 3.15 | G96: 3 | H96: =G96*F96*D96 -> 49.518
C97: locação da rampa principal | D97: =2.75+3 -> 5.75 | F97: 8 | H97: =F97*D97 -> 46
C98: locação das passarelas (bloco adm e bloco serviço) | H98: 36.27
A101: 2.1 | C101: =VLOOKUP(A101,'[2]Orçamento Sintético'!A:J,4,0) -> ATERRO MANUAL DE VALAS COM SOLO ARGILO-ARENOSO E COMPACTAÇÃO MECANIZADA. AF_05/2016 | F101: TOTAL MED 04 | H101: =SUM(H110:H115) -> 114.1205
F102: Acum. Med. Anteriores
F103: total planilha | H103: =VLOOKUP(A101,'[2]Orçamento Sintético'!A:J,6,0) -> 168.5
F104: MEDIDO NA BM | H104: =H107+H108+H110+H111+H112+H113+H114+H115 -> 168.5033
F105: saldo | H105: =H103-H104 -> -0.0033
D106: COMP | E106: ALTURA | F106: LARG | G106: QUANT
B107: MED 02 | C107: aterro sapatas pedagógico | D107: 1.1 | E107: 1.1 | F107: 0.66 | G107: 58 | H107: =G107*F107*E107*D107 -> 46.3188
C108: aterro sapatas do pátio | D108: 0.8 | E108: 0.7 | F108: 0.8 | G108: 18 | H108: =G108*F108*E108*D108 -> 8.064
B110: MEDIÇÃO 03 | C110: Bloco administrativo (sapatas) | D110: 0.65 | E110: 0.7 | F110: 0.75 | G110: 14 | H110: =G110*F110*E110*D110 -> 4.7775
C111: Bloco serviço (sapatas) | D111: 0.6 | E111: 0.7 | F111: 0.65 | G111: 16 | H111: =G111*F111*E111*D111 -> 4.368
C112: Bloco passarelas 3x (sapatas) | D112: 0.6 | E112: 0.7 | F112: 0.6 | G112: =4*3 -> 12 | H112: =G112*F112*E112*D112 -> 3.024
C113: Rampa principal (sapatas) | D113: 0.45 | E113: 0.7 | F113: 0.3 | G113: 8 | H113: =G113*F113*E113*D113 -> 0.756
C114: Rampa das passarelas entre (bloco adm e bloco serviço) (sapatas) | D114: 0.45 | E114: 0.7 | F114: 0.3 | G114: 10 | H114: =G114*F114*E114*D114 -> 0.945
C115: Bloco pedagógico (sala 06,05) | D115: 8 | E115: 1 | F115: 6.26 | G115: 2 | H115: 100.25
A118: 2.2 | C118: =VLOOKUP(A118,'[2]Orçamento Sintético'!A:J,4,0) -> ESCAVAÇÃO MANUAL DE VALA COM PROFUNDIDADE MENOR OU IGUAL A 1,30 M. AF_02/2021 | E118: =VLOOKUP(A118,'[2]Orçamento Sintético'!A:J,5,0) -> m³ | F118: TOTAL MED 04 | H118: =SUM(H131:H140) -> 14.8388
F119: Acum. Med. Anteriores
F120: total planilha | H120: =VLOOKUP(A118,'[2]Orçamento Sintético'!A:J,6,0) -> 94.33
F121: MEDIDO NA BM | H121: =SUM(H124:H140) -> 94.3332
F122: saldo | H122: =H120-H121 -> -0.0032
...

Sheet FOTOGRÁFICO BM04
A1: MEMÓRIA FOTOGRÁFICA
B13: 3.1.3 | C13: =VLOOKUP(B13,'[3]Orçamento Sintético'!A:J,4,0) -> ARMAÇÃO DE ESTRUTURAS DIVERSAS DE CONCRETO ARMADO, EXCETO VIGAS, PILARES, LAJES E FUNDAÇÕES, UTILIZANDO AÇO CA-50 DE 6,3 MM - MONTAGEM. AF_06/2022 | J13: 3.1.4 | K13: =VLOOKUP(J13,'[3]Orçamento Sintético'!A:J,4,0) -> ARMAÇÃO DE ESTRUTURAS DIVERSAS DE CONCRETO ARMADO, EXCETO VIGAS, PILARES, LAJES E FUNDAÇÕES, UTILIZANDO AÇO CA-50 DE 8,0 MM - MONTAGEM. AF_06/2022
B25: 3.2.2 | C25: =VLOOKUP(B25,'[3]Orçamento Sintético'!A:J,4,0) -> ARMAÇÃO DE ESTRUTURAS DIVERSAS DE CONCRETO ARMADO, EXCETO VIGAS, PILARES, LAJES E FUNDAÇÕES, UTILIZANDO AÇO CA-50 DE 6,3 MM - MONTAGEM. AF_06/2022 | J25: 4.1.1 | K25: =VLOOKUP(J25,'[3]Orçamento Sintético'!A:J,4,0) -> MONTAGEM E DESMONTAGEM DE FÔRMA DE VIGA, ESCORAMENTO COM GARFO DE MADEIRA, PÉ-DIREITO SIMPLES, EM CHAPA DE MADEIRA PLASTIFICADA, 12 UTILIZAÇÕES. AF_09/2020
B39: 4.1.2 | C39: =VLOOKUP(B39,'[3]Orçamento Sintético'!A:J,4,0) -> ARMAÇÃO DE PILAR OU VIGA DE ESTRUTURA CONVENCIONAL DE CONCRETO ARMADO UTILIZANDO AÇO CA-50 DE 6,3 MM - MONTAGEM. AF_06/2022 | J39: 4.1.3 | K39: =VLOOKUP(J39,'[3]Orçamento Sintético'!A:J,4,0) -> ARMAÇÃO DE PILAR OU VIGA DE ESTRUTURA CONVENCIONAL DE CONCRETO ARMADO UTILIZANDO AÇO CA-50 DE 8,0 MM - MONTAGEM. AF_06/2022
B52: 4.1.4 | C52: =VLOOKUP(B52,'[3]Orçamento Sintético'!A:J,4,0) -> ARMAÇÃO DE PILAR OU VIGA DE ESTRUTURA CONVENCIONAL DE CONCRETO ARMADO UTILIZANDO AÇO CA-50 DE 10,0 MM - MONTAGEM. AF_06/2022 | J52: 4.1.5 | K52: =VLOOKUP(J52,'[3]Orçamento Sintético'!A:J,4,0) -> ARMAÇÃO DE PILAR OU VIGA DE ESTRUTURA CONVENCIONAL DE CONCRETO ARMADO UTILIZANDO AÇO CA-60 DE 5,0 MM - MONTAGEM. AF_06/2022
B65: 4.1.6 | C65: =VLOOKUP(B65,'[3]Orçamento Sintético'!A:J,4,0) -> CONCRETAGEM DE VIGAS E LAJES, FCK=25 MPA, PARA LAJES MACIÇAS OU NERVURADAS COM USO DE BOMBA - LANÇAMENTO, ADENSAMENTO E ACABAMENTO. AF_02/2022_PS | J65: 4.2.1 | K65: =VLOOKUP(J65,'[3]Orçamento Sintético'!A:J,4,0) -> MONTAGEM E DESMONTAGEM DE FÔRMA DE PILARES RETANGULARES E ESTRUTURAS SIMILARES, PÉ-DIREITO SIMPLES, EM CHAPA DE MADEIRA COMPENSADA PLASTIFICADA, 12 UTILIZAÇÕES. AF_09/2020
B78: 4.2.2 | C78: =VLOOKUP(B78,'[3]Orçamento Sintético'!A:J,4,0) -> ARMAÇÃO DE ESTRUTURAS DIVERSAS DE CONCRETO ARMADO, EXCETO VIGAS, PILARES, LAJES E FUNDAÇÕES, UTILIZANDO AÇO CA-50 DE 10,0 MM - MONTAGEM. AF_06/2022 | J78: 4.2.3 | K78: =VLOOKUP(J78,'[3]Orçamento Sintético'!A:J,4,0) -> ARMAÇÃO DE ESTRUTURAS DIVERSAS DE CONCRETO ARMADO, EXCETO VIGAS, PILARES, LAJES E FUNDAÇÕES, UTILIZANDO AÇO CA-50 DE 12,5 MM - MONTAGEM. AF_06/2022
B91: 4.2.4 | C91: =VLOOKUP(B91,'[3]Orçamento Sintético'!A:J,4,0) -> ARMAÇÃO DE ESTRUTURAS DIVERSAS DE CONCRETO ARMADO, EXCETO VIGAS, PILARES, LAJES E FUNDAÇÕES, UTILIZANDO AÇO CA-60 DE 5,0 MM - MONTAGEM. AF_06/2022 | J91: 4.2.5 | K91: =VLOOKUP(J91,'[3]Orçamento Sintético'!A:J,4,0) -> CONCRETAGEM DE PILARES, FCK = 25 MPA, COM USO DE BOMBA - LANÇAMENTO, ADENSAMENTO E ACABAMENTO. AF_02/2022_PS
B104: 4.4.1 | C104: =VLOOKUP(B104,'[3]Orçamento Sintético'!A:J,4,0) -> VERGA PRÉ-MOLDADA PARA JANELAS COM MAIS DE 1,5 M DE VÃO. AF_03/2016 | J104: 5.1 | K104: =VLOOKUP(J104,'[3]Orçamento Sintético'!A:J,4,0) -> ALVENARIA DE VEDAÇÃO DE BLOCOS CERÂMICOS FURADOS NA VERTICAL DE 9X19X39 CM (ESPESSURA 9 CM) E ARGAMASSA DE ASSENTAMENTO COM PREPARO EM BETONEIRA. AF_12/2021
B117: 9.1 | C117: =VLOOKUP(B117,'[3]Orçamento Sintético'!A:J,4,0) -> CHAPISCO APLICADO EM ALVENARIAS E ESTRUTURAS DE CONCRETO INTERNAS, COM COLHER DE PEDREIRO. ARGAMASSA TRAÇO 1:3 COM PREPARO MANUAL. AF_10/2022 | J117: 10.1.1 | K117: =VLOOKUP(J117,'[3]Orçamento Sintético'!A:J,4,0) -> CONTRAPISO EM ARGAMASSA TRAÇO 1:4 (CIMENTO E AREIA), PREPARO MECÂNICO COM BETONEIRA 400 L, APLICADO EM ÁREAS SECAS SOBRE LAJE, ADERIDO, ACABAMENTO NÃO REFORÇADO, ESPESSURA 3CM. AF_07/2021
B130: 13.1 | C130: =VLOOKUP(B130,'[3]Orçamento Sintético'!A:J,4,0) -> TUBO PVC, SERIE NORMAL, ESGOTO PREDIAL, DN 40 MM, FORNECIDO E INSTALADO EM RAMAL DE DESCARGA OU RAMAL DE ESGOTO SANITÁRIO. AF_08/2022 | J130: 13.2 | K130: =VLOOKUP(J130,'[3]Orçamento Sintético'!A:J,4,0) -> TUBO PVC, SERIE NORMAL, ESGOTO PREDIAL, DN 50 MM, FORNECIDO E INSTALADO EM RAMAL DE DESCARGA OU RAMAL DE ESGOTO SANITÁRIO. AF_08/2022
B142: 13.3 | C142: =VLOOKUP(B142,'[3]Orçamento Sintético'!A:J,4,0) -> TUBO PVC, SERIE NORMAL, ESGOTO PREDIAL, DN 100 MM, FORNECIDO E INSTALADO EM SUBCOLETOR AÉREO DE ESGOTO SANITÁRIO. AF_08/2022 | J142: 13.4 | K142: =VLOOKUP(J142,'[3]Orçamento Sintético'!A:J,4,0) -> TUBO PVC, SERIE NORMAL, ESGOTO PREDIAL, DN 150 MM, FORNECIDO E INSTALADO EM SUBCOLETOR AÉREO DE ESGOTO SANITÁRIO. AF_08/2022
B154: 13.5 | C154: =VLOOKUP(B154,'[3]Orçamento Sintético'!A:J,4,0) -> JOELHO 45 GRAUS, PVC, SERIE NORMAL, ESGOTO PREDIAL, DN 40 MM, JUNTA SOLDÁVEL, FORNECIDO E INSTALADO EM RAMAL DE DESCARGA OU RAMAL DE ESGOTO SANITÁRIO. AF_08/2022 | J154: 13.6 | K154: =VLOOKUP(J154,'[3]Orçamento Sintético'!A:J,4,0) -> JOELHO 90 GRAUS, PVC, SERIE NORMAL, ESGOTO PREDIAL, DN 40 MM, JUNTA SOLDÁVEL, FORNECIDO E INSTALADO EM RAMAL DE DESCARGA OU RAMAL DE ESGOTO SANITÁRIO. AF_08/2022
B166: 13.7 | C166: =VLOOKUP(B166,'[3]Orçamento Sintético'!A:J,4,0) -> JOELHO 90 GRAUS, PVC, SERIE NORMAL, ESGOTO PREDIAL, DN 100 MM, JUNTA ELÁSTICA, FORNECIDO E INSTALADO EM PRUMADA DE ESGOTO SANITÁRIO OU VENTILAÇÃO. AF_08/2022 | K166: =VLOOKUP(J166,'[3]Orçamento Sintético'!A:J,4,0) -> #N/A
C178: =VLOOKUP(B178,'[3]Orçamento Sintético'!A:J,4,0) -> #N/A | K178: =VLOOKUP(J178,'[3]Orçamento Sintético'!A:J,4,0) -> #N/A
B179: Atesto que os serviços foram executados conforme projetos aprovados | J179: Atesto que os serviços foram executados e aceitos
B180: Responsável Técnico pela Execução | J180: Fiscalização

Sheet REAJUSTE
D1: CONSTRUTORA SOUSA CAMPOS: 19.175.657/0001-18 | E1: Bancos | G1: B.D.I. | H1: Ajuste INCC | I1: Encargos Sociais
D2: OBRA: CONTRATAÇÃO DE EMPRESA PARA CONSTRUÇÃO DE UMA ESCOLA COM 06 (SEIS) SALAS DE AULA NO MUNICÍPIO DE MOGEIRO–PB | E2: SINAPI - 04/2023 SBC - 05/2023 ORSE - 05/2023 SEINFRA - 05/2021 | G2: 22,47% | H2: 0.1099 | I2: ORSE 111,93 / 71,07 SBC 113,45 / - SEINFRA 112,76 / 71,07 SINAPI 113,42 / 69,75 PROPRIA
A3: PLANILHA ORÇAMENTÁRIA
A4: Item | B4: Código | C4: Banco | D4: Descrição | E4: Und | F4: Quant. | G4: Valor Unit | H4: Valor Unit com BDI | I4: Total | J4: Peso (%) | K4: Preço Contratado | L4: Ajuste INCC MAI/25 10,99% | M4: Preço Ajustado | N4: Valor total
A6: 1 | D6: SERVIÇOS PRELIMINARES | I6: 73151.73 | J6: 0.05221394 | N6: =SUM(N7:N16) -> 81191.11
A7: 1.1 | B7: 51 | C7: ORSE | D7: Placa de obra em chapa aço galvanizado, instalada - Rev 02_01/2022 | E7: m² | F7: 10 | G7: 254.25 | H7: 311.37 | I7: 3113.7 | J7: 0.0022224839 | K7: =H7 -> 311.37 | L7: =K7*10.99% -> 34.219563 | M7: =K7+L7 -> 345.58956 | N7: =F7*M7 -> 3455.8956
A8: 1.2 | B8: 98458 | C8: SINAPI | D8: TAPUME COM COMPENSADO DE MADEIRA. AF_05/2018 | E8: m² | F8: 176 | G8: 75.78 | H8: 92.8 | I8: 16332.8 | J8: 0.011657959 | K8: =H8 -> 92.8 | L8: =K8*10.99% -> 10.19872 | M8: =K8+L8 -> 102.99872 | N8: =F8*M8 -> 18127.775
A9: 1.3 | B9: C2850 | C9: SEINFRA | D9: INSTALAÇÕES PROVISÓRIAS DE LUZ , FORÇA,TELEFONE E LÓGICA | E9: UN | F9: 1 | G9: 931.54 | H9: 1140.85 | I9: 1140.85 | J9: 0.00081431121 | K9: =H9 -> 1140.85 | L9: =K9*10.99% -> 125.37941 | M9: =K9+L9 -> 1266.2294 | N9: =F9*M9 -> 1266.2294
A10: 1.4 | B10: 93214 | C10: SINAPI | D10: EXECUÇÃO DE RESERVATÓRIO ELEVADO DE ÁGUA (1000 LITROS) EM CANTEIRO DE OBRA, APOIADO EM ESTRUTURA DE MADEIRA. AF_02/2016_PA | E10: UN | F10: 1 | G10: 3683.51 | H10: 4511.19 | I10: 4511.19 | J10: 0.0032199786 | K10: =H10 -> 4511.19 | L10: =K10*10.99% -> 495.77978 | M10: =K10+L10 -> 5006.9698 | N10: =F10*M10 -> 5006.9698
A11: 1.5 | B11: C2832 | C11: SEINFRA | D11: FOSSA SÉPTICA E SUMIDOURO EM ALVENARIA | E11: UN | F11: 1 | G11: 3590.77 | H11: 4397.61 | I11: 4397.61 | J11: 0.0031389079 | K11: =H11 -> 4397.61 | L11: =K11*10.99% -> 483.29734 | M11: =K11+L11 -> 4880.9073 | N11: =F11*M11 -> 4880.9073
A12: 1.6 | B12: 93212 | C12: SINAPI | D12: EXECUÇÃO DE SANITÁRIO E VESTIÁRIO EM CANTEIRO DE OBRA EM CHAPA DE MADEIRA COMPENSADA, NÃO INCLUSO MOBILIÁRIO. AF_02/2016 | E12: m² | F12: 2.52 | G12: 679.04 | H12: 831.62 | I12: 2095.68 | J12: 0.0014958458 | K12: =H12 -> 831.62 | L12: =K12*10.99% -> 91.395038 | M12: =K12+L12 -> 923.01504 | N12: =F12*M12 -> 2325.9979
A13: 1.7 | B13: 93207 | C13: SINAPI | D13: EXECUÇÃO DE ESCRITÓRIO EM CANTEIRO DE OBRA EM CHAPA DE MADEIRA COMPENSADA, NÃO INCLUSO MOBILIÁRIO E EQUIPAMENTOS. AF_02/2016 | E13: m² | F13: 20 | G13: 729.35 | H13: 893.23 | I13: 17864.6 | J13: 0.01275132 | K13: =H13 -> 893.23 | L13: =K13*10.99% -> 98.165977 | M13: =K13+L13 -> 991.39598 | N13: =F13*M13 -> 19827.92
A14: 1.8 | B14: 93584 | C14: SINAPI | D14: EXECUÇÃO DE DEPÓSITO EM CANTEIRO DE OBRA EM CHAPA DE MADEIRA COMPENSADA, NÃO INCLUSO MOBILIÁRIO. AF_04/2016 | E14: m² | F14: 20 | G14: 598.34 | H14: 732.78 | I14: 14655.6 | J14: 0.010460814 | K14: =H14 -> 732.78 | L14: =K14*10.99% -> 80.532522 | M14: =K14+L14 -> 813.31252 | N14: =F14*M14 -> 16266.25
A15: 1.9 | B15: C1630 | C15: SEINFRA | D15: LOCAÇÃO DA OBRA - EXECUÇÃO DE GABARITO | E15: m² | F15: 1129.64 | G15: 5.67 | H15: 6.94 | I15: 7839.7 | J15: 0.0055957887 | K15: =H15 -> 6.94 | L15: =K15*10.99% -> 0.762706 | M15: =K15+L15 -> 7.702706 | N15: =F15*M15 -> 8701.2848
A16: 1.10 | B16: 98525 | C16: SINAPI | D16: LIMPEZA MECANIZADA DE CAMADA VEGETAL, VEGETAÇÃO E PEQUENAS ÁRVORES (DIÂMETRO DE TRONCO MENOR QUE 0,20 M), COM TRATOR DE ESTEIRAS.AF_05/2018 | E16: m² | F16: 4000 | G16: 0.25 | H16: 0.3 | I16: 1200 | J16: 0.00085653105 | K16: =H16 -> 0.3 | L16: =K16*10.99% -> 0.03297 | M16: =K16+L16 -> 0.33297 | N16: =F16*M16 -> 1331.88
A17: 2 | D17: MOVIMENTO DE TERRAS PARA FUNDAÇÕES | I17: 31327.78 | J17: 0.022361014 | N17: =SUM(N18:N21) -> 34770.733
A18: 2.1 | B18: 94319 | C18: SINAPI | D18: ATERRO MANUAL DE VALAS COM SOLO ARGILO-ARENOSO E COMPACTAÇÃO MECANIZADA. AF_05/2016 | E18: m³ | F18: 168.5 | G18: 54 | H18: 66.13 | I18: 11142.9 | J18: 0.0079535332 | K18: =H18 -> 66.13 | L18: =K18*10.99% -> 7.267687 | M18: =K18+L18 -> 73.397687 | N18: =F18*M18 -> 12367.51
A19: 2.2 | B19: 93358 | C19: SINAPI | D19: ESCAVAÇÃO MANUAL DE VALA COM PROFUNDIDADE MENOR OU IGUAL A 1,30 M. AF_02/2021 | E19: m³ | F19: 94.33 | G19: 56.41 | H19: 69.08 | I19: 6516.31 | J19: 0.0046511849 | K19: =H19 -> 69.08 | L19: =K19*10.99% -> 7.591892 | M19: =K19+L19 -> 76.671892 | N19: =F19*M19 -> 7232.4596
A20: 2.3 | B20: 94319 | C20: SINAPI | D20: ATERRO MANUAL DE VALAS COM SOLO ARGILO-ARENOSO E COMPACTAÇÃO MECANIZADA. AF_05/2016 | E20: m³ | F20: 184.58 | G20: 54 | H20: 66.13 | I20: 12206.27 | J20: 0.008712541 | K20: =H20 -> 66.13 | L20: =K20*10.99% -> 7.267687 | M20: =K20+L20 -> 73.397687 | N20: =F20*M20 -> 13547.745
A21: 2.4 | B21: 93382 | C21: SINAPI | D21: REATERRO MANUAL DE VALAS COM COMPACTAÇÃO MECANIZADA. AF_04/2016 | E21: m³ | F21: 55.58 | G21: 21.49 | H21: 26.31 | I21: 1462.3 | J21: 0.0010437545 | K21: =H21 -> 26.31 | L21: =K21*10.99% -> 2.891469 | M21: =K21+L21 -> 29.201469 | N21: =F21*M21 -> 1623.0176
A22: 3 | D22: FUNDAÇÕES | I22: 110557.96 | J22: 0.078913605
A23: 3.1 | D23: CONCRETO ARMADO PARA FUNDAÇÕES | I23: 40612.69 | J23: 0.028988358 | N23: =SUM(N24:N31) -> 45076.072
A24: 3.1.1 | B24: 96619 | C24: SINAPI | D24: LASTRO DE CONCRETO MAGRO, APLICADO EM BLOCOS DE COROAMENTO OU SAPATAS, ESPESSURA DE 5 CM. AF_08/2017 | E24: m² | F24: 61.88 | G24: 22.37 | H24: 27.39 | I24: 1694.89 | J24: 0.0012097716 | K24: =H24 -> 27.39 | L24: =K24*10.99% -> 3.010161 | M24: =K24+L24 -> 30.400161 | N24: =F24*M24 -> 1881.162
A25: 3.1.2 | B25: 96535 | C25: SINAPI | D25: FABRICAÇÃO, MONTAGEM E DESMONTAGEM DE FÔRMA PARA SAPATA, EM MADEIRA SERRADA, E=25 MM, 4 UTILIZAÇÕES. AF_06/2017 | E25: m² | F25: 165.15 | G25: 104.74 | H25: 128.27 | I25: 21183.79 | J25: 0.015120478 | K25: =H25 -> 128.27 | L25: =K25*10.99% -> 14.096873 | M25: =K25+L25 -> 142.36687 | N25: =F25*M25 -> 23511.889
A26: 3.1.3 | B26: 92916 | C26: SINAPI | D26: ARMAÇÃO DE ESTRUTURAS DIVERSAS DE CONCRETO ARMADO, EXCETO VIGAS, PILARES, LAJES E FUNDAÇÕES, UTILIZANDO AÇO CA-50 DE 6,3 MM - MONTAGEM. AF_06/2022 | E26: KG | F26: 6.55 | G26: 11.54 | H26: 14.13 | I26: 92.55 | J26: 6.6059957e-05 | K26: =H26 -> 14.13 | L26: =K26*10.99% -> 1.552887 | M26: =K26+L26 -> 15.682887 | N26: =F26*M26 -> 102.72291
A27: 3.1.4 | B27: 92917 | C27: SINAPI | D27: ARMAÇÃO DE ESTRUTURAS DIVERSAS DE CONCRETO ARMADO, EXCETO VIGAS, PILARES, LAJES E FUNDAÇÕES, UTILIZANDO AÇO CA-50 DE 8,0 MM - MONTAGEM. AF_06/2022 | E27: KG | F27: 32.45 | G27: 10.65 | H27: 13.04 | I27: 423.14 | J27: 0.00030202712 | K27: =H27 -> 13.04 | L27: =K27*10.99% -> 1.433096 | M27: =K27+L27 -> 14.473096 | N27: =F27*M27 -> 469.65197
A28: 3.1.5 | B28: 92919 | C28: SINAPI | D28: ARMAÇÃO DE ESTRUTURAS DIVERSAS DE CONCRETO ARMADO, EXCETO VIGAS, PILARES, LAJES E FUNDAÇÕES, UTILIZANDO AÇO CA-50 DE 10,0 MM - MONTAGEM. AF_06/2022 | E28: KG | F28: 312.26 | G28: 9.39 | H28: 11.49 | I28: 3587.86 | J28: 0.0025609279 | K28: =H28 -> 11.49 | L28: =K28*10.99% -> 1.262751 | M28: =K28+L28 -> 12.752751 | N28: =F28*M28 -> 3982.174
A29: 3.1.6 | B29: 92921 | C29: SINAPI | D29: ARMAÇÃO DE ESTRUTURAS DIVERSAS DE CONCRETO ARMADO, EXCETO VIGAS, PILARES, LAJES E FUNDAÇÕES, UTILIZANDO AÇO CA-50 DE 12,5 MM - MONTAGEM. AF_06/2022 | E29: KG | F29: 32.64 | G29: 7.82 | H29: 9.57 | I29: 312.36 | J29: 0.00022295503 | K29: =H29 -> 9.57 | L29: =K29*10.99% -> 1.051743 | M29: =K29+L29 -> 10.621743 | N29: =F29*M29 -> 346.69369
A30: 3.1.7 | B30: 92915 | C30: SINAPI | D30: ARMAÇÃO DE ESTRUTURAS DIVERSAS DE CONCRETO ARMADO, EXCETO VIGAS, PILARES, LAJES E FUNDAÇÕES, UTILIZANDO AÇO CA-60 DE 5,0 MM - MONTAGEM. AF_06/2022 | E30: KG | F30: 307.55 | G30: 12.4 | H30: 15.18 | I30: 4668.6 | J30: 0.003332334 | K30: =H30 -> 15.18 | L30: =K30*10.99% -> 1.668282 | M30: =K30+L30 -> 16.848282 | N30: =F30*M30 -> 5181.6891
A31: 3.1.8 | B31: 96558 | C31: SINAPI | D31: CONCRETAGEM DE SAPATAS, FCK 30 MPA, COM USO DE BOMBA  LANÇAMENTO, ADENSAMENTO E ACABAMENTO. AF_11/2016 | E31: m³ | F31: 16.12 | G31: 438.13 | H31: 536.57 | I31: 8649.5 | J31: 0.0061738044 | K31: =H31 -> 536.57 | L31: =K31*10.99% -> 58.969043 | M31: =K31+L31 -> 595.53904 | N31: =F31*M31 -> 9600.0894
A32: 3.2 | D32: CONCRETO ARMADO PARA FUNDAÇÕES - VIGAS BALDRAMES | I32: 62144.6 | J32: 0.044357316 | N32: =SUM(N33:N38) -> 68974.32
A33: 3.2.1 | B33: 96536 | C33: SINAPI | D33: FABRICAÇÃO, MONTAGEM E DESMONTAGEM DE FÔRMA PARA VIGA BALDRAME, EM MADEIRA SERRADA, E=25 MM, 4 UTILIZAÇÕES. AF_06/2017 | E33: m² | F33: 463.48 | G33: 52.7 | H33: 64.54 | I33: 29912.99 | J33: 0.021351171 | K33: =H33 -> 64.54 | L33: =K33*10.99% -> 7.092946 | M33: =K33+L33 -> 71.632946 | N33: =F33*M33 -> 33200.438
A34: 3.2.2 | B34: 92916 | C34: SINAPI | D34: ARMAÇÃO DE ESTRUTURAS DIVERSAS DE CONCRETO ARMADO, EXCETO VIGAS, PILARES, LAJES E FUNDAÇÕES, UTILIZANDO AÇO CA-50 DE 6,3 MM - MONTAGEM. AF_06/2022 | E34: KG | F34: 0.73 | G34: 11.54 | H34: 14.13 | I34: 10.31 | J34: 7.3590293e-06 | K34: =H34 -> 14.13 | L34: =K34*10.99% -> 1.552887 | M34: =K34+L34 -> 15.682887 | N34: =F34*M34 -> 11.448508
A35: 3.2.3 | B35: 92917 | C35: SINAPI | D35: ARMAÇÃO DE ESTRUTURAS DIVERSAS DE CONCRETO ARMADO, EXCETO VIGAS, PILARES, LAJES E FUNDAÇÕES, UTILIZANDO AÇO CA-50 DE 8,0 MM - MONTAGEM. AF_06/2022 | E35: KG | F35: 829.82 | G35: 10.65 | H35: 13.04 | I35: 10820.85 | J35: 0.0077236617 | K35: =H35 -> 13.04 | L35: =K35*10.99% -> 1.433096 | M35: =K35+L35 -> 14.473096 | N35: =F35*M35 -> 12010.065
A36: 3.2.4 | B36: 92919 | C36: SINAPI | D36: ARMAÇÃO DE ESTRUTURAS DIVERSAS DE CONCRETO ARMADO, EXCETO VIGAS, PILARES, LAJES E FUNDAÇÕES, UTILIZANDO AÇO CA-50 DE 10,0 MM - MONTAGEM. AF_06/2022 | E36: KG | F36: 100.82 | G36: 9.39 | H36: 11.49 | I36: 1158.42 | J36: 0.00082685225 | K36: =H36 -> 11.49 | L36: =K36*10.99% -> 1.262751 | M36: =K36+L36 -> 12.752751 | N36: =F36*M36 -> 1285.7324
A37: 3.2.5 | B37: 92915 | C37: SINAPI | D37: ARMAÇÃO DE ESTRUTURAS DIVERSAS DE CONCRETO ARMADO, EXCETO VIGAS, PILARES, LAJES E FUNDAÇÕES, UTILIZANDO AÇO CA-60 DE 5,0 MM - MONTAGEM. AF_06/2022 | E37: KG | F37: 395 | G37: 12.4 | H37: 15.18 | I37: 5996.1 | J37: 0.0042798715 | K37: =H37 -> 15.18 | L37: =K37*10.99% -> 1.668282 | M37: =K37+L37 -> 16.848282 | N37: =F37*M37 -> 6655.0714
A38: 3.2.6 | B38: 96557 | C38: SINAPI | D38: CONCRETAGEM DE BLOCOS DE COROAMENTO E VIGAS BALDRAMES, FCK 30 MPA, COM USO DE BOMBA  LANÇAMENTO, ADENSAMENTO E ACABAMENTO. AF_06/2017 | E38: m³ | F38: 26.87 | G38: 432.91 | H38: 530.18 | I38: 14245.93 | J38: 0.010168401 | K38: =H38 -> 530.18 | L38: =K38*10.99% -> 58.266782 | M38: =K38+L38 -> 588.44678 | N38: =F38*M38 -> 15811.565
A39: 3.3 | D39: CONCRETO ARMADO PARA FUNDAÇÕES - BASE CAIXA D'ÁGUA | I39: 7800.67 | J39: 0.00556793 | N39: =SUM(N40:N43) -> 8657.9707
A40: 3.3.1 | B40: 96535 | C40: SINAPI | D40: FABRICAÇÃO, MONTAGEM E DESMONTAGEM DE FÔRMA PARA SAPATA, EM MADEIRA SERRADA, E=25 MM, 4 UTILIZAÇÕES. AF_06/2017 | E40: m² | F40: 5.6 | G40: 104.74 | H40: 128.27 | I40: 718.31 | J40: 0.00051271235 | K40: =H40 -> 128.27 | L40: =K40*10.99% -> 14.096873 | M40: =K40+L40 -> 142.36687 | N40: =F40*M40 -> 797.25449
A41: 3.3.2 | B41: 92919 | C41: SINAPI | D41: ARMAÇÃO DE ESTRUTURAS DIVERSAS DE CONCRETO ARMADO, EXCETO VIGAS, PILARES, LAJES E FUNDAÇÕES, UTILIZANDO AÇO CA-50 DE 10,0 MM - MONTAGEM. AF_06/2022 | E41: KG | F41: 325 | G41: 9.39 | H41: 11.49 | I41: 3734.25 | J41: 0.0026654176 | K41: =H41 -> 11.49 | L41: =K41*10.99% -> 1.262751 | M41: =K41+L41 -> 12.752751 | N41: =F41*M41 -> 4144.6441
A42: 3.3.3 | B42: 92915 | C42: SINAPI | D42: ARMAÇÃO DE ESTRUTURAS DIVERSAS DE CONCRETO ARMADO, EXCETO VIGAS, PILARES, LAJES E FUNDAÇÕES, UTILIZANDO AÇO CA-60 DE 5,0 MM - MONTAGEM. AF_06/2022 | E42: KG | F42: 82 | G42: 12.4 | H42: 15.18 | I42: 1244.76 | J42: 0.00088847966 | K42: =H42 -> 15.18 | L42: =K42*10.99% -> 1.668282 | M42: =K42+L42 -> 16.848282 | N42: =F42*M42 -> 1381.5591
A43: 3.3.4 | B43: 96558 | C43: SINAPI | D43: CONCRETAGEM DE SAPATAS, FCK 30 MPA, COM USO DE BOMBA  LANÇAMENTO, ADENSAMENTO E ACABAMENTO. AF_11/2016 | E43: m³ | F43: 3.92 | G43: 438.13 | H43: 536.57 | I43: 2103.35 | J43: 0.0015013205 | K43: =H43 -> 536.57 | L43: =K43*10.99% -> 58.969043 | M43: =K43+L43 -> 595.53904 | N43: =F43*M43 -> 2334.513
A44: 4 | D44: SUPERESTRUTURA | I44: 173762.92 | J44: 0.12402778
A45: 4.1 | D45: CONCRETO ARMADO - VIGAS | I45: 65370.7 | J45: 0.046660029 | N45: =SUM(N46:N51) -> 72554.976
A46: 4.1.1 | B46: 92471 | C46: SINAPI | D46: MONTAGEM E DESMONTAGEM DE FÔRMA DE VIGA, ESCORAMENTO COM GARFO DE MADEIRA, PÉ-DIREITO SIMPLES, EM CHAPA DE MADEIRA PLASTIFICADA, 12 UTILIZAÇÕES. AF_09/2020 | E46: m² | F46: 453.62 | G46: 63.48 | H46: 77.74 | I46: 35264.41 | J46: 0.025170885 | K46: =H46 -> 77.74 | L46: =K46*10.99% -> 8.543626 | M46: =K46+L46 -> 86.283626 | N46: =F46*M46 -> 39139.978
A47: 4.1.2 | B47: 92760 | C47: SINAPI | D47: ARMAÇÃO DE PILAR OU VIGA DE ESTRUTURA CONVENCIONAL DE CONCRETO ARMADO UTILIZANDO AÇO CA-50 DE 6,3 MM - MONTAGEM. AF_06/2022 | E47: KG | F47: 0.73 | G47: 10.23 | H47: 12.52 | I47: 9.13 | J47: 6.5167737e-06 | K47: =H47 -> 12.52 | L47: =K47*10.99% -> 1.375948 | M47: =K47+L47 -> 13.895948 | N47: =F47*M47 -> 10.144042
A48: 4.1.3 | B48: 92761 | C48: SINAPI | D48: ARMAÇÃO DE PILAR OU VIGA DE ESTRUTURA CONVENCIONAL DE CONCRETO ARMADO UTILIZANDO AÇO CA-50 DE 8,0 MM - MONTAGEM. AF_06/2022 | E48: KG | F48: 829.82 | G48: 9.72 | H48: 11.9 | I48: 9874.85 | J48: 0.0070484297 | K48: =H48 -> 11.9 | L48: =K48*10.99% -> 1.30781 | M48: =K48+L48 -> 13.20781 | N48: =F48*M48 -> 10960.105
A49: 4.1.4 | B49: 92762 | C49: SINAPI | D49: ARMAÇÃO DE PILAR OU VIGA DE ESTRUTURA CONVENCIONAL DE CONCRETO ARMADO UTILIZANDO AÇO CA-50 DE 10,0 MM - MONTAGEM. AF_06/2022 | E49: KG | F49: 100.82 | G49: 8.75 | H49: 10.71 | I49: 1079.78 | J49: 0.00077072091 | K49: =H49 -> 10.71 | L49: =K49*10.99% -> 1.177029 | M49: =K49+L49 -> 11.887029 | N49: =F49*M49 -> 1198.4503
A50: 4.1.5 | B50: 92759 | C50: SINAPI | D50: ARMAÇÃO DE PILAR OU VIGA DE ESTRUTURA CONVENCIONAL DE CONCRETO ARMADO UTILIZANDO AÇO CA-60 DE 5,0 MM - MONTAGEM. AF_06/2022 | E50: KG | F50: 379 | G50: 10.63 | H50: 13.01 | I50: 4930.79 | J50: 0.0035194789 | K50: =H50 -> 13.01 | L50: =K50*10.99% -> 1.429799 | M50: =K50+L50 -> 14.439799 | N50: =F50*M50 -> 5472.6838
A51: 4.1.6 | B51: 103675 | C51: SINAPI | D51: CONCRETAGEM DE VIGAS E LAJES, FCK=25 MPA, PARA LAJES MACIÇAS OU NERVURADAS COM USO DE BOMBA - LANÇAMENTO, ADENSAMENTO E ACABAMENTO. AF_02/2022_PS | E51: m³ | F51: 27.81 | G51: 417.27 | H51: 511.03 | I51: 14211.74 | J51: 0.010143997 | K51: =H51 -> 511.03 | L51: =K51*10.99% -> 56.162197 | M51: =K51+L51 -> 567.1922 | N51: =F51*M51 -> 15773.615
A52: 4.2 | D52: CONCRETO ARMADO - LAJES E PILARES | I52: 40599.88 | J52: 0.028979215 | N52: =SUM(N53:N57) -> 45061.831
A53: 4.2.1 | B53: 92435 | C53: SINAPI | D53: MONTAGEM E DESMONTAGEM DE FÔRMA DE PILARES RETANGULARES E ESTRUTURAS SIMILARES, PÉ-DIREITO SIMPLES, EM CHAPA DE MADEIRA COMPENSADA PLASTIFICADA, 12 UTILIZAÇÕES. AF_09/2020 | E53: m² | F53: 319.27 | G53: 33.28 | H53: 40.75 | I53: 13010.25 | J53: 0.0092864026 | K53: =H53 -> 40.75 | L53: =K53*10.99% -> 4.478425 | M53: =K53+L53 -> 45.228425 | N53: =F53*M53 -> 14440.079
A54: 4.2.2 | B54: 92919 | C54: SINAPI | D54: ARMAÇÃO DE ESTRUTURAS DIVERSAS DE CONCRETO ARMADO, EXCETO VIGAS, PILARES, LAJES E FUNDAÇÕES, UTILIZANDO AÇO CA-50 DE 10,0 MM - MONTAGEM. AF_06/2022 | E54: KG | F54: 1063.91 | G54: 9.39 | H54: 11.49 | I54: 12224.32 | J54: 0.0087254247 | K54: =H54 -> 11.49 | L54: =K54*10.99% -> 1.262751 | M54: =K54+L54 -> 12.752751 | N54: =F54*M54 -> 13567.779
A55: 4.2.3 | B55: 92921 | C55: SINAPI | D55: ARMAÇÃO DE ESTRUTURAS DIVERSAS DE CONCRETO ARMADO, EXCETO VIGAS, PILARES, LAJES E FUNDAÇÕES, UTILIZANDO AÇO CA-50 DE 12,5 MM - MONTAGEM. AF_06/2022 | E55: KG | F55: 102.27 | G55: 7.82 | H55: 9.57 | I55: 978.72 | J55: 0.00069858672 | K55: =H55 -> 9.57 | L55: =K55*10.99% -> 1.051743 | M55: =K55+L55 -> 10.621743 | N55: =F55*M55 -> 1086.2857
A56: 4.2.4 | B56: 92915 | C56: SINAPI | D56: ARMAÇÃO DE ESTRUTURAS DIVERSAS DE CONCRETO ARMADO, EXCETO VIGAS, PILARES, LAJES E FUNDAÇÕES, UTILIZANDO AÇO CA-60 DE 5,0 MM - MONTAGEM. AF_06/2022 | E56: KG | F56: 404.73 | G56: 12.4 | H56: 15.18 | I56: 6143.8 | J56: 0.0043852962 | K56: =H56 -> 15.18 | L56: =K56*10.99% -> 1.668282 | M56: =K56+L56 -> 16.848282 | N56: =F56*M56 -> 6819.0052
A57: 4.2.5 | B57: 103672 | C57: SINAPI | D57: CONCRETAGEM DE PILARES, FCK = 25 MPA, COM USO DE BOMBA - LANÇAMENTO, ADENSAMENTO E ACABAMENTO. AF_02/2022_PS | E57: m³ | F57: 16.15 | G57: 416.75 | H57: 510.39 | I57: 8242.79 | J57: 0.0058835046 | K57: =H57 -> 510.39 | L57: =K57*10.99% -> 56.091861 | M57: =K57+L57 -> 566.48186 | N57: =F57*M57 -> 9148.6821
A58: 4.3 | D58: CONCRETO ARMADO - LAJES DE FORRO | I58: 55985.86 | J58: 0.039961356 | N58: =N59 -> 62138.713
A59: 4.3.1 | B59: COM-A2023 | C59: Próprio | D59: LAJE PRÉ-MOLDADA P/FORRO, SOBRECARGA 100KG/M², VÃO ATÉ 3,50 M/E = 8CM, COM LAJOTAS E CAPA C/ CONC. FCK=20MPA, 3CM, INTER-EIXO 38CM, C/ESCORAMENTO (REAPR. 3X) E FERRAGEM-PREÇO 02/23 - SINAPI/PB. (M²) | E59: M² | F59: 647.46 | G59: 70.61 | H59: 86.47 | I59: 55985.86 | J59: 0.039961356 | K59: =H59 -> 86.47 | L59: =K59*10.99% -> 9.503053 | M59: =K59+L59 -> 95.973053 | N59: =F59*M59 -> 62138.713
A60: 4.4 | D60: CONCRTEO ARMADO - VERGAS E CONTRAVERGAS | I60: 11806.48 | J60: 0.0084271806 | N60: =N61 -> 13104.012
A61: 4.4.1 | B61: 93183 | C61: SINAPI | D61: VERGA PRÉ-MOLDADA PARA JANELAS COM MAIS DE 1,5 M DE VÃO. AF_03/2016 | E61: M | F61: 232 | G61: 41.56 | H61: 50.89 | I61: 11806.48 | J61: 0.0084271806 | K61: =H61 -> 50.89 | L61: =K61*10.99% -> 5.592811 | M61: =K61+L61 -> 56.482811 | N61: =F61*M61 -> 13104.012
A62: 5 | D62: SISTEMA DE VEDAÇÃO VERTICAL | I62: 53575.28 | J62: 0.038240742 | N62: =SUM(N63:N65) -> 59463.219
A63: 5.1 | B63: 103322 | C63: SINAPI | D63: ALVENARIA DE VEDAÇÃO DE BLOCOS CERÂMICOS FURADOS NA VERTICAL DE 9X19X39 CM (ESPESSURA 9 CM) E ARGAMASSA DE ASSENTAMENTO COM PREPARO EM BETONEIRA. AF_12/2021 | E63: m² | F63: 914.03 | G63: 37.1 | H63: 45.43 | I63: 41524.38 | J63: 0.029639101 | K63: =H63 -> 45.43 | L63: =K63*10.99% -> 4.992757 | M63: =K63+L63 -> 50.422757 | N63: =F63*M63 -> 46087.913
A64: 5.2 | B64: 93202 | C64: SINAPI | D64: FIXAÇÃO (ENCUNHAMENTO) DE ALVENARIA DE VEDAÇÃO COM TIJOLO MACIÇO. AF_03/2016 | E64: M | F64: 295.3 | G64: 17.8 | H64: 21.79 | I64: 6434.58 | J64: 0.004592848 | K64: =H64 -> 21.79 | L64: =K64*10.99% -> 2.394721 | M64: =K64+L64 -> 24.184721 | N64: =F64*M64 -> 7141.7481
A65: 5.3 | B65: C4070 | C65: SEINFRA | D65: DIVISÓRIA DE GRANITO CINZA E=2cm | E65: m² | F65: 12.92 | G65: 354.95 | H65: 434.7 | I65: 5616.32 | J65: 0.0040087937 | K65: =H65 -> 434.7 | L65: =K65*10.99% -> 47.77353 | M65: =K65+L65 -> 482.47353 | N65: =F65*M65 -> 6233.558
A66: 6 | D66: ESQUADRIAS | I66: 149488.57 | J66: 0.10670133
A67: 6.1 | D67: PORTAS DE MADEIRA | I67: 25618.06 | J67: 0.018285553 | N67: =SUM(N68:N74) -> 28433.485
A68: 6.1.1 | B68: 90843 | C68: SINAPI | D68: KIT DE PORTA DE MADEIRA PARA PINTURA, SEMI-OCA (LEVE OU MÉDIA), PADRÃO MÉDIO, 80X210CM, ESPESSURA DE 3,5CM, ITENS INCLUSOS: DOBRADIÇAS, MONTAGEM E INSTALAÇÃO DO BATENTE, FECHADURA COM EXECUÇÃO DO FURO - FORNECIMENTO E INSTALAÇÃO. AF_12/2019 | E68: UN | F68: 7 | G68: 730.3 | H68: 894.39 | I68: 6260.73 | J68: 0.004468758 | K68: =H68 -> 894.39 | L68: =K68*10.99% -> 98.293461 | M68: =K68+L68 -> 992.68346 | N68: =F68*M68 -> 6948.7842
A69: 6.1.2 | B69: 91314 | C69: SINAPI | D69: KIT DE PORTA DE MADEIRA PARA PINTURA, SEMI-OCA (LEVE OU MÉDIA), PADRÃO POPULAR, 80X210CM, ESPESSURA DE 3,5CM, ITENS INCLUSOS: DOBRADIÇAS, MONTAGEM E INSTALAÇÃO DO BATENTE, FECHADURA COM EXECUÇÃO DO FURO - FORNECIMENTO E INSTALAÇÃO. AF_12/2019 | E69: UN | F69: 7 | G69: 606.26 | H69: 742.48 | I69: 5197.36 | J69: 0.0037097502 | K69: =H69 -> 742.48 | L69: =K69*10.99% -> 81.598552 | M69: =K69+L69 -> 824.07855 | N69: =F69*M69 -> 5768.5499
A70: 6.1.3 | B70: 90843 | C70: SINAPI | D70: KIT DE PORTA DE MADEIRA PARA PINTURA, SEMI-OCA (LEVE OU MÉDIA), PADRÃO MÉDIO, 80X210CM, ESPESSURA DE 3,5CM, ITENS INCLUSOS: DOBRADIÇAS, MONTAGEM E INSTALAÇÃO DO BATENTE, FECHADURA COM EXECUÇÃO DO FURO - FORNECIMENTO E INSTALAÇÃO. AF_12/2019 | E70: UN | F70: 2 | G70: 730.3 | H70: 894.39 | I70: 1788.78 | J70: 0.001276788 | K70: =H70 -> 894.39 | L70: =K70*10.99% -> 98.293461 | M70: =K70+L70 -> 992.68346 | N70: =F70*M70 -> 1985.3669
A71: 6.1.4 | B71: COM-B2023 | C71: Próprio | D71: PM4 - PORTA DE ABRIR EM MADEIRA PARA PINTURA 0,6 X 2,1M, ESPESSURA DE 3,5 CM, COM VENEZIANA 0,5 X 0,40M, CONFORMA PROJETO, INCLUSO DOBRADIÇAS, BATENTES E FECHADURAS | E71: UN | F71: 1 | G71: 986.59 | H71: 1208.27 | I71: 1208.27 | J71: 0.00086243398 | K71: =H71 -> 1208.27 | L71: =K71*10.99% -> 132.78887 | M71: =K71+L71 -> 1341.0589 | N71: =F71*M71 -> 1341.0589
A72: 6.1.5 | B72: 100692 | C72: SINAPI | D72: KIT DE PORTA DE MADEIRA TIPO VENEZIANA, 80X210CM (ESPESSURA DE 3CM), PADRÃO POPULAR, ITENS INCLUSOS: DOBRADIÇAS, MONTAGEM E INSTALAÇÃO DE BATENTE, FECHADURA COM EXECUÇÃO DO FURO - FORNECIMENTO E INSTALAÇÃO. AF_12/2019 | E72: UN | F72: 3 | G72: 988.77 | H72: 1210.94 | I72: 3632.82 | J72: 0.0025930193 | K72: =H72 -> 1210.94 | L72: =K72*10.99% -> 133.08231 | M72: =K72+L72 -> 1344.0223 | N72: =F72*M72 -> 4032.0669
A73: 6.1.6 | B73: COM-C2023 | C73: Próprio | D73: PM6 - PORTA DE ABRIR EM CHAPA DE MADEIRA COMPENSADA PARA BANHEIRO REVESTIDA COM LAMINADO 0,6 X 1,60 M, INCLUSO MARCO E DOBRADIÇAS. (REF. SINAPI/02/2023, SBC 04/2023)(UN) | E73: UN | F73: 3 | G73: 1125.06 | H73: 1377.86 | I73: 4133.58 | J73: 0.0029504497 | K73: =H73 -> 1377.86 | L73: =K73*10.99% -> 151.42681 | M73: =K73+L73 -> 1529.2868 | N73: =F73*M73 -> 4587.8604
A74: 6.1.7 | B74: COM-D2023 | C74: Próprio | D74: PM7 - PORTA DE ABRIR EM CHAPA DE MADEIRA COMPENSADA PARA BANHEIRO REVESTIDA COM LAMINADO 0,80 X 1,60 M, INCLUSO MARCO E DOBRADIÇAS | E74: UN | F74: 2 | G74: 1386.68 | H74: 1698.26 | I74: 3396.52 | J74: 0.002424354 | K74: =H74 -> 1698.26 | L74: =K74*10.99% -> 186.63877 | M74: =K74+L74 -> 1884.8988 | N74: =F74*M74 -> 3769.7975
A75: 6.2 | D75: FERRAGENS E ACESSÓRIOS | I75: 996.45 | J75: 0.00071124197 | N75: =SUM(N76:N78) -> 1105.9665
A76: 6.2.1 | B76: 100874 | C76: SINAPI | D76: PUXADOR PARA PCD, FIXADO NA PORTA - FORNECIMENTO E INSTALAÇÃO. AF_01/2020 | E76: UN | F76: 2 | G76: 227.31 | H76: 278.38 | I76: 556.76 | J76: 0.00039740186 | K76: =H76 -> 278.38 | L76: =K76*10.99% -> 30.593962 | M76: =K76+L76 -> 308.97396 | N76: =F76*M76 -> 617.94792
A77: 6.2.2 | B77: COM-E2023 | C77: Próprio | D77: FECHADURA DE EMBUTIR COMPLETA, TIPO TARJETA LIVRE - OCUPADO | E77: UN | F77: 5 | G77: 39.26 | H77: 48.08 | I77: 240.4 | J77: 0.00017159172 | K77: =H77 -> 48.08 | L77: =K77*10.99% -> 5.283992 | M77: =K77+L77 -> 53.363992 | N77: =F77*M77 -> 266.81996
A78: 6.2.3 | B78: COM-F2023 | C78: Próprio | D78: CHAPA MATÁLICA (ALUMÍNIO) 0,80M 0,40 MM, E= 1MM PARA AS PORTAS | E78: M² | F78: 2.88 | G78: 56.51 | H78: 69.2 | I78: 199.29 | J78: 0.00014224839 | K78: =H78 -> 69.2 | L78: =K78*10.99% -> 7.60508 | M78: =K78+L78 -> 76.80508 | N78: =F78*M78 -> 221.19863
A79: 6.3 | D79: PORTAS DE ALUMÍNIO | I79: 461.96 | J79: 0.0003297359 | N79: =SUM(N80) -> 512.73651
A80: 6.3.1 | B80: 11947 | C80: ORSE | D80: Porta em alumínio, cor N/P/B, tipo veneziana (até 50%) e vidro (até 50%), de abrir ou correr, completa, inclusive caixilhos, dobradiças ou roldanas, fechadura exclusive vidro | E80: m² | F80: 1.68 | G80: 224.53 | H80: 274.98 | I80: 461.96 | J80: 0.0003297359 | K80: =H80 -> 274.98 | L80: =K80*10.99% -> 30.220302 | M80: =K80+L80 -> 305.2003 | N80: =F80*M80 -> 512.73651
A81: 6.4 | D81: JANELAS DE ALUMÍNIO | I81: 120131.96 | J81: 0.085747295 | N81: =SUM(N82:N92) -> 133334.51
A82: 6.4.1 | B82: 94569 | C82: SINAPI | D82: JANELA DE ALUMÍNIO TIPO MAXIM-AR, COM VIDROS, BATENTE E FERRAGENS. EXCLUSIVE ALIZAR, ACABAMENTO E CONTRAMARCO. FORNECIMENTO E INSTALAÇÃO. AF_12/2019 | E82: m² | F82: 0.24 | G82: 1057.71 | H82: 1295.37 | I82: 310.88 | J82: 0.00022189864 | K82: =H82 -> 1295.37 | L82: =K82*10.99% -> 142.36116 | M82: =K82+L82 -> 1437.7312 | N82: =F82*M82 -> 345.05548
A83: 6.4.2 | B83: 94569 | C83: SINAPI | D83: JANELA DE ALUMÍNIO TIPO MAXIM-AR, COM VIDROS, BATENTE E FERRAGENS. EXCLUSIVE ALIZAR, ACABAMENTO E CONTRAMARCO. FORNECIMENTO E INSTALAÇÃO. AF_12/2019 | E83: m² | F83: 1.08 | G83: 1057.71 | H83: 1295.37 | I83: 1398.99 | J83: 0.00099856531 | K83: =H83 -> 1295.37 | L83: =K83*10.99% -> 142.36116 | M83: =K83+L83 -> 1437.7312 | N83: =F83*M83 -> 1552.7497
A84: 6.4.3 | B84: 94569 | C84: SINAPI | D84: JANELA DE ALUMÍNIO TIPO MAXIM-AR, COM VIDROS, BATENTE E FERRAGENS. EXCLUSIVE ALIZAR, ACABAMENTO E CONTRAMARCO. FORNECIMENTO E INSTALAÇÃO. AF_12/2019 | E84: m² | F84: 3.2 | G84: 1057.71 | H84: 1295.37 | I84: 4145.18 | J84: 0.0029587295 | K84: =H84 -> 1295.37 | L84: =K84*10.99% -> 142.36116 | M84: =K84+L84 -> 1437.7312 | N84: =F84*M84 -> 4600.7397
A85: 6.4.4 | B85: 94570 | C85: SINAPI | D85: JANELA DE ALUMÍNIO DE CORRER COM 2 FOLHAS PARA VIDROS, COM VIDROS, BATENTE, ACABAMENTO COM ACETATO OU BRILHANTE E FERRAGENS. EXCLUSIVE ALIZAR E CONTRAMARCO. FORNECIMENTO E INSTALAÇÃO. AF_12/2019 | E85: m² | F85: 0.6 | G85: 562.35 | H85: 688.71 | I85: 413.22 | J85: 0.00029494647 | K85: =H85 -> 688.71 | L85: =K85*10.99% -> 75.689229 | M85: =K85+L85 -> 764.39923 | N85: =F85*M85 -> 458.63954
A86: 6.4.5 | B86: 94570 | C86: SINAPI | D86: JANELA DE ALUMÍNIO DE CORRER COM 2 FOLHAS PARA VIDROS, COM VIDROS, BATENTE, ACABAMENTO COM ACETATO OU BRILHANTE E FERRAGENS. EXCLUSIVE ALIZAR E CONTRAMARCO. FORNECIMENTO E INSTALAÇÃO. AF_12/2019 | E86: m² | F86: 6 | G86: 562.35 | H86: 688.71 | I86: 4132.26 | J86: 0.0029495075 | K86: =H86 -> 688.71 | L86: =K86*10.99% -> 75.689229 | M86: =K86+L86 -> 764.39923 | N86: =F86*M86 -> 4586.3954
A87: 6.4.6 | B87: 94569 | C87: SINAPI | D87: JANELA DE ALUMÍNIO TIPO MAXIM-AR, COM VIDROS, BATENTE E FERRAGENS. EXCLUSIVE ALIZAR, ACABAMENTO E CONTRAMARCO. FORNECIMENTO E INSTALAÇÃO. AF_12/2019 | E87: m² | F87: 3.3 | G87: 1057.71 | H87: 1295.37 | I87: 4274.72 | J87: 0.003051192 | K87: =H87 -> 1295.37 | L87: =K87*10.99% -> 142.36116 | M87: =K87+L87 -> 1437.7312 | N87: =F87*M87 -> 4744.5128
A88: 6.4.7 | B88: 94569 | C88: SINAPI | D88: JANELA DE ALUMÍNIO TIPO MAXIM-AR, COM VIDROS, BATENTE E FERRAGENS. EXCLUSIVE ALIZAR, ACABAMENTO E CONTRAMARCO. FORNECIMENTO E INSTALAÇÃO. AF_12/2019 | E88: m² | F88: 8.8 | G88: 1057.71 | H88: 1295.37 | I88: 11399.25 | J88: 0.0081365096 | K88: =H88 -> 1295.37 | L88: =K88*10.99% -> 142.36116 | M88: =K88+L88 -> 1437.7312 | N88: =F88*M88 -> 12652.034
A89: 6.4.8 | B89: 94569 | C89: SINAPI | D89: JANELA DE ALUMÍNIO TIPO MAXIM-AR, COM VIDROS, BATENTE E FERRAGENS. EXCLUSIVE ALIZAR, ACABAMENTO E CONTRAMARCO. FORNECIMENTO E INSTALAÇÃO. AF_12/2019 | E89: m² | F89: 67.76 | G89: 1057.71 | H89: 1295.37 | I89: 87774.27 | J89: 0.062651156 | K89: =H89 -> 1295.37 | L89: =K89*10.99% -> 142.36116 | M89: =K89+L89 -> 1437.7312 | N89: =F89*M89 -> 97420.664
A90: 6.4.9 | B90: C1516 | C90: SEINFRA | D90: JANELA DE ALUMÍNIO, TIPO VENEZIANA | E90: m² | F90: 6.48 | G90: 395.17 | H90: 483.96 | I90: 3136.06 | J90: 0.002238444 | K90: =H90 -> 483.96 | L90: =K90*10.99% -> 53.187204 | M90: =K90+L90 -> 537.1472 | N90: =F90*M90 -> 3480.7139
A91: 6.4.10 | B91: 100674 | C91: SINAPI | D91: JANELA FIXA DE ALUMÍNIO PARA VIDRO, COM VIDRO, BATENTE E FERRAGENS. EXCLUSIVE ACABAMENTO, ALIZAR E CONTRAMARCO. FORNECIMENTO E INSTALAÇÃO. AF_12/2019 | E91: m² | F91: 1.98 | G91: 1199.05 | H91: 1468.47 | I91: 2907.57 | J91: 0.0020753533 | K91: =H91 -> 1468.47 | L91: =K91*10.99% -> 161.38485 | M91: =K91+L91 -> 1629.8549 | N91: =F91*M91 -> 3227.1126
A92: 6.4.11 | B92: 1897 | C92: ORSE | D92: Tela de nylon tipo mosquiteiro com moldura em madeira, para esquadrias - Rev 01 | E92: m² | F92: 4.2 | G92: 46.58 | H92: 57.04 | I92: 239.56 | J92: 0.00017099215 | K92: =H92 -> 57.04 | L92: =K92*10.99% -> 6.268696 | M92: =K92+L92 -> 63.308696 | N92: =F92*M92 -> 265.89652
A93: 6.5 | D93: VIDROS | I93: 2280.14 | J93: 0.0016275089 | N93: =SUM(N94:N95) -> 2530.7389
A94: 6.5.1 | B94: C4949 | C94: SEINFRA | D94: VIDRO TEMPERADO INCOLOR C/MASSA E=6MM, COLOCADO | E94: m² | F94: 1.98 | G94: 196.85 | H94: 241.08 | I94: 477.33 | J94: 0.00034070664 | K94: =H94 -> 241.08 | L94: =K94*10.99% -> 26.494692 | M94: =K94+L94 -> 267.57469 | N94: =F94*M94 -> 529.79789
A95: 6.5.2 | B95: C4835 | C95: SEINFRA | D95: ESPELHO CRISTAL, ESPESSURA 4MM, COM PARAFUSOS DE FIXAÇÃO, SEM MOLDURA | E95: m² | F95: 4.4 | G95: 334.56 | H95: 409.73 | I95: 1802.81 | J95: 0.0012868023 | K95: =H95 -> 409.73 | L95: =K95*10.99% -> 45.029327 | M95: =K95+L95 -> 454.75933 | N95: =F95*M95 -> 2000.941
A96: 7 | D96: SISTEMAS DE COBERTURA | I96: 219581.14 | J96: 0.15673172 | N96: =SUM(N97:N104) -> 243713.14
A97: 7.1 | B97: 92550 | C97: SINAPI | D97: FABRICAÇÃO E INSTALAÇÃO DE TESOURA INTEIRA EM MADEIRA NÃO APARELHADA, VÃO DE 8 M, PARA TELHA CERÂMICA OU DE CONCRETO, INCLUSO IÇAMENTO. AF_07/2019 | E97: UN | F97: 23 | G97: 1418.51 | H97: 1737.24 | I97: 39956.52 | J97: 0.02852 | K97: =H97 -> 1737.24 | L97: =K97*10.99% -> 190.92268 | M97: =K97+L97 -> 1928.1627 | N97: =F97*M97 -> 44347.742
A98: 7.2 | B98: 92549 | C98: SINAPI | D98: FABRICAÇÃO E INSTALAÇÃO DE TESOURA INTEIRA EM MADEIRA NÃO APARELHADA, VÃO DE 7 M, PARA TELHA CERÂMICA OU DE CONCRETO, INCLUSO IÇAMENTO. AF_07/2019 | E98: UN | F98: 10 | G98: 1151.54 | H98: 1410.29 | I98: 14102.9 | J98: 0.01006631 | K98: =H98 -> 1410.29 | L98: =K98*10.99% -> 154.99087 | M98: =K98+L98 -> 1565.2809 | N98: =F98*M98 -> 15652.809
A99: 7.3 | B99: 92548 | C99: SINAPI | D99: FABRICAÇÃO E INSTALAÇÃO DE TESOURA INTEIRA EM MADEIRA NÃO APARELHADA, VÃO DE 6 M, PARA TELHA CERÂMICA OU DE CONCRETO, INCLUSO IÇAMENTO. AF_07/2019 | E99: UN | F99: 6 | G99: 916.15 | H99: 1122 | I99: 6732 | J99: 0.0048051392 | K99: =H99 -> 1122 | L99: =K99*10.99% -> 123.3078 | M99: =K99+L99 -> 1245.3078 | N99: =F99*M99 -> 7471.8468
A100: 7.4 | B100: 92584 | C100: SINAPI | D100: FABRICAÇÃO E INSTALAÇÃO DE TESOURA INTEIRA EM AÇO, VÃO DE 4 M, PARA TELHA CERÂMICA OU DE CONCRETO, INCLUSO IÇAMENTO. AF_12/2015 | E100: UN | F100: 6 | G100: 676.62 | H100: 828.65 | I100: 4971.9 | J100: 0.0035488223 | K100: =H100 -> 828.65 | L100: =K100*10.99% -> 91.068635 | M100: =K100+L100 -> 919.71863 | N100: =F100*M100 -> 5518.3118
A101: 7.5 | B101: 92540 | C101: SINAPI | D101: TRAMA DE MADEIRA COMPOSTA POR RIPAS, CAIBROS E TERÇAS PARA TELHADOS DE MAIS QUE 2 ÁGUAS PARA TELHA DE ENCAIXE DE CERÂMICA OU DE CONCRETO, INCLUSO TRANSPORTE VERTICAL. AF_07/2019 | E101: m² | F101: 1189.68 | G101: 52.52 | H101: 64.32 | I101: 76520.21 | J101: 0.05461828 | K101: =H101 -> 64.32 | L101: =K101*10.99% -> 7.068768 | M101: =K101+L101 -> 71.388768 | N101: =F101*M101 -> 84929.79
...
